Workbook

Sheet Déboursé
A1: DEBOURSE | H1: =A1 -> DEBOURSE | N1: Acier HA | O1: KG | P1: 1.15 | R1: 01 - AIN | S1: U | T1: 750 | W1: About de voile 06x35 en 6 ml 13.20 Kg/pc | X1: KG | Y1: 1.13
A2: Désignation | B2: Quantitée | C2: Unité | D2: Prix unitaire | E2: TOTAL H.T. | H2: Désignation | I2: Quantitée | J2: Unité | K2: Prix unitaire | L2: TOTAL H.T. | N2: Acier relevage 02.5T Frimeda | O2: U | P2: 1.7 | R2: 02 - AISNE | S2: U | T2: 730 | W2: About de voile 08x30 en 3 ml 6.60 Kg/pc | X2: KG | Y2: 1.27
A3: BAN 14N XC3 XF1 C40/50 | B3: 10 | C3: =LOOKUP($A$3:$A$16,article!C7:E2418) -> M3 | D3: 123 | E3: =B3*D3 -> 1230 | H3: =A3 -> BAN 14N XC3 XF1 C40/50 | I3: =B3 -> 10 | J3: =C3 -> M3 | K3: =D3 -> 123 | L3: =I3*K3 -> 1230 | N3: Acier relevage 05T Frimeda | O3: U | P3: 2 | R3: 03 - ALLIER | S3: U | T3: 580 | W3: About de voile 10x45 en 3 ml 6.60 Kg/pc | X3: KG | Y3: 1.11
A4: Armatures assemblées industriel | B4: 260 | C4: =LOOKUP($A$3:$A$16,article!C8:E2419) -> KG | D4: 1.2 | E4: =B4*D4 -> 312 | H4: =A4 -> Armatures assemblées industriel | I4: =B4 -> 260 | J4: =C4 -> KG | K4: =D4 -> 1.2 | L4: =I4*K4 -> 312 | N4: Acier relevage 10T Frimeda | O4: U | P4: 4.2 | R4: 04 - ALPES HAUTE PROVENCE | S4: U | T4: 1150 | W4: Acier de relevage Frimeda 02T5 | X4: U | Y4: 1.7
A5: TS | B5: 0 | C5: =LOOKUP($A$3:$A$16,article!C9:E2420) -> U | D5: =LOOKUP($A$3:$A$16,article!C:C,article!M:M) -> 10.9 | E5: =B5*D5 -> 0 | H5: =A5 -> TS | I5: =B5 -> 0 | J5: =C5 -> U | K5: =D5 -> 10.9 | L5: =I5*K5 -> 0 | N5: Ancre Artéon 01.3T | O5: U | P5: 2 | R5: 05 - ALPES HAUTES | S5: U | T5: 1150 | W5: Acier de relevage Frimeda 05T | X5: U | Y5: 1.99
A6: HCA | B6: 5 | C6: =LOOKUP($A$3:$A$16,article!C10:E2421) -> U | D6: 1.2 | E6: =B6*D6 -> 6 | H6: =A6 -> HCA | I6: =B6 -> 5 | J6: =C6 -> U | K6: =D6 -> 1.2 | L6: =I6*K6 -> 6 | N6: Ancre Artéon 02.5T | O6: U | P6: 3 | R6: 06 - ALPES MARITIMES | S6: U | T6: 1410 | W6: Acier de relevage Frimeda 10T | X6: U | Y6: 4.33
A7: Ecarteur de nappe | B7: 0 | C7: =LOOKUP($A$3:$A$16,article!C11:E2422) -> ML | D7: =LOOKUP($A$3:$A$16,article!C:C,article!M:M) -> 0.82 | E7: =B7*D7 -> 0 | H7: =A7 -> Ecarteur de nappe | I7: =B7 -> 0 | J7: =C7 -> ML | K7: =D7 -> 0.82 | L7: =I7*K7 -> 0 | N7: Ancre Artéon 05T | O7: U | P7: 3.5 | R7: 07 - ARDECHE | S7: U | T7: 900 | W7: Aciers HA | X7: KG | Y7: 1.1
A8: ANCRE A PIED 2T5/ LG 170MM SAC DE 100 | B8: 0 | C8: =LOOKUP($A$3:$A$16,article!C12:E2423) -> U | D8: =LOOKUP($A$3:$A$16,article!C:C,article!M:M) -> 0.55 | E8: =B8*D8 -> 0 | H8: =A8 -> ANCRE A PIED 2T5/ LG 170MM SAC DE 100 | I8: =B8 -> 0 | J8: =C8 -> U | K8: =D8 -> 0.55 | L8: =I8*K8 -> 0 | N8: Ancre Artéon 10T | O8: U | P8: 4 | R8: 08 - ARDENNES | S8: U | T8: 880 | W8: Ancre a oeil 01T3 / lg 050 mm | X8: U | Y8: 0.39
A9: ANCRE A PIED 1T3 / LG 170 MM SAC DE 100 | B9: 40 | C9: =LOOKUP($A$3:$A$16,article!C13:E2424) -> U | D9: 3 | E9: =B9*D9 -> 120 | H9: =A9 -> ANCRE A PIED 1T3 / LG 170 MM SAC DE 100 | I9: =B9 -> 40 | J9: =C9 -> U | K9: =D9 -> 3 | L9: =I9*K9 -> 120 | N9: Ancre Artéon 15T | O9: U | P9: 6 | R9: 09 - ARIEGE | S9: U | T9: 940 | W9: Ancre a oeil 01T3 / lg 065 mm | X9: U | Y9: 0.39
A10: Ancre Artéon 10T | B10: 0 | C10: =LOOKUP($A$3:$A$16,article!C14:E2425) -> U | D10: =LOOKUP($A$3:$A$16,article!C:C,article!M:M) -> 8.14 | E10: =B10*D10 -> 0 | H10: =A10 -> Ancre Artéon 10T | I10: =B10 -> 0 | J10: =C10 -> U | K10: =D10 -> 8.14 | L10: =I10*K10 -> 0 | N10: Ancre Artéon 20T | O10: U | P10: 10 | R10: 10 - AUBE | S10: U | T10: 765 | W10: Ancre a oeil 02T5 / lg 090 mm | X10: U | Y10: 0.56
A11: Crochet de levage ordinaire | B11: 0 | C11: =LOOKUP($A$3:$A$16,article!C15:E2426) -> U | D11: =LOOKUP($A$3:$A$16,article!C:C,article!M:M) -> 7.15 | E11: =B11*D11 -> 0 | H11: =A11 -> Crochet de levage ordinaire | I11: =B11 -> 0 | J11: =C11 -> U | K11: =D11 -> 7.15 | L11: =I11*K11 -> 0 | N11: Ancre Frimeda 02.5T | O11: U | P11: 3.5 | R11: 11 - AUDE | S11: U | T11: 1000 | W11: Ancre a oeil 02T5 / lg 120 mm | X11: U | Y11: 1.4
A12: Douilles 2 T | B12: 10 | C12: =LOOKUP($A$3:$A$16,article!C16:E2427) -> U | D12: =LOOKUP($A$3:$A$16,article!C:C,article!M:M) -> 7.37 | E12: =B12*D12 -> 73.7 | H12: =A12 -> Douilles 2 T | I12: =B12 -> 10 | J12: =C12 -> U | K12: =D12 -> 7.37 | L12: =I12*K12 -> 73.7 | N12: Ancre Frimeda 05T | O12: U | P12: 6.5 | R12: 12 - AVEYRON | S12: U | T12: 881 | W12: Ancre a oeil 05T / lg 090 mm | X12: U | Y12: 1.12
A13: Métal déployé | B13: 0 | C13: =LOOKUP($A$3:$A$16,article!C17:E2428) -> U | D13: =LOOKUP($A$3:$A$16,article!C:C,article!M:M) -> 0 | E13: =B13*D13 -> 0 | H13: =A13 -> Métal déployé | I13: =B13 -> 0 | J13: =C13 -> U | K13: =D13 -> 0 | L13: =I13*K13 -> 0 | N13: Ancre Frimeda 10T | O13: U | P13: 15 | R13: 13 - BOUCHES DU RHONE | S13: U | T13: 1150 | W13: Ancre a oeil 10T / lg 115 mm | X13: U | Y13: 2.48
A14: Boite d'attente Ø6 ou Ø8 | B14: 0 | C14: =LOOKUP($A$3:$A$16,article!C18:E2429) -> ML | D14: =LOOKUP($A$3:$A$16,article!C:C,article!M:M) -> 2.44 | E14: =B14*D14 -> 0 | H14: =A14 -> Boite d'attente Ø6 ou Ø8 | I14: =B14 -> 0 | J14: =C14 -> ML | K14: =D14 -> 2.44 | L14: =I14*K14 -> 0 | N14: Ankrobox Ø40 mm | O14: ML | P14: 3 | R14: 14 - CALVADOS | S14: U | T14: 600 | W14: Ancre a oeil 10T / lg 180 mm | X14: U | Y14: 2.94
A15: TUBE DIAM 50 X 2 | B15: 0 | C15: =LOOKUP($A$3:$A$16,article!C19:E2430) -> ML | D15: =LOOKUP($A$3:$A$16,article!C:C,article!M:M) -> 2.31 | E15: =B15*D15 -> 0 | H15: =A15 -> TUBE DIAM 50 X 2 | I15: =B15 -> 0 | J15: =C15 -> ML | K15: =D15 -> 2.31 | L15: =I15*K15 -> 0 | N15: Ankrobox Ø50 mm | O15: ML | P15: 3 | R15: 14 - CANTAL | S15: U | T15: 695 | W15: Ancre a oeil 20T / lg 250 mm | X15: U | Y15: 9.95
A16: Contreplaqué | B16: 20 | C16: M2 | D16: 20 | E16: =B16*D16 -> 400 | H16: =A16 -> Contreplaqué | I16: =B16 -> 20 | J16: =C16 -> M2 | K16: =D16 -> 20 | L16: =I16*K16 -> 400 | N16: Ankrobox Ø60 mm | O16: ML | P16: 4 | R16: 16 - CHARENTE | S16: U | T16: 400 | W16: Ancre a pied 01T3 / lg 035 mm | X16: U | Y16: 0.26
A17: TOTAL HORS BENEFICE | D17: 0 | E17: =SUM(E3:E16) -> 2141.7 | H17: TOTAL HORS BENEFICE | K17: 0 | L17: =SUM(L3:L16) -> 2141.7 | N17: Ankrobox Ø80 mm | O17: ML | P17: 5 | R17: 17 - CHARENTE MARITIME | S17: U | T17: 400 | W17: Ancre a pied 01T3 / lg 050 mm | X17: U | Y17: 0.39
A18: Marge | B18: 30 | C18: % | D18: 0 | E18: =E17*B18/100 -> 642.51 | F18: =IF(E24=0,"",E18/E24) -> 0.2108865 | H18: Marge | I18: =(M18/(1-M18))/(L17/(L17+SUM(L20:L23))) -> 0.20530969 | J18: % | K18: 0 | L18: =L17*I18 -> 439.71176 | M18: 0.15 | N18: Ankrobox Ø95 mm | O18: ML | P18: 6.5 | R18: 18 - CHER | S18: U | T18: 500 | W18: Ancre a pied 01T3 / lg 065 mm | X18: U | Y18: 0
E19: =E17+E18 -> 2784.21 | L19: =L17+L18 -> 2581.4118 | N19: Ankromur avec crochets | O19: ML | P19: 6 | R19: 19 - CORREZE | S19: U | T19: 558 | W19: Ancre a pied 01T3 / lg 085 mm | X19: U | Y19: 0.36
A20: M.O. | B20: 3 | C20: U | D20: 87.5 | E20: =B20*D20 -> 262.5 | H20: =A20 -> M.O. | I20: =B20 -> 3 | J20: =C20 -> U | K20: =D20 -> 87.5 | L20: =I20*K20 -> 262.5 | N20: Béton | O20: M3 | P20: 110 | R20: 20 - CORSE | S20: U | T20: 0 | W20: Ancre a pied 01T3 / lg 120 mm | X20: U | Y20: 0.38
A21: Coffrage | B21: 0 | C21: U | D21: 87.5 | E21: =B21*D21 -> 0 | H21: =A21 -> Coffrage | I21: 1 | J21: =C21 -> U | K21: =D21 -> 87.5 | L21: =I21*K21 -> 87.5 | N21: Boite d'attente Ø6 ou Ø8 | O21: ML | P21: 4 | R21: 21 - COTE D'OR | S21: U | T21: 750 | W21: Ancre a pied 01T3 / lg 170 mm | X21: U | Y21: 0.54
A22: Finition | B22: 0 | C22: U | D22: 87.5 | E22: =B22*D22 -> 0 | H22: =A22 -> Finition | I22: =B22 -> 0 | J22: =C22 -> U | K22: =D22 -> 87.5 | L22: =I22*K22 -> 0 | N22: Bouchon Ankrobox Ø40 mm | O22: U | P22: 0.15 | R22: 22 - COTES D'ARMOR | S22: U | T22: 560 | W22: Ancre a pied 01T3 / lg 240 mm | X22: U | Y22: 0.63
A23: 01 - AIN | B23: 0 | C23: =LOOKUP(A23,R:S) -> U | D23: =LOOKUP(A23,R:R,T:T) -> 750 | E23: =B23*D23 -> 0 | H23: =A23 -> 01 - AIN | I23: =B23 -> 0 | J23: =C23 -> U | K23: =D23 -> 750 | L23: =I23*K23 -> 0 | N23: Bouchon Ankrobox Ø50 mm | O23: U | P23: 0.2 | R23: 23 - CREUSE | S23: U | T23: 550 | W23: Ancre a pied 02T5 / lg 055 mm | X23: U | Y23: 0.48
A24: TOTAL H.T. | E24: =SUM(E19:E23) -> 3046.71 | H24: TOTAL H.T. | L24: =SUM(L19:L23) -> 2931.4118 | M24: =L18/L24 -> 0.15 | N24: Bouchon Ankrobox Ø60 mm | O24: U | P24: 0.25 | R24: 24 - DORDOGNE | S24: U | T24: 550 | W24: Ancre a pied 02T5 / lg 085 mm | X24: U | Y24: 0.54
A25: ML | B25: 0 | E25: =E24/B25 -> #DIV/0! | H25: ML | I25: =B25 -> 0 | L25: =L24/I25 -> #DIV/0! | N25: Bouchon Ankrobox Ø80 mm | O25: U | P25: 0.5 | R25: 25 - DOUBS | S25: U | T25: 900 | W25: Ancre a pied 02T5 / lg 120 mm | X25: U | Y25: 0.51
A26: U | B26: =B6 -> 5 | E26: =E24/B26 -> 609.342 | H26: U | I26: =B26 -> 5 | L26: =L24/I26 -> 586.28235 | N26: Contreplaqué | O26: M2 | P26: 20 | R26: 26 - DROME | S26: U | T26: 1000 | W26: Ancre a pied 02T5 / lg 170 mm | X26: U | Y26: 0.59
A27: M3 | B27: =B3 -> 10 | E27: =E24/B27 -> 304.671 | H27: M3 | I27: =B27 -> 10 | L27: =L24/I27 -> 293.14118 | N27: Coupleurs Ø12 femele | O27: U | P27: 5 | R27: 27 - EURE | S27: U | T27: 559 | W27: Ancre a pied 02T5 / lg 280 mm | X27: U | Y27: 0.9
A28: M² | B28: 0 | E28: =E24/B28 -> #DIV/0! | H28: M² | I28: =B28 -> 0 | L28: =L24/I28 -> #DIV/0! | N28: Coupleurs Ø12 mâle | O28: U | P28: 4 | R28: 28 - EURE ET LOIRE | S28: U | T28: 540 | W28: Ancre a pied 05T / lg 095 mm | X28: U | Y28: 0.96
N29: Coupleurs Ø14 femele | O29: U | P29: 9 | R29: 29 - FINISTERE | S29: U | T29: 620 | W29: Ancre a pied 05T / lg 120 mm | X29: U | Y29: 0.98
N30: Coupleurs Ø14 mâle | O30: U | P30: 7 | R30: 30 - GARD | S30: U | T30: 1090 | W30: Ancre a pied 05T / lg 180 mm | X30: U | Y30: 1.19
N31: Coupleurs Ø16 femele | O31: U | P31: 5 | R31: 31 - GARONNE | S31: U | T31: 780 | W31: Ancre a pied 05T / lg 240 mm | X31: U | Y31: 1.35
N32: Coupleurs Ø16 mâle | O32: U | P32: 5 | R32: 32 - GERS | S32: U | T32: 750 | W32: Ancre a pied 05T / lg 340 mm | X32: U | Y32: 1.79
N33: Coupleurs Ø20 femele | O33: U | P33: 18 | R33: 33 - GIRONDE | S33: U | T33: 500 | W33: Ancre a pied 07.5T / lg 100 mm | X33: U | Y33: 1.45
N34: Coupleurs Ø20 mâle | O34: U | P34: 13 | R34: 34 - HERAULT | S34: U | T34: 950 | W34: Ancre a pied 10T / lg 120 mm | X34: U | Y34: 2.16
N35: Crochet de levage ordinaire | O35: U | P35: 3 | R35: 35 - ILLE ET VILAINE | S35: U | T35: 430 | W35: Ancre a pied 10T / lg 150 mm | X35: U | Y35: 2.29
N36: Douilles 1 T | O36: U | P36: 2 | R36: 36 - INDRE | S36: U | T36: 490 | W36: Ancre a pied 10T / lg 170 mm | X36: U | Y36: 2.72
N37: Douilles 2 T | O37: U | P37: 3 | R37: 37 - INDRE ET LOIRE | S37: U | T37: 410 | W37: Ancre a pied 10T / lg 340 mm | X37: U | Y37: 3.52
N38: Douilles BT Innovation | O38: U | P38: 3 | R38: 38 - ISERE | S38: U | T38: 850 | W38: Ancre a pied 15T / lg 165 mm | X38: U | Y38: 3.77
N39: Ecarteur de nappe | O39: ML | P39: 2 | R39: 39 - JURA | S39: U | T39: 850 | W39: Ancre a pied 15T / lg 300 mm | X39: U | Y39: 7.2
N40: Echelle | O40: U | P40: 150 | R40: 40 - LANDES | S40: U | T40: 650 | W40: Ancre a pied 20T / lg 200 mm | X40: U | Y40: 6.91
... N47: Joint Butyl | O47: ML | P47: 6 | R47: 47 - LOT ET GARONNE | S47: U | T47: 610 | W47: Ankrobox Ø40 mm lg 2.5ml | X47: ML | Y47: 2.63
N48: Joint Forsheda | O48: U | R48: 48 - LOZERE | S48: U | T48: 950 | W48: Ankrobox Ø50 mm lg 2.5ml | X48: ML | Y48: 2.57
N49: Joint RubberElast | O49: ML | P49: 6.5 | R49: 49 - MAINE ET LOIRE | S49: U | T49: 400 | W49: Ankrobox Ø65 mm lg 2.5ml | X49: ML | Y49: 3.19
N50: Manchon PVC | O50: ML | R50: 50 - MANCHE | S50: U | T50: 750 | W50: Ankrobox Ø80 mm lg 2.5ml | X50: ML | Y50: 3.94
N51: Manchon TPC | O51: M | R51: 51 - MARNE | S51: U | T51: 840 | W51: Ankrobox Ø95 mm lg 2.5ml | X51: ML | Y51: 5.98
N52: Métal déployé | O52: ML | P52: 4 | R52: 52 - MARNE HAUTE | S52: U | T52: 860 | W52: Béton | X52: M3 | Y52: 100
N53: Nergalto | O53: M2 | P53: 3 | R53: 53 - MAYENNE | S53: U | T53: 430 | W53: Boite attente bois larg 10 HA 8 e=20 50 x Ø | X53: ML | Y53: 2.79
N54: Pins | O54: U | P54: 1.5 | R54: 54 - MEUTHE ET MOSELLE | S54: U | T54: 950 | W54: Boite attente bois larg 10 HA 8 e=25 50 x Ø | X54: ML | Y54: 2.62
N55: Poliuretanos | O55: M2 | R55: 55 - MEUSE | S55: U | T55: 920 | W55: Boite attente metal inversee larg 05 HA 08 e=15 50 x Ø | X55: ML | Y55: 7.73
N56: Polysytyrène | O56: M2 | R56: 56 - MORBIHAN | S56: U | T56: 480 | W56: Boite attente metal inversee larg 06 HA 06 e=20 | X56: ML | Y56: 4.29
N57: Potelets GC Ø42 | O57: U | P57: 0.5 | R57: 57 - MOSELLE | S57: U | T57: 950 | W57: Boite attente metal inversee larg 06 HA 06 e=24 | X57: ML | Y57: 2.34
N58: Rail Halfen 38/17 | O58: ML | P58: 8 | R58: 58 - NIEVRE | S58: U | T58: 600 | W58: Boite attente metal inversee larg 06 HA 08 e=20 etrier ht 12 cm | X58: ML | Y58: 3.49
N59: Rail Halfen 40/22 | O59: ML | R59: 59 - NORD | S59: U | T59: 900 | W59: Boite attente metal inversee larg 06 HA 08 e=24 | X59: ML | Y59: 2.9
N60: Rail Halfen 52/34 | O60: ML | P60: 40 | R60: 60 - OISE | S60: U | T60: 730 | W60: Boite attente metal inversee larg 09 HA 06 e=20 | X60: ML | Y60: 4.29
N61: Rail HTA 50/30 | O61: ML | R61: 61 - ORNE | S61: U | T61: 470 | W61: Boite attente metal inversee larg 09 HA 10 e=20 | X61: ML | Y61: 8.34
N62: Rail HTU 60x25 | O62: ML | P62: 6 | R62: 62 - PAS DE CALAIS | S62: U | T62: 900 | W62: Boite attente metal inversee larg 10 HA 08 e=20 61 x Ø | X62: ML | Y62: 3.36
N63: Rail HTU 80x25 | O63: ML | P63: 5 | R63: 63 - PUY DE DOME | S63: U | T63: 610 | W63: Boite attente metal inversee larg 10 HA 08 e=24 50 x Ø | X63: ML | Y63: 4.04
N64: Sabots 43.5 KN BT Innovation | O64: U | P64: 26 | R64: 64 - PYRENNEES ATLANTIQUES | S64: U | T64: 800 | W64: Boite attente metal inversee larg 10 HA 10 e=10 61 x Ø | X64: ML | Y64: 8.96
N65: Sabots 52.2 KN BT Innovation | O65: U | P65: 30 | R65: 65 - PYRENEES HAUTES | S65: U | T65: 860 | W65: Boite attente metal inversee larg 13 HA 08 e=20 50 x Ø | X65: ML | Y65: 5.07
N66: Tiges filetées | O66: ML | R66: 66 - PYRENEES ORIENTALES | S66: U | T66: 1090 | W66: Boite attente metal inversee larg 13 HA 08 e=24 50 x Ø | X66: ML | Y66: 4.94
N67: Treillis Soudés | O67: KG | P67: 1 | R67: 67 - RHIN BAS | S67: U | T67: 1010 | W67: Boite attente metal inversee larg 15 HA 08 e=20 50 x Ø | X67: ML | Y67: 6.41
N68: Tube PVC | O68: ML | P68: 0 | R68: 68 - RHIN HAUT | S68: U | T68: 1010 | W68: Boite attente metal larg 04,5 HA 8 e=24 / 1 fil | X68: ML | Y68: 3.18
R69: 69 - RHONE | S69: U | T69: 760 | W69: Boite attente metal larg 06 HA 06 e=20 | X69: ML | Y69: 2.75
R70: 70 - SAONE HAUTE | S70: U | T70: 900 | W70: Boite attente metal larg 06 HA 06 e=20 / 1 fil 50 x Ø | X70: ML | Y70: 2.44
R71: 71 - SAONE ET LOIRE | S71: U | T71: 750 | W71: Boite attente metal larg 06 HA 06 e=24 50 x Ø etrier ht=7cm | X71: ML | Y71: 2.55
R72: 72 - SARTHE | S72: U | T72: 450 | W72: Boite attente metal larg 06 HA 06 e=24 / 1 fil 50 x Ø | X72: ML | Y72: 1.95
R73: 73 - SAVOIE | S73: U | T73: 950 | W73: Boite attente metal larg 06 HA 08 e=15 | X73: ML | Y73: 5.42
R74: 74 - SAVOIE HAUTE | S74: U | T74: 880 | W74: Boite attente metal larg 06 HA 08 e=15 1 fil 61 x Ø | X74: ML | Y74: 3.48
R75: 75 - PARIS | S75: U | T75: 610 | W75: Boite attente metal larg 06 HA 08 e=20 ht boite comprise 11 cm | X75: ML | Y75: 3.49
R76: 76 - SEINE | S76: U | T76: 700 | W76: Boite attente metal larg 06 HA 08 e=24 / 1 fil 75 x Ø | X76: ML | Y76: 2.78
R77: 77 - SEINE ET MARNE | S77: U | T77: 610 | W77: Boite attente metal larg 06 HA 10 e=15 1 fil 40 x Ø | X77: ML | Y77: 3.48
R78: 78 - YVELINES | S78: U | T78: 610 | W78: Boite attente metal larg 06 HA 10 e=20 1 fil 50 x Ø | X78: ML | Y78: 4.75
R79: 79 - DEUX-SEVRES | S79: U | T79: 350 | W79: Boite attente metal larg 09 HA 08 e=15 50 x Ø | X79: ML | Y79: 5.22
R80: 80 - SOMME | S80: U | T80: 750 | W80: Boite attente metal larg 09 HA 08 e=20 61 x Ø | X80: ML | Y80: 5.57
... R109: ZONE 7 Normal | S109: U | T109: 360 | W109: Boite attente metal larg 18 HA 12 e=15 50 x Ø | X109: ML | Y109: 11.36
W110: Boite attente metal larg 19 HA 08 e=15 61 x Ø | X110: ML | Y110: 5.56
W111: Boite attente metal larg 19 HA 08 e=20 40 x Ø | X111: ML | Y111: 5.75
W112: Boite attente metal larg 19 HA 10 e=15 lg=1.25ml 50 x Ø | X112: ML | Y112: 9.81
W113: Boite attente metal larg 19 HA 10 e=20 40 x Ø | X113: ML | Y113: 4.99
W114: Boite attente metal larg 19 HA 10 e=24 40 x Ø | X114: ML | Y114: 6.98
W115: Boite attente metal larg 19 HA 12 e=15 40 x Ø | X115: ML | Y115: 8.1
W116: Boite attente metal larg 23 HA 08 e=15 | X116: ML | Y116: 0
W117: Boite attente metal larg 30 HA 12 e=20 50 x Ø | X117: ML | Y117: 15.49
W118: Boite attente plastique larg 10 HA 8 e=20 50 x Ø | X118: ML | Y118: 2.82
W119: Boite attente plastique larg 10 HA 8 e=25 50 x Ø | X119: ML | Y119: 2.78
W120: Boite attente polypro 06.8.200 1 fil | X120: ML | Y120: 5.67
W121: Boite attente polypro 130.10.15 40 x Ø 1 ml | X121: ML | Y121: 10.66
... W411: Tubiro Ø32 lg=3 ml | X411: ML | Y411: 0.91

Sheet Déboursé (2)
A1: DEBOURSE | H1: =A1 -> DEBOURSE | N1: Acier HA | O1: KG | P1: 1.15 | R1: 01 - AIN | S1: U | T1: 750 | W1: About de voile 06x35 en 6 ml 13.20 Kg/pc | X1: KG | Y1: 1.13
A2: Désignation | B2: Quantitée | C2: Unité | D2: Prix unitaire | E2: TOTAL H.T. | H2: Désignation | I2: Quantitée | J2: Unité | K2: Prix unitaire | L2: TOTAL H.T. | N2: Acier relevage 02.5T Frimeda | O2: U | P2: 1.7 | R2: 02 - AISNE | S2: U | T2: 730 | W2: About de voile 08x30 en 3 ml 6.60 Kg/pc | X2: KG | Y2: 1.27
A3: BAN 14N XC3 XF1 C40/50 | B3: 0 | C3: =LOOKUP($A$3:$A$16,article!C7:E2418) -> M3 | D3: 123 | E3: =B3*D3 -> 0 | H3: =A3 -> BAN 14N XC3 XF1 C40/50 | I3: =B3 -> 0 | J3: =C3 -> M3 | K3: 100 | L3: =I3*K3 -> 0 | N3: Acier relevage 05T Frimeda | O3: U | P3: 2 | R3: 03 - ALLIER | S3: U | T3: 580 | W3: About de voile 10x45 en 3 ml 6.60 Kg/pc | X3: KG | Y3: 1.11
A4: Armatures assemblées industriel | B4: 0 | C4: =LOOKUP($A$3:$A$16,article!C8:E2419) -> KG | D4: 1.2 | E4: =B4*D4 -> 0 | H4: =A4 -> Armatures assemblées industriel | I4: =B4 -> 0 | J4: =C4 -> KG | K4: =D4 -> 1.2 | L4: =I4*K4 -> 0 | N4: Acier relevage 10T Frimeda | O4: U | P4: 4.2 | R4: 04 - ALPES HAUTE PROVENCE | S4: U | T4: 1150 | W4: Acier de relevage Frimeda 02T5 | X4: U | Y4: 1.7
A5: TS | B5: 0 | C5: =LOOKUP($A$3:$A$16,article!C9:E2420) -> U | D5: =LOOKUP($A$3:$A$16,article!C:C,article!M:M) -> 10.9 | E5: =B5*D5 -> 0 | H5: =A5 -> TS | I5: =B5 -> 0 | J5: =C5 -> U | K5: =D5 -> 10.9 | L5: =I5*K5 -> 0 | N5: Ancre Artéon 01.3T | O5: U | P5: 2 | R5: 05 - ALPES HAUTES | S5: U | T5: 1150 | W5: Acier de relevage Frimeda 05T | X5: U | Y5: 1.99
A6: HCA | B6: 0 | C6: =LOOKUP($A$3:$A$16,article!C10:E2421) -> U | D6: 1.2 | E6: =B6*D6 -> 0 | H6: =A6 -> HCA | I6: =B6 -> 0 | J6: =C6 -> U | K6: =D6 -> 1.2 | L6: =I6*K6 -> 0 | N6: Ancre Artéon 02.5T | O6: U | P6: 3 | R6: 06 - ALPES MARITIMES | S6: U | T6: 1410 | W6: Acier de relevage Frimeda 10T | X6: U | Y6: 4.33
A7: Ecarteur de nappe | B7: 0 | C7: =LOOKUP($A$3:$A$16,article!C11:E2422) -> ML | D7: =LOOKUP($A$3:$A$16,article!C:C,article!M:M) -> 0.82 | E7: =B7*D7 -> 0 | H7: =A7 -> Ecarteur de nappe | I7: =B7 -> 0 | J7: =C7 -> ML | K7: =D7 -> 0.82 | L7: =I7*K7 -> 0 | N7: Ancre Artéon 05T | O7: U | P7: 3.5 | R7: 07 - ARDECHE | S7: U | T7: 900 | W7: Aciers HA | X7: KG | Y7: 1.1
A8: ANCRE A PIED 2T5/ LG 170MM SAC DE 100 | B8: 0 | C8: =LOOKUP($A$3:$A$16,article!C12:E2423) -> U | D8: =LOOKUP($A$3:$A$16,article!C:C,article!M:M) -> 0.55 | E8: =B8*D8 -> 0 | H8: =A8 -> ANCRE A PIED 2T5/ LG 170MM SAC DE 100 | I8: =B8 -> 0 | J8: =C8 -> U | K8: =D8 -> 0.55 | L8: =I8*K8 -> 0 | N8: Ancre Artéon 10T | O8: U | P8: 4 | R8: 08 - ARDENNES | S8: U | T8: 880 | W8: Ancre a oeil 01T3 / lg 050 mm | X8: U | Y8: 0.39
A9: ANCRE A PIED 1T3 / LG 170 MM SAC DE 100 | B9: 0 | C9: =LOOKUP($A$3:$A$16,article!C13:E2424) -> U | D9: =LOOKUP($A$3:$A$16,article!C:C,article!M:M) -> 0.32 | E9: =B9*D9 -> 0 | H9: =A9 -> ANCRE A PIED 1T3 / LG 170 MM SAC DE 100 | I9: =B9 -> 0 | J9: =C9 -> U | K9: =D9 -> 0.32 | L9: =I9*K9 -> 0 | N9: Ancre Artéon 15T | O9: U | P9: 6 | R9: 09 - ARIEGE | S9: U | T9: 940 | W9: Ancre a oeil 01T3 / lg 065 mm | X9: U | Y9: 0.39
A10: Ancre Artéon 10T | B10: 0 | C10: =LOOKUP($A$3:$A$16,article!C14:E2425) -> U | D10: =LOOKUP($A$3:$A$16,article!C:C,article!M:M) -> 8.14 | E10: =B10*D10 -> 0 | H10: =A10 -> Ancre Artéon 10T | I10: =B10 -> 0 | J10: =C10 -> U | K10: =D10 -> 8.14 | L10: =I10*K10 -> 0 | N10: Ancre Artéon 20T | O10: U | P10: 10 | R10: 10 - AUBE | S10: U | T10: 765 | W10: Ancre a oeil 02T5 / lg 090 mm | X10: U | Y10: 0.56
A11: Crochet de levage ordinaire | B11: 0 | C11: =LOOKUP($A$3:$A$16,article!C15:E2426) -> U | D11: =LOOKUP($A$3:$A$16,article!C:C,article!M:M) -> 7.15 | E11: =B11*D11 -> 0 | H11: =A11 -> Crochet de levage ordinaire | I11: =B11 -> 0 | J11: =C11 -> U | K11: =D11 -> 7.15 | L11: =I11*K11 -> 0 | N11: Ancre Frimeda 02.5T | O11: U | P11: 3.5 | R11: 11 - AUDE | S11: U | T11: 1000 | W11: Ancre a oeil 02T5 / lg 120 mm | X11: U | Y11: 1.4
A12: Douilles 2 T | B12: 0 | C12: =LOOKUP($A$3:$A$16,article!C16:E2427) -> U | D12: =LOOKUP($A$3:$A$16,article!C:C,article!M:M) -> 7.37 | E12: =B12*D12 -> 0 | H12: =A12 -> Douilles 2 T | I12: =B12 -> 0 | J12: =C12 -> U | K12: =D12 -> 7.37 | L12: =I12*K12 -> 0 | N12: Ancre Frimeda 05T | O12: U | P12: 6.5 | R12: 12 - AVEYRON | S12: U | T12: 881 | W12: Ancre a oeil 05T / lg 090 mm | X12: U | Y12: 1.12
A13: Métal déployé | B13: 0 | C13: =LOOKUP($A$3:$A$16,article!C17:E2428) -> U | D13: =LOOKUP($A$3:$A$16,article!C:C,article!M:M) -> 0 | E13: =B13*D13 -> 0 | H13: =A13 -> Métal déployé | I13: =B13 -> 0 | J13: =C13 -> U | K13: =D13 -> 0 | L13: =I13*K13 -> 0 | N13: Ancre Frimeda 10T | O13: U | P13: 15 | R13: 13 - BOUCHES DU RHONE | S13: U | T13: 1150 | W13: Ancre a oeil 10T / lg 115 mm | X13: U | Y13: 2.48
A14: Boite d'attente Ø6 ou Ø8 | B14: 0 | C14: =LOOKUP($A$3:$A$16,article!C18:E2429) -> ML | D14: =LOOKUP($A$3:$A$16,article!C:C,article!M:M) -> 2.44 | E14: =B14*D14 -> 0 | H14: =A14 -> Boite d'attente Ø6 ou Ø8 | I14: =B14 -> 0 | J14: =C14 -> ML | K14: =D14 -> 2.44 | L14: =I14*K14 -> 0 | N14: Ankrobox Ø40 mm | O14: ML | P14: 3 | R14: 14 - CALVADOS | S14: U | T14: 600 | W14: Ancre a oeil 10T / lg 180 mm | X14: U | Y14: 2.94
A15: TUBE DIAM 50 X 2 | B15: 0 | C15: =LOOKUP($A$3:$A$16,article!C19:E2430) -> ML | D15: =LOOKUP($A$3:$A$16,article!C:C,article!M:M) -> 2.31 | E15: =B15*D15 -> 0 | H15: =A15 -> TUBE DIAM 50 X 2 | I15: =B15 -> 0 | J15: =C15 -> ML | K15: =D15 -> 2.31 | L15: =I15*K15 -> 0 | N15: Ankrobox Ø50 mm | O15: ML | P15: 3 | R15: 14 - CANTAL | S15: U | T15: 695 | W15: Ancre a oeil 20T / lg 250 mm | X15: U | Y15: 9.95
A16: Contreplaqué | B16: 0 | C16: M2 | D16: 20 | E16: =B16*D16 -> 0 | H16: =A16 -> Contreplaqué | I16: =B16 -> 0 | J16: =C16 -> M2 | K16: =D16 -> 20 | L16: =I16*K16 -> 0 | N16: Ankrobox Ø60 mm | O16: ML | P16: 4 | R16: 16 - CHARENTE | S16: U | T16: 400 | W16: Ancre a pied 01T3 / lg 035 mm | X16: U | Y16: 0.26
A17: TOTAL HORS BENEFICE | D17: 0 | E17: =SUM(E3:E16) -> 0 | H17: TOTAL HORS BENEFICE | K17: 0 | L17: =SUM(L3:L16) -> 0 | N17: Ankrobox Ø80 mm | O17: ML | P17: 5 | R17: 17 - CHARENTE MARITIME | S17: U | T17: 400 | W17: Ancre a pied 01T3 / lg 050 mm | X17: U | Y17: 0.39
A18: Marge | B18: 30 | C18: % | D18: 0 | E18: =E17*B18/100 -> 0 | F18: =IF(E24=0,"",E18/E24) | H18: Marge | I18: =IF((L18=0),"",L18/L17*100) | J18: % | K18: 0 | L18: =L19-L17 -> 0 | M18: =IF(E24=0,"",L18/L24) | N18: Ankrobox Ø95 mm | O18: ML | P18: 6.5 | R18: 18 - CHER | S18: U | T18: 500 | W18: Ancre a pied 01T3 / lg 065 mm | X18: U | Y18: 0
E19: =E17+E18 -> 0 | L19: =L24-L21-L20-L22-L23 -> 0 | N19: Ankromur avec crochets | O19: ML | P19: 6 | R19: 19 - CORREZE | S19: U | T19: 558 | W19: Ancre a pied 01T3 / lg 085 mm | X19: U | Y19: 0.36
A20: M.O. | B20: 0 | C20: U | D20: 87.5 | E20: =B20*D20 -> 0 | H20: =A20 -> M.O. | I20: =B20 -> 0 | J20: U | K20: 85 | L20: =I20*K20 -> 0 | N20: Béton | O20: M3 | P20: 110 | R20: 20 - CORSE | S20: U | T20: 0 | W20: Ancre a pied 01T3 / lg 120 mm | X20: U | Y20: 0.38
A21: Coffrage | B21: 0 | C21: U | D21: 87.5 | E21: =B21*D21 -> 0 | H21: =A21 -> Coffrage | I21: =B21 -> 0 | J21: U | K21: 85 | L21: =I21*K21 -> 0 | N21: Boite d'attente Ø6 ou Ø8 | O21: ML | P21: 4 | R21: 21 - COTE D'OR | S21: U | T21: 750 | W21: Ancre a pied 01T3 / lg 170 mm | X21: U | Y21: 0.54
A22: Finition | B22: 0 | C22: U | D22: 87.5 | E22: =B22*D22 -> 0 | H22: =A22 -> Finition | I22: =B22 -> 0 | J22: U | K22: 85 | L22: =I22*K22 -> 0 | N22: Bouchon Ankrobox Ø40 mm | O22: U | P22: 0.15 | R22: 22 - COTES D'ARMOR | S22: U | T22: 560 | W22: Ancre a pied 01T3 / lg 240 mm | X22: U | Y22: 0.63
A23: 01 - AIN | B23: 0 | C23: =LOOKUP(A23,R:S) -> U | D23: =LOOKUP(A23,R:R,T:T) -> 750 | E23: =B23*D23 -> 0 | H23: =A23 -> 01 - AIN | I23: =B23 -> 0 | J23: U | K23: =D23 -> 750 | L23: =I23*K23 -> 0 | N23: Bouchon Ankrobox Ø50 mm | O23: U | P23: 0.2 | R23: 23 - CREUSE | S23: U | T23: 550 | W23: Ancre a pied 02T5 / lg 055 mm | X23: U | Y23: 0.48
A24: TOTAL H.T. | E24: =E19+E20+E21+E22+E23 -> 0 | H24: TOTAL H.T. | L24: =E24 -> 0 | N24: Bouchon Ankrobox Ø60 mm | O24: U | P24: 0.25 | R24: 24 - DORDOGNE | S24: U | T24: 550 | W24: Ancre a pied 02T5 / lg 085 mm | X24: U | Y24: 0.54
A25: ML | B25: 0 | E25: =E24/B25 -> #DIV/0! | H25: ML | I25: =B25 -> 0 | L25: =L24/I25 -> #DIV/0! | N25: Bouchon Ankrobox Ø80 mm | O25: U | P25: 0.5 | R25: 25 - DOUBS | S25: U | T25: 900 | W25: Ancre a pied 02T5 / lg 120 mm | X25: U | Y25: 0.51
A26: U | B26: =B6 -> 0 | E26: =E24/B26 -> #DIV/0! | H26: U | I26: =B26 -> 0 | L26: =L24/I26 -> #DIV/0! | N26: Contreplaqué | O26: M2 | P26: 20 | R26: 26 - DROME | S26: U | T26: 1000 | W26: Ancre a pied 02T5 / lg 170 mm | X26: U | Y26: 0.59
A27: M3 | B27: =B3 -> 0 | E27: =E24/B27 -> #DIV/0! | H27: M3 | I27: =B27 -> 0 | L27: =L24/I27 -> #DIV/0! | N27: Coupleurs Ø12 femele | O27: U | P27: 5 | R27: 27 - EURE | S27: U | T27: 559 | W27: Ancre a pied 02T5 / lg 280 mm | X27: U | Y27: 0.9
A28: M² | B28: 0 | E28: =E24/B28 -> #DIV/0! | H28: M² | I28: =B28 -> 0 | L28: =L24/I28 -> #DIV/0! | N28: Coupleurs Ø12 mâle | O28: U | P28: 4 | R28: 28 - EURE ET LOIRE | S28: U | T28: 540 | W28: Ancre a pied 05T / lg 095 mm | X28: U | Y28: 0.96
N29: Coupleurs Ø14 femele | O29: U | P29: 9 | R29: 29 - FINISTERE | S29: U | T29: 620 | W29: Ancre a pied 05T / lg 120 mm | X29: U | Y29: 0.98
N30: Coupleurs Ø14 mâle | O30: U | P30: 7 | R30: 30 - GARD | S30: U | T30: 1090 | W30: Ancre a pied 05T / lg 180 mm | X30: U | Y30: 1.19
N31: Coupleurs Ø16 femele | O31: U | P31: 5 | R31: 31 - GARONNE | S31: U | T31: 780 | W31: Ancre a pied 05T / lg 240 mm | X31: U | Y31: 1.35
N32: Coupleurs Ø16 mâle | O32: U | P32: 5 | R32: 32 - GERS | S32: U | T32: 750 | W32: Ancre a pied 05T / lg 340 mm | X32: U | Y32: 1.79
N33: Coupleurs Ø20 femele | O33: U | P33: 18 | R33: 33 - GIRONDE | S33: U | T33: 500 | W33: Ancre a pied 07.5T / lg 100 mm | X33: U | Y33: 1.45
N34: Coupleurs Ø20 mâle | O34: U | P34: 13 | R34: 34 - HERAULT | S34: U | T34: 950 | W34: Ancre a pied 10T / lg 120 mm | X34: U | Y34: 2.16
N35: Crochet de levage ordinaire | O35: U | P35: 3 | R35: 35 - ILLE ET VILAINE | S35: U | T35: 430 | W35: Ancre a pied 10T / lg 150 mm | X35: U | Y35: 2.29
N36: Douilles 1 T | O36: U | P36: 2 | R36: 36 - INDRE | S36: U | T36: 490 | W36: Ancre a pied 10T / lg 170 mm | X36: U | Y36: 2.72
N37: Douilles 2 T | O37: U | P37: 3 | R37: 37 - INDRE ET LOIRE | S37: U | T37: 410 | W37: Ancre a pied 10T / lg 340 mm | X37: U | Y37: 3.52
N38: Douilles BT Innovation | O38: U | P38: 3 | R38: 38 - ISERE | S38: U | T38: 850 | W38: Ancre a pied 15T / lg 165 mm | X38: U | Y38: 3.77
N39: Ecarteur de nappe | O39: ML | P39: 2 | R39: 39 - JURA | S39: U | T39: 850 | W39: Ancre a pied 15T / lg 300 mm | X39: U | Y39: 7.2
N40: Echelle | O40: U | P40: 150 | R40: 40 - LANDES | S40: U | T40: 650 | W40: Ancre a pied 20T / lg 200 mm | X40: U | Y40: 6.91
... N47: Joint Butyl | O47: ML | P47: 6 | R47: 47 - LOT ET GARONNE | S47: U | T47: 610 | W47: Ankrobox Ø40 mm lg 2.5ml | X47: ML | Y47: 2.63
N48: Joint Forsheda | O48: U | R48: 48 - LOZERE | S48: U | T48: 950 | W48: Ankrobox Ø50 mm lg 2.5ml | X48: ML | Y48: 2.57
N49: Joint RubberElast | O49: ML | P49: 6.5 | R49: 49 - MAINE ET LOIRE | S49: U | T49: 400 | W49: Ankrobox Ø65 mm lg 2.5ml | X49: ML | Y49: 3.19
N50: Manchon PVC | O50: ML | R50: 50 - MANCHE | S50: U | T50: 750 | W50: Ankrobox Ø80 mm lg 2.5ml | X50: ML | Y50: 3.94
N51: Manchon TPC | O51: M | R51: 51 - MARNE | S51: U | T51: 840 | W51: Ankrobox Ø95 mm lg 2.5ml | X51: ML | Y51: 5.98
N52: Métal déployé | O52: ML | P52: 4 | R52: 52 - MARNE HAUTE | S52: U | T52: 860 | W52: Béton | X52: M3 | Y52: 100
N53: Nergalto | O53: M2 | P53: 3 | R53: 53 - MAYENNE | S53: U | T53: 430 | W53: Boite attente bois larg 10 HA 8 e=20 50 x Ø | X53: ML | Y53: 2.79
N54: Pins | O54: U | P54: 1.5 | R54: 54 - MEUTHE ET MOSELLE | S54: U | T54: 950 | W54: Boite attente bois larg 10 HA 8 e=25 50 x Ø | X54: ML | Y54: 2.62
N55: Poliuretanos | O55: M2 | R55: 55 - MEUSE | S55: U | T55: 920 | W55: Boite attente metal inversee larg 05 HA 08 e=15 50 x Ø | X55: ML | Y55: 7.73
N56: Polysytyrène | O56: M2 | R56: 56 - MORBIHAN | S56: U | T56: 480 | W56: Boite attente metal inversee larg 06 HA 06 e=20 | X56: ML | Y56: 4.29
N57: Potelets GC Ø42 | O57: U | P57: 0.5 | R57: 57 - MOSELLE | S57: U | T57: 950 | W57: Boite attente metal inversee larg 06 HA 06 e=24 | X57: ML | Y57: 2.34
N58: Rail Halfen 38/17 | O58: ML | P58: 8 | R58: 58 - NIEVRE | S58: U | T58: 600 | W58: Boite attente metal inversee larg 06 HA 08 e=20 etrier ht 12 cm | X58: ML | Y58: 3.49
N59: Rail Halfen 40/22 | O59: ML | R59: 59 - NORD | S59: U | T59: 900 | W59: Boite attente metal inversee larg 06 HA 08 e=24 | X59: ML | Y59: 2.9
N60: Rail Halfen 52/34 | O60: ML | P60: 40 | R60: 60 - OISE | S60: U | T60: 730 | W60: Boite attente metal inversee larg 09 HA 06 e=20 | X60: ML | Y60: 4.29
N61: Rail HTA 50/30 | O61: ML | R61: 61 - ORNE | S61: U | T61: 470 | W61: Boite attente metal inversee larg 09 HA 10 e=20 | X61: ML | Y61: 8.34
N62: Rail HTU 60x25 | O62: ML | P62: 6 | R62: 62 - PAS DE CALAIS | S62: U | T62: 900 | W62: Boite attente metal inversee larg 10 HA 08 e=20 61 x Ø | X62: ML | Y62: 3.36
N63: Rail HTU 80x25 | O63: ML | P63: 5 | R63: 63 - PUY DE DOME | S63: U | T63: 610 | W63: Boite attente metal inversee larg 10 HA 08 e=24 50 x Ø | X63: ML | Y63: 4.04
N64: Sabots 43.5 KN BT Innovation | O64: U | P64: 26 | R64: 64 - PYRENNEES ATLANTIQUES | S64: U | T64: 800 | W64: Boite attente metal inversee larg 10 HA 10 e=10 61 x Ø | X64: ML | Y64: 8.96
N65: Sabots 52.2 KN BT Innovation | O65: U | P65: 30 | R65: 65 - PYRENEES HAUTES | S65: U | T65: 860 | W65: Boite attente metal inversee larg 13 HA 08 e=20 50 x Ø | X65: ML | Y65: 5.07
N66: Tiges filetées | O66: ML | R66: 66 - PYRENEES ORIENTALES | S66: U | T66: 1090 | W66: Boite attente metal inversee larg 13 HA 08 e=24 50 x Ø | X66: ML | Y66: 4.94
N67: Treillis Soudés | O67: KG | P67: 1 | R67: 67 - RHIN BAS | S67: U | T67: 1010 | W67: Boite attente metal inversee larg 15 HA 08 e=20 50 x Ø | X67: ML | Y67: 6.41
N68: Tube PVC | O68: ML | P68: 0 | R68: 68 - RHIN HAUT | S68: U | T68: 1010 | W68: Boite attente metal larg 04,5 HA 8 e=24 / 1 fil | X68: ML | Y68: 3.18
R69: 69 - RHONE | S69: U | T69: 760 | W69: Boite attente metal larg 06 HA 06 e=20 | X69: ML | Y69: 2.75
R70: 70 - SAONE HAUTE | S70: U | T70: 900 | W70: Boite attente metal larg 06 HA 06 e=20 / 1 fil 50 x Ø | X70: ML | Y70: 2.44
R71: 71 - SAONE ET LOIRE | S71: U | T71: 750 | W71: Boite attente metal larg 06 HA 06 e=24 50 x Ø etrier ht=7cm | X71: ML | Y71: 2.55
R72: 72 - SARTHE | S72: U | T72: 450 | W72: Boite attente metal larg 06 HA 06 e=24 / 1 fil 50 x Ø | X72: ML | Y72: 1.95
R73: 73 - SAVOIE | S73: U | T73: 950 | W73: Boite attente metal larg 06 HA 08 e=15 | X73: ML | Y73: 5.42
R74: 74 - SAVOIE HAUTE | S74: U | T74: 880 | W74: Boite attente metal larg 06 HA 08 e=15 1 fil 61 x Ø | X74: ML | Y74: 3.48
R75: 75 - PARIS | S75: U | T75: 610 | W75: Boite attente metal larg 06 HA 08 e=20 ht boite comprise 11 cm | X75: ML | Y75: 3.49
R76: 76 - SEINE | S76: U | T76: 700 | W76: Boite attente metal larg 06 HA 08 e=24 / 1 fil 75 x Ø | X76: ML | Y76: 2.78
R77: 77 - SEINE ET MARNE | S77: U | T77: 610 | W77: Boite attente metal larg 06 HA 10 e=15 1 fil 40 x Ø | X77: ML | Y77: 3.48
R78: 78 - YVELINES | S78: U | T78: 610 | W78: Boite attente metal larg 06 HA 10 e=20 1 fil 50 x Ø | X78: ML | Y78: 4.75
R79: 79 - DEUX-SEVRES | S79: U | T79: 350 | W79: Boite attente metal larg 09 HA 08 e=15 50 x Ø | X79: ML | Y79: 5.22
R80: 80 - SOMME | S80: U | T80: 750 | W80: Boite attente metal larg 09 HA 08 e=20 61 x Ø | X80: ML | Y80: 5.57
... R109: ZONE 7 Normal | S109: U | T109: 360 | W109: Boite attente metal larg 18 HA 12 e=15 50 x Ø | X109: ML | Y109: 11.36
W110: Boite attente metal larg 19 HA 08 e=15 61 x Ø | X110: ML | Y110: 5.56
W111: Boite attente metal larg 19 HA 08 e=20 40 x Ø | X111: ML | Y111: 5.75
W112: Boite attente metal larg 19 HA 10 e=15 lg=1.25ml 50 x Ø | X112: ML | Y112: 9.81
W113: Boite attente metal larg 19 HA 10 e=20 40 x Ø | X113: ML | Y113: 4.99
W114: Boite attente metal larg 19 HA 10 e=24 40 x Ø | X114: ML | Y114: 6.98
W115: Boite attente metal larg 19 HA 12 e=15 40 x Ø | X115: ML | Y115: 8.1
W116: Boite attente metal larg 23 HA 08 e=15 | X116: ML | Y116: 0
W117: Boite attente metal larg 30 HA 12 e=20 50 x Ø | X117: ML | Y117: 15.49
W118: Boite attente plastique larg 10 HA 8 e=20 50 x Ø | X118: ML | Y118: 2.82
W119: Boite attente plastique larg 10 HA 8 e=25 50 x Ø | X119: ML | Y119: 2.78
W120: Boite attente polypro 06.8.200 1 fil | X120: ML | Y120: 5.67
W121: Boite attente polypro 130.10.15 40 x Ø 1 ml | X121: ML | Y121: 10.66
... W411: Tubiro Ø32 lg=3 ml | X411: ML | Y411: 0.91

Sheet Déboursé (3)
A1: DEBOURSE | H1: =A1 -> DEBOURSE | N1: Acier HA | O1: KG | P1: 1.15 | R1: 01 - AIN | S1: U | T1: 750 | W1: About de voile 06x35 en 6 ml 13.20 Kg/pc | X1: KG | Y1: 1.13
A2: Désignation | B2: Quantitée | C2: Unité | D2: Prix unitaire | E2: TOTAL H.T. | H2: Désignation | I2: Quantitée | J2: Unité | K2: Prix unitaire | L2: TOTAL H.T. | N2: Acier relevage 02.5T Frimeda | O2: U | P2: 1.7 | R2: 02 - AISNE | S2: U | T2: 730 | W2: About de voile 08x30 en 3 ml 6.60 Kg/pc | X2: KG | Y2: 1.27
A3: BAN 14N XC3 XF1 C40/50 | B3: 0 | C3: =LOOKUP($A$3:$A$16,article!C7:E2418) -> M3 | D3: 123 | E3: =B3*D3 -> 0 | H3: =A3 -> BAN 14N XC3 XF1 C40/50 | I3: =B3 -> 0 | J3: =C3 -> M3 | K3: 100 | L3: =I3*K3 -> 0 | N3: Acier relevage 05T Frimeda | O3: U | P3: 2 | R3: 03 - ALLIER | S3: U | T3: 580 | W3: About de voile 10x45 en 3 ml 6.60 Kg/pc | X3: KG | Y3: 1.11
A4: Armatures assemblées industriel | B4: 0 | C4: =LOOKUP($A$3:$A$16,article!C8:E2419) -> KG | D4: 1.2 | E4: =B4*D4 -> 0 | H4: =A4 -> Armatures assemblées industriel | I4: =B4 -> 0 | J4: =C4 -> KG | K4: =D4 -> 1.2 | L4: =I4*K4 -> 0 | N4: Acier relevage 10T Frimeda | O4: U | P4: 4.2 | R4: 04 - ALPES HAUTE PROVENCE | S4: U | T4: 1150 | W4: Acier de relevage Frimeda 02T5 | X4: U | Y4: 1.7
A5: TS | B5: 0 | C5: =LOOKUP($A$3:$A$16,article!C9:E2420) -> U | D5: =LOOKUP($A$3:$A$16,article!C:C,article!M:M) -> 10.9 | E5: =B5*D5 -> 0 | H5: =A5 -> TS | I5: =B5 -> 0 | J5: =C5 -> U | K5: =D5 -> 10.9 | L5: =I5*K5 -> 0 | N5: Ancre Artéon 01.3T | O5: U | P5: 2 | R5: 05 - ALPES HAUTES | S5: U | T5: 1150 | W5: Acier de relevage Frimeda 05T | X5: U | Y5: 1.99
A6: HCA | B6: 0 | C6: =LOOKUP($A$3:$A$16,article!C10:E2421) -> U | D6: 1.2 | E6: =B6*D6 -> 0 | H6: =A6 -> HCA | I6: =B6 -> 0 | J6: =C6 -> U | K6: =D6 -> 1.2 | L6: =I6*K6 -> 0 | N6: Ancre Artéon 02.5T | O6: U | P6: 3 | R6: 06 - ALPES MARITIMES | S6: U | T6: 1410 | W6: Acier de relevage Frimeda 10T | X6: U | Y6: 4.33
A7: Ecarteur de nappe | B7: 0 | C7: =LOOKUP($A$3:$A$16,article!C11:E2422) -> ML | D7: =LOOKUP($A$3:$A$16,article!C:C,article!M:M) -> 0.82 | E7: =B7*D7 -> 0 | H7: =A7 -> Ecarteur de nappe | I7: =B7 -> 0 | J7: =C7 -> ML | K7: =D7 -> 0.82 | L7: =I7*K7 -> 0 | N7: Ancre Artéon 05T | O7: U | P7: 3.5 | R7: 07 - ARDECHE | S7: U | T7: 900 | W7: Aciers HA | X7: KG | Y7: 1.1
A8: ANCRE A PIED 2T5/ LG 170MM SAC DE 100 | B8: 0 | C8: =LOOKUP($A$3:$A$16,article!C12:E2423) -> U | D8: =LOOKUP($A$3:$A$16,article!C:C,article!M:M) -> 0.55 | E8: =B8*D8 -> 0 | H8: =A8 -> ANCRE A PIED 2T5/ LG 170MM SAC DE 100 | I8: =B8 -> 0 | J8: =C8 -> U | K8: =D8 -> 0.55 | L8: =I8*K8 -> 0 | N8: Ancre Artéon 10T | O8: U | P8: 4 | R8: 08 - ARDENNES | S8: U | T8: 880 | W8: Ancre a oeil 01T3 / lg 050 mm | X8: U | Y8: 0.39
A9: ANCRE A PIED 1T3 / LG 170 MM SAC DE 100 | B9: 0 | C9: =LOOKUP($A$3:$A$16,article!C13:E2424) -> U | D9: =LOOKUP($A$3:$A$16,article!C:C,article!M:M) -> 0.32 | E9: =B9*D9 -> 0 | H9: =A9 -> ANCRE A PIED 1T3 / LG 170 MM SAC DE 100 | I9: =B9 -> 0 | J9: =C9 -> U | K9: =D9 -> 0.32 | L9: =I9*K9 -> 0 | N9: Ancre Artéon 15T | O9: U | P9: 6 | R9: 09 - ARIEGE | S9: U | T9: 940 | W9: Ancre a oeil 01T3 / lg 065 mm | X9: U | Y9: 0.39
A10: Ancre Artéon 10T | B10: 0 | C10: =LOOKUP($A$3:$A$16,article!C14:E2425) -> U | D10: =LOOKUP($A$3:$A$16,article!C:C,article!M:M) -> 8.14 | E10: =B10*D10 -> 0 | H10: =A10 -> Ancre Artéon 10T | I10: =B10 -> 0 | J10: =C10 -> U | K10: =D10 -> 8.14 | L10: =I10*K10 -> 0 | N10: Ancre Artéon 20T | O10: U | P10: 10 | R10: 10 - AUBE | S10: U | T10: 765 | W10: Ancre a oeil 02T5 / lg 090 mm | X10: U | Y10: 0.56
A11: Crochet de levage ordinaire | B11: 0 | C11: =LOOKUP($A$3:$A$16,article!C15:E2426) -> U | D11: =LOOKUP($A$3:$A$16,article!C:C,article!M:M) -> 7.15 | E11: =B11*D11 -> 0 | H11: =A11 -> Crochet de levage ordinaire | I11: =B11 -> 0 | J11: =C11 -> U | K11: =D11 -> 7.15 | L11: =I11*K11 -> 0 | N11: Ancre Frimeda 02.5T | O11: U | P11: 3.5 | R11: 11 - AUDE | S11: U | T11: 1000 | W11: Ancre a oeil 02T5 / lg 120 mm | X11: U | Y11: 1.4
A12: Douilles 2 T | B12: 0 | C12: =LOOKUP($A$3:$A$16,article!C16:E2427) -> U | D12: =LOOKUP($A$3:$A$16,article!C:C,article!M:M) -> 7.37 | E12: =B12*D12 -> 0 | H12: =A12 -> Douilles 2 T | I12: =B12 -> 0 | J12: =C12 -> U | K12: =D12 -> 7.37 | L12: =I12*K12 -> 0 | N12: Ancre Frimeda 05T | O12: U | P12: 6.5 | R12: 12 - AVEYRON | S12: U | T12: 881 | W12: Ancre a oeil 05T / lg 090 mm | X12: U | Y12: 1.12
A13: Métal déployé | B13: 0 | C13: =LOOKUP($A$3:$A$16,article!C17:E2428) -> U | D13: =LOOKUP($A$3:$A$16,article!C:C,article!M:M) -> 0 | E13: =B13*D13 -> 0 | H13: =A13 -> Métal déployé | I13: =B13 -> 0 | J13: =C13 -> U | K13: =D13 -> 0 | L13: =I13*K13 -> 0 | N13: Ancre Frimeda 10T | O13: U | P13: 15 | R13: 13 - BOUCHES DU RHONE | S13: U | T13: 1150 | W13: Ancre a oeil 10T / lg 115 mm | X13: U | Y13: 2.48
A14: Boite d'attente Ø6 ou Ø8 | B14: 0 | C14: =LOOKUP($A$3:$A$16,article!C18:E2429) -> ML | D14: =LOOKUP($A$3:$A$16,article!C:C,article!M:M) -> 2.44 | E14: =B14*D14 -> 0 | H14: =A14 -> Boite d'attente Ø6 ou Ø8 | I14: =B14 -> 0 | J14: =C14 -> ML | K14: =D14 -> 2.44 | L14: =I14*K14 -> 0 | N14: Ankrobox Ø40 mm | O14: ML | P14: 3 | R14: 14 - CALVADOS | S14: U | T14: 600 | W14: Ancre a oeil 10T / lg 180 mm | X14: U | Y14: 2.94
A15: Tiges filetées | B15: 0 | C15: =LOOKUP($A$3:$A$16,article!C19:E2430) -> U | D15: =LOOKUP($A$3:$A$16,article!C:C,article!M:M) -> 63.01 | E15: =B15*D15 -> 0 | H15: =A15 -> Tiges filetées | I15: =B15 -> 0 | J15: =C15 -> U | K15: =D15 -> 63.01 | L15: =I15*K15 -> 0 | N15: Ankrobox Ø50 mm | O15: ML | P15: 3 | R15: 14 - CANTAL | S15: U | T15: 695 | W15: Ancre a oeil 20T / lg 250 mm | X15: U | Y15: 9.95
A16: Contreplaqué | B16: 0 | C16: M2 | D16: 20 | E16: =B16*D16 -> 0 | H16: =A16 -> Contreplaqué | I16: =B16 -> 0 | J16: =C16 -> M2 | K16: =D16 -> 20 | L16: =I16*K16 -> 0 | N16: Ankrobox Ø60 mm | O16: ML | P16: 4 | R16: 16 - CHARENTE | S16: U | T16: 400 | W16: Ancre a pied 01T3 / lg 035 mm | X16: U | Y16: 0.26
A17: TOTAL HORS BENEFICE | D17: 0 | E17: =SUM(E3:E16) -> 0 | H17: TOTAL HORS BENEFICE | K17: 0 | L17: =SUM(L3:L16) -> 0 | N17: Ankrobox Ø80 mm | O17: ML | P17: 5 | R17: 17 - CHARENTE MARITIME | S17: U | T17: 400 | W17: Ancre a pied 01T3 / lg 050 mm | X17: U | Y17: 0.39
A18: Marge | B18: 30 | C18: % | D18: 0 | E18: =E17*B18/100 -> 0 | F18: =IF(E24=0,"",E18/E24) | H18: Marge | I18: =IF((L18=0),"",L18/L17*100) | J18: % | K18: 0 | L18: =L19-L17 -> 0 | M18: =IF(E24=0,"",L18/L24) | N18: Ankrobox Ø95 mm | O18: ML | P18: 6.5 | R18: 18 - CHER | S18: U | T18: 500 | W18: Ancre a pied 01T3 / lg 065 mm | X18: U | Y18: 0
E19: =E17+E18 -> 0 | L19: =L24-L21-L20-L22-L23 -> 0 | N19: Ankromur avec crochets | O19: ML | P19: 6 | R19: 19 - CORREZE | S19: U | T19: 558 | W19: Ancre a pied 01T3 / lg 085 mm | X19: U | Y19: 0.36
A20: M.O. | B20: 0 | C20: U | D20: 87.5 | E20: =B20*D20 -> 0 | H20: =A20 -> M.O. | I20: =B20 -> 0 | J20: U | K20: 85 | L20: =I20*K20 -> 0 | N20: Béton | O20: M3 | P20: 110 | R20: 20 - CORSE | S20: U | T20: 0 | W20: Ancre a pied 01T3 / lg 120 mm | X20: U | Y20: 0.38
A21: Coffrage | B21: 0 | C21: U | D21: 87.5 | E21: =B21*D21 -> 0 | H21: =A21 -> Coffrage | I21: =B21 -> 0 | J21: U | K21: 85 | L21: =I21*K21 -> 0 | N21: Boite d'attente Ø6 ou Ø8 | O21: ML | P21: 4 | R21: 21 - COTE D'OR | S21: U | T21: 750 | W21: Ancre a pied 01T3 / lg 170 mm | X21: U | Y21: 0.54
A22: Finition | B22: 0 | C22: U | D22: 87.5 | E22: =B22*D22 -> 0 | H22: =A22 -> Finition | I22: =B22 -> 0 | J22: U | K22: 85 | L22: =I22*K22 -> 0 | N22: Bouchon Ankrobox Ø40 mm | O22: U | P22: 0.15 | R22: 22 - COTES D'ARMOR | S22: U | T22: 560 | W22: Ancre a pied 01T3 / lg 240 mm | X22: U | Y22: 0.63
A23: 01 - AIN | B23: 0 | C23: =LOOKUP(A23,R:S) -> U | D23: =LOOKUP(A23,R:R,T:T) -> 750 | E23: =B23*D23 -> 0 | H23: =A23 -> 01 - AIN | I23: =B23 -> 0 | J23: U | K23: =D23 -> 750 | L23: =I23*K23 -> 0 | N23: Bouchon Ankrobox Ø50 mm | O23: U | P23: 0.2 | R23: 23 - CREUSE | S23: U | T23: 550 | W23: Ancre a pied 02T5 / lg 055 mm | X23: U | Y23: 0.48
A24: TOTAL H.T. | E24: =E19+E20+E21+E22+E23 -> 0 | H24: TOTAL H.T. | L24: =E24 -> 0 | N24: Bouchon Ankrobox Ø60 mm | O24: U | P24: 0.25 | R24: 24 - DORDOGNE | S24: U | T24: 550 | W24: Ancre a pied 02T5 / lg 085 mm | X24: U | Y24: 0.54
A25: ML | B25: 0 | E25: =E24/B25 -> #DIV/0! | H25: ML | I25: =B25 -> 0 | L25: =L24/I25 -> #DIV/0! | N25: Bouchon Ankrobox Ø80 mm | O25: U | P25: 0.5 | R25: 25 - DOUBS | S25: U | T25: 900 | W25: Ancre a pied 02T5 / lg 120 mm | X25: U | Y25: 0.51
A26: U | B26: =B6 -> 0 | E26: =E24/B26 -> #DIV/0! | H26: U | I26: =B26 -> 0 | L26: =L24/I26 -> #DIV/0! | N26: Contreplaqué | O26: M2 | P26: 20 | R26: 26 - DROME | S26: U | T26: 1000 | W26: Ancre a pied 02T5 / lg 170 mm | X26: U | Y26: 0.59
A27: M3 | B27: =B3 -> 0 | E27: =E24/B27 -> #DIV/0! | H27: M3 | I27: =B27 -> 0 | L27: =L24/I27 -> #DIV/0! | N27: Coupleurs Ø12 femele | O27: U | P27: 5 | R27: 27 - EURE | S27: U | T27: 559 | W27: Ancre a pied 02T5 / lg 280 mm | X27: U | Y27: 0.9
A28: M² | B28: 0 | E28: =E24/B28 -> #DIV/0! | H28: M² | I28: =B28 -> 0 | L28: =L24/I28 -> #DIV/0! | N28: Coupleurs Ø12 mâle | O28: U | P28: 4 | R28: 28 - EURE ET LOIRE | S28: U | T28: 540 | W28: Ancre a pied 05T / lg 095 mm | X28: U | Y28: 0.96
N29: Coupleurs Ø14 femele | O29: U | P29: 9 | R29: 29 - FINISTERE | S29: U | T29: 620 | W29: Ancre a pied 05T / lg 120 mm | X29: U | Y29: 0.98
N30: Coupleurs Ø14 mâle | O30: U | P30: 7 | R30: 30 - GARD | S30: U | T30: 1090 | W30: Ancre a pied 05T / lg 180 mm | X30: U | Y30: 1.19
N31: Coupleurs Ø16 femele | O31: U | P31: 5 | R31: 31 - GARONNE | S31: U | T31: 780 | W31: Ancre a pied 05T / lg 240 mm | X31: U | Y31: 1.35
N32: Coupleurs Ø16 mâle | O32: U | P32: 5 | R32: 32 - GERS | S32: U | T32: 750 | W32: Ancre a pied 05T / lg 340 mm | X32: U | Y32: 1.79
N33: Coupleurs Ø20 femele | O33: U | P33: 18 | R33: 33 - GIRONDE | S33: U | T33: 500 | W33: Ancre a pied 07.5T / lg 100 mm | X33: U | Y33: 1.45
N34: Coupleurs Ø20 mâle | O34: U | P34: 13 | R34: 34 - HERAULT | S34: U | T34: 950 | W34: Ancre a pied 10T / lg 120 mm | X34: U | Y34: 2.16
N35: Crochet de levage ordinaire | O35: U | P35: 3 | R35: 35 - ILLE ET VILAINE | S35: U | T35: 430 | W35: Ancre a pied 10T / lg 150 mm | X35: U | Y35: 2.29
N36: Douilles 1 T | O36: U | P36: 2 | R36: 36 - INDRE | S36: U | T36: 490 | W36: Ancre a pied 10T / lg 170 mm | X36: U | Y36: 2.72
N37: Douilles 2 T | O37: U | P37: 3 | R37: 37 - INDRE ET LOIRE | S37: U | T37: 410 | W37: Ancre a pied 10T / lg 340 mm | X37: U | Y37: 3.52
N38: Douilles BT Innovation | O38: U | P38: 3 | R38: 38 - ISERE | S38: U | T38: 850 | W38: Ancre a pied 15T / lg 165 mm | X38: U | Y38: 3.77
N39: Ecarteur de nappe | O39: ML | P39: 2 | R39: 39 - JURA | S39: U | T39: 850 | W39: Ancre a pied 15T / lg 300 mm | X39: U | Y39: 7.2
N40: Echelle | O40: U | P40: 150 | R40: 40 - LANDES | S40: U | T40: 650 | W40: Ancre a pied 20T / lg 200 mm | X40: U | Y40: 6.91
... N47: Joint Butyl | O47: ML | P47: 6 | R47: 47 - LOT ET GARONNE | S47: U | T47: 610 | W47: Ankrobox Ø40 mm lg 2.5ml | X47: ML | Y47: 2.63
N48: Joint Forsheda | O48: U | R48: 48 - LOZERE | S48: U | T48: 950 | W48: Ankrobox Ø50 mm lg 2.5ml | X48: ML | Y48: 2.57
N49: Joint RubberElast | O49: ML | P49: 6.5 | R49: 49 - MAINE ET LOIRE | S49: U | T49: 400 | W49: Ankrobox Ø65 mm lg 2.5ml | X49: ML | Y49: 3.19
N50: Manchon PVC | O50: ML | R50: 50 - MANCHE | S50: U | T50: 750 | W50: Ankrobox Ø80 mm lg 2.5ml | X50: ML | Y50: 3.94
N51: Manchon TPC | O51: M | R51: 51 - MARNE | S51: U | T51: 840 | W51: Ankrobox Ø95 mm lg 2.5ml | X51: ML | Y51: 5.98
N52: Métal déployé | O52: ML | P52: 4 | R52: 52 - MARNE HAUTE | S52: U | T52: 860 | W52: Béton | X52: M3 | Y52: 100
N53: Nergalto | O53: M2 | P53: 3 | R53: 53 - MAYENNE | S53: U | T53: 430 | W53: Boite attente bois larg 10 HA 8 e=20 50 x Ø | X53: ML | Y53: 2.79
N54: Pins | O54: U | P54: 1.5 | R54: 54 - MEUTHE ET MOSELLE | S54: U | T54: 950 | W54: Boite attente bois larg 10 HA 8 e=25 50 x Ø | X54: ML | Y54: 2.62
N55: Poliuretanos | O55: M2 | R55: 55 - MEUSE | S55: U | T55: 920 | W55: Boite attente metal inversee larg 05 HA 08 e=15 50 x Ø | X55: ML | Y55: 7.73
N56: Polysytyrène | O56: M2 | R56: 56 - MORBIHAN | S56: U | T56: 480 | W56: Boite attente metal inversee larg 06 HA 06 e=20 | X56: ML | Y56: 4.29
N57: Potelets GC Ø42 | O57: U | P57: 0.5 | R57: 57 - MOSELLE | S57: U | T57: 950 | W57: Boite attente metal inversee larg 06 HA 06 e=24 | X57: ML | Y57: 2.34
N58: Rail Halfen 38/17 | O58: ML | P58: 8 | R58: 58 - NIEVRE | S58: U | T58: 600 | W58: Boite attente metal inversee larg 06 HA 08 e=20 etrier ht 12 cm | X58: ML | Y58: 3.49
N59: Rail Halfen 40/22 | O59: ML | R59: 59 - NORD | S59: U | T59: 900 | W59: Boite attente metal inversee larg 06 HA 08 e=24 | X59: ML | Y59: 2.9
N60: Rail Halfen 52/34 | O60: ML | P60: 40 | R60: 60 - OISE | S60: U | T60: 730 | W60: Boite attente metal inversee larg 09 HA 06 e=20 | X60: ML | Y60: 4.29
N61: Rail HTA 50/30 | O61: ML | R61: 61 - ORNE | S61: U | T61: 470 | W61: Boite attente metal inversee larg 09 HA 10 e=20 | X61: ML | Y61: 8.34
N62: Rail HTU 60x25 | O62: ML | P62: 6 | R62: 62 - PAS DE CALAIS | S62: U | T62: 900 | W62: Boite attente metal inversee larg 10 HA 08 e=20 61 x Ø | X62: ML | Y62: 3.36
N63: Rail HTU 80x25 | O63: ML | P63: 5 | R63: 63 - PUY DE DOME | S63: U | T63: 610 | W63: Boite attente metal inversee larg 10 HA 08 e=24 50 x Ø | X63: ML | Y63: 4.04
N64: Sabots 43.5 KN BT Innovation | O64: U | P64: 26 | R64: 64 - PYRENNEES ATLANTIQUES | S64: U | T64: 800 | W64: Boite attente metal inversee larg 10 HA 10 e=10 61 x Ø | X64: ML | Y64: 8.96
N65: Sabots 52.2 KN BT Innovation | O65: U | P65: 30 | R65: 65 - PYRENEES HAUTES | S65: U | T65: 860 | W65: Boite attente metal inversee larg 13 HA 08 e=20 50 x Ø | X65: ML | Y65: 5.07
N66: Tiges filetées | O66: ML | R66: 66 - PYRENEES ORIENTALES | S66: U | T66: 1090 | W66: Boite attente metal inversee larg 13 HA 08 e=24 50 x Ø | X66: ML | Y66: 4.94
N67: Treillis Soudés | O67: KG | P67: 1 | R67: 67 - RHIN BAS | S67: U | T67: 1010 | W67: Boite attente metal inversee larg 15 HA 08 e=20 50 x Ø | X67: ML | Y67: 6.41
N68: Tube PVC | O68: ML | P68: 0 | R68: 68 - RHIN HAUT | S68: U | T68: 1010 | W68: Boite attente metal larg 04,5 HA 8 e=24 / 1 fil | X68: ML | Y68: 3.18
R69: 69 - RHONE | S69: U | T69: 760 | W69: Boite attente metal larg 06 HA 06 e=20 | X69: ML | Y69: 2.75
R70: 70 - SAONE HAUTE | S70: U | T70: 900 | W70: Boite attente metal larg 06 HA 06 e=20 / 1 fil 50 x Ø | X70: ML | Y70: 2.44
R71: 71 - SAONE ET LOIRE | S71: U | T71: 750 | W71: Boite attente metal larg 06 HA 06 e=24 50 x Ø etrier ht=7cm | X71: ML | Y71: 2.55
R72: 72 - SARTHE | S72: U | T72: 450 | W72: Boite attente metal larg 06 HA 06 e=24 / 1 fil 50 x Ø | X72: ML | Y72: 1.95
R73: 73 - SAVOIE | S73: U | T73: 950 | W73: Boite attente metal larg 06 HA 08 e=15 | X73: ML | Y73: 5.42
R74: 74 - SAVOIE HAUTE | S74: U | T74: 880 | W74: Boite attente metal larg 06 HA 08 e=15 1 fil 61 x Ø | X74: ML | Y74: 3.48
R75: 75 - PARIS | S75: U | T75: 610 | W75: Boite attente metal larg 06 HA 08 e=20 ht boite comprise 11 cm | X75: ML | Y75: 3.49
R76: 76 - SEINE | S76: U | T76: 700 | W76: Boite attente metal larg 06 HA 08 e=24 / 1 fil 75 x Ø | X76: ML | Y76: 2.78
R77: 77 - SEINE ET MARNE | S77: U | T77: 610 | W77: Boite attente metal larg 06 HA 10 e=15 1 fil 40 x Ø | X77: ML | Y77: 3.48
R78: 78 - YVELINES | S78: U | T78: 610 | W78: Boite attente metal larg 06 HA 10 e=20 1 fil 50 x Ø | X78: ML | Y78: 4.75
R79: 79 - DEUX-SEVRES | S79: U | T79: 350 | W79: Boite attente metal larg 09 HA 08 e=15 50 x Ø | X79: ML | Y79: 5.22
R80: 80 - SOMME | S80: U | T80: 750 | W80: Boite attente metal larg 09 HA 08 e=20 61 x Ø | X80: ML | Y80: 5.57
... R109: ZONE 7 Normal | S109: U | T109: 360 | W109: Boite attente metal larg 18 HA 12 e=15 50 x Ø | X109: ML | Y109: 11.36
W110: Boite attente metal larg 19 HA 08 e=15 61 x Ø | X110: ML | Y110: 5.56
W111: Boite attente metal larg 19 HA 08 e=20 40 x Ø | X111: ML | Y111: 5.75
W112: Boite attente metal larg 19 HA 10 e=15 lg=1.25ml 50 x Ø | X112: ML | Y112: 9.81
W113: Boite attente metal larg 19 HA 10 e=20 40 x Ø | X113: ML | Y113: 4.99
W114: Boite attente metal larg 19 HA 10 e=24 40 x Ø | X114: ML | Y114: 6.98
W115: Boite attente metal larg 19 HA 12 e=15 40 x Ø | X115: ML | Y115: 8.1
W116: Boite attente metal larg 23 HA 08 e=15 | X116: ML | Y116: 0
W117: Boite attente metal larg 30 HA 12 e=20 50 x Ø | X117: ML | Y117: 15.49
W118: Boite attente plastique larg 10 HA 8 e=20 50 x Ø | X118: ML | Y118: 2.82
W119: Boite attente plastique larg 10 HA 8 e=25 50 x Ø | X119: ML | Y119: 2.78
W120: Boite attente polypro 06.8.200 1 fil | X120: ML | Y120: 5.67
W121: Boite attente polypro 130.10.15 40 x Ø 1 ml | X121: ML | Y121: 10.66
... W411: Tubiro Ø32 lg=3 ml | X411: ML | Y411: 0.91

Sheet Déboursé (4)
A1: DEBOURSE | H1: =A1 -> DEBOURSE | N1: Acier HA | O1: KG | P1: 1.15 | R1: 01 - AIN | S1: U | T1: 750 | W1: About de voile 06x35 en 6 ml 13.20 Kg/pc | X1: KG | Y1: 1.13
A2: Désignation | B2: Quantitée | C2: Unité | D2: Prix unitaire | E2: TOTAL H.T. | H2: Désignation | I2: Quantitée | J2: Unité | K2: Prix unitaire | L2: TOTAL H.T. | N2: Acier relevage 02.5T Frimeda | O2: U | P2: 1.7 | R2: 02 - AISNE | S2: U | T2: 730 | W2: About de voile 08x30 en 3 ml 6.60 Kg/pc | X2: KG | Y2: 1.27
A3: BAN 14N XC3 XF1 C40/50 | B3: 0 | C3: =LOOKUP($A$3:$A$16,article!C7:E2418) -> M3 | D3: 123 | E3: =B3*D3 -> 0 | H3: =A3 -> BAN 14N XC3 XF1 C40/50 | I3: =B3 -> 0 | J3: =C3 -> M3 | K3: 100 | L3: =I3*K3 -> 0 | N3: Acier relevage 05T Frimeda | O3: U | P3: 2 | R3: 03 - ALLIER | S3: U | T3: 580 | W3: About de voile 10x45 en 3 ml 6.60 Kg/pc | X3: KG | Y3: 1.11
A4: Armatures assemblées industriel | B4: 0 | C4: =LOOKUP($A$3:$A$16,article!C8:E2419) -> KG | D4: 1.2 | E4: =B4*D4 -> 0 | H4: =A4 -> Armatures assemblées industriel | I4: =B4 -> 0 | J4: =C4 -> KG | K4: =D4 -> 1.2 | L4: =I4*K4 -> 0 | N4: Acier relevage 10T Frimeda | O4: U | P4: 4.2 | R4: 04 - ALPES HAUTE PROVENCE | S4: U | T4: 1150 | W4: Acier de relevage Frimeda 02T5 | X4: U | Y4: 1.7
A5: TS | B5: 0 | C5: =LOOKUP($A$3:$A$16,article!C9:E2420) -> U | D5: =LOOKUP($A$3:$A$16,article!C:C,article!M:M) -> 10.9 | E5: =B5*D5 -> 0 | H5: =A5 -> TS | I5: =B5 -> 0 | J5: =C5 -> U | K5: =D5 -> 10.9 | L5: =I5*K5 -> 0 | N5: Ancre Artéon 01.3T | O5: U | P5: 2 | R5: 05 - ALPES HAUTES | S5: U | T5: 1150 | W5: Acier de relevage Frimeda 05T | X5: U | Y5: 1.99
A6: HCA | B6: 0 | C6: =LOOKUP($A$3:$A$16,article!C10:E2421) -> U | D6: 1.2 | E6: =B6*D6 -> 0 | H6: =A6 -> HCA | I6: =B6 -> 0 | J6: =C6 -> U | K6: =D6 -> 1.2 | L6: =I6*K6 -> 0 | N6: Ancre Artéon 02.5T | O6: U | P6: 3 | R6: 06 - ALPES MARITIMES | S6: U | T6: 1410 | W6: Acier de relevage Frimeda 10T | X6: U | Y6: 4.33
A7: Ecarteur de nappe | B7: 0 | C7: =LOOKUP($A$3:$A$16,article!C11:E2422) -> ML | D7: =LOOKUP($A$3:$A$16,article!C:C,article!M:M) -> 0.82 | E7: =B7*D7 -> 0 | H7: =A7 -> Ecarteur de nappe | I7: =B7 -> 0 | J7: =C7 -> ML | K7: =D7 -> 0.82 | L7: =I7*K7 -> 0 | N7: Ancre Artéon 05T | O7: U | P7: 3.5 | R7: 07 - ARDECHE | S7: U | T7: 900 | W7: Aciers HA | X7: KG | Y7: 1.1
A8: ANCRE A PIED 2T5/ LG 170MM SAC DE 100 | B8: 0 | C8: =LOOKUP($A$3:$A$16,article!C12:E2423) -> U | D8: =LOOKUP($A$3:$A$16,article!C:C,article!M:M) -> 0.55 | E8: =B8*D8 -> 0 | H8: =A8 -> ANCRE A PIED 2T5/ LG 170MM SAC DE 100 | I8: =B8 -> 0 | J8: =C8 -> U | K8: =D8 -> 0.55 | L8: =I8*K8 -> 0 | N8: Ancre Artéon 10T | O8: U | P8: 4 | R8: 08 - ARDENNES | S8: U | T8: 880 | W8: Ancre a oeil 01T3 / lg 050 mm | X8: U | Y8: 0.39
A9: ANCRE A PIED 1T3 / LG 170 MM SAC DE 100 | B9: 0 | C9: =LOOKUP($A$3:$A$16,article!C13:E2424) -> U | D9: =LOOKUP($A$3:$A$16,article!C:C,article!M:M) -> 0.32 | E9: =B9*D9 -> 0 | H9: =A9 -> ANCRE A PIED 1T3 / LG 170 MM SAC DE 100 | I9: =B9 -> 0 | J9: =C9 -> U | K9: =D9 -> 0.32 | L9: =I9*K9 -> 0 | N9: Ancre Artéon 15T | O9: U | P9: 6 | R9: 09 - ARIEGE | S9: U | T9: 940 | W9: Ancre a oeil 01T3 / lg 065 mm | X9: U | Y9: 0.39
A10: Ancre Artéon 10T | B10: 0 | C10: =LOOKUP($A$3:$A$16,article!C14:E2425) -> U | D10: =LOOKUP($A$3:$A$16,article!C:C,article!M:M) -> 8.14 | E10: =B10*D10 -> 0 | H10: =A10 -> Ancre Artéon 10T | I10: =B10 -> 0 | J10: =C10 -> U | K10: =D10 -> 8.14 | L10: =I10*K10 -> 0 | N10: Ancre Artéon 20T | O10: U | P10: 10 | R10: 10 - AUBE | S10: U | T10: 765 | W10: Ancre a oeil 02T5 / lg 090 mm | X10: U | Y10: 0.56
A11: Crochet de levage ordinaire | B11: 0 | C11: =LOOKUP($A$3:$A$16,article!C15:E2426) -> U | D11: =LOOKUP($A$3:$A$16,article!C:C,article!M:M) -> 7.15 | E11: =B11*D11 -> 0 | H11: =A11 -> Crochet de levage ordinaire | I11: =B11 -> 0 | J11: =C11 -> U | K11: =D11 -> 7.15 | L11: =I11*K11 -> 0 | N11: Ancre Frimeda 02.5T | O11: U | P11: 3.5 | R11: 11 - AUDE | S11: U | T11: 1000 | W11: Ancre a oeil 02T5 / lg 120 mm | X11: U | Y11: 1.4
A12: Douilles 2 T | B12: 0 | C12: =LOOKUP($A$3:$A$16,article!C16:E2427) -> U | D12: =LOOKUP($A$3:$A$16,article!C:C,article!M:M) -> 7.37 | E12: =B12*D12 -> 0 | H12: =A12 -> Douilles 2 T | I12: =B12 -> 0 | J12: =C12 -> U | K12: =D12 -> 7.37 | L12: =I12*K12 -> 0 | N12: Ancre Frimeda 05T | O12: U | P12: 6.5 | R12: 12 - AVEYRON | S12: U | T12: 881 | W12: Ancre a oeil 05T / lg 090 mm | X12: U | Y12: 1.12
A13: Métal déployé | B13: 0 | C13: =LOOKUP($A$3:$A$16,article!C17:E2428) -> U | D13: =LOOKUP($A$3:$A$16,article!C:C,article!M:M) -> 0 | E13: =B13*D13 -> 0 | H13: =A13 -> Métal déployé | I13: =B13 -> 0 | J13: =C13 -> U | K13: =D13 -> 0 | L13: =I13*K13 -> 0 | N13: Ancre Frimeda 10T | O13: U | P13: 15 | R13: 13 - BOUCHES DU RHONE | S13: U | T13: 1150 | W13: Ancre a oeil 10T / lg 115 mm | X13: U | Y13: 2.48
A14: Boite d'attente Ø6 ou Ø8 | B14: 0 | C14: =LOOKUP($A$3:$A$16,article!C18:E2429) -> ML | D14: =LOOKUP($A$3:$A$16,article!C:C,article!M:M) -> 2.44 | E14: =B14*D14 -> 0 | H14: =A14 -> Boite d'attente Ø6 ou Ø8 | I14: =B14 -> 0 | J14: =C14 -> ML | K14: =D14 -> 2.44 | L14: =I14*K14 -> 0 | N14: Ankrobox Ø40 mm | O14: ML | P14: 3 | R14: 14 - CALVADOS | S14: U | T14: 600 | W14: Ancre a oeil 10T / lg 180 mm | X14: U | Y14: 2.94
A15: Tiges filetées | B15: 0 | C15: =LOOKUP($A$3:$A$16,article!C19:E2430) -> U | D15: =LOOKUP($A$3:$A$16,article!C:C,article!M:M) -> 63.01 | E15: =B15*D15 -> 0 | H15: =A15 -> Tiges filetées | I15: =B15 -> 0 | J15: =C15 -> U | K15: =D15 -> 63.01 | L15: =I15*K15 -> 0 | N15: Ankrobox Ø50 mm | O15: ML | P15: 3 | R15: 14 - CANTAL | S15: U | T15: 695 | W15: Ancre a oeil 20T / lg 250 mm | X15: U | Y15: 9.95
A16: Contreplaqué | B16: 0 | C16: M2 | D16: 20 | E16: =B16*D16 -> 0 | H16: =A16 -> Contreplaqué | I16: =B16 -> 0 | J16: =C16 -> M2 | K16: =D16 -> 20 | L16: =I16*K16 -> 0 | N16: Ankrobox Ø60 mm | O16: ML | P16: 4 | R16: 16 - CHARENTE | S16: U | T16: 400 | W16: Ancre a pied 01T3 / lg 035 mm | X16: U | Y16: 0.26
A17: TOTAL HORS BENEFICE | D17: 0 | E17: =SUM(E3:E16) -> 0 | H17: TOTAL HORS BENEFICE | K17: 0 | L17: =SUM(L3:L16) -> 0 | N17: Ankrobox Ø80 mm | O17: ML | P17: 5 | R17: 17 - CHARENTE MARITIME | S17: U | T17: 400 | W17: Ancre a pied 01T3 / lg 050 mm | X17: U | Y17: 0.39
A18: Marge | B18: 30 | C18: % | D18: 0 | E18: =E17*B18/100 -> 0 | F18: =IF(E24=0,"",E18/E24) | H18: Marge | I18: =IF((L18=0),"",L18/L17*100) | J18: % | K18: 0 | L18: =L19-L17 -> 0 | M18: =IF(E24=0,"",L18/L24) | N18: Ankrobox Ø95 mm | O18: ML | P18: 6.5 | R18: 18 - CHER | S18: U | T18: 500 | W18: Ancre a pied 01T3 / lg 065 mm | X18: U | Y18: 0
E19: =E17+E18 -> 0 | L19: =L24-L21-L20-L22-L23 -> 0 | N19: Ankromur avec crochets | O19: ML | P19: 6 | R19: 19 - CORREZE | S19: U | T19: 558 | W19: Ancre a pied 01T3 / lg 085 mm | X19: U | Y19: 0.36
A20: M.O. | B20: 0 | C20: U | D20: 87.5 | E20: =B20*D20 -> 0 | H20: =A20 -> M.O. | I20: =B20 -> 0 | J20: U | K20: 85 | L20: =I20*K20 -> 0 | N20: Béton | O20: M3 | P20: 110 | R20: 20 - CORSE | S20: U | T20: 0 | W20: Ancre a pied 01T3 / lg 120 mm | X20: U | Y20: 0.38
A21: Coffrage | B21: 0 | C21: U | D21: 87.5 | E21: =B21*D21 -> 0 | H21: =A21 -> Coffrage | I21: =B21 -> 0 | J21: U | K21: 85 | L21: =I21*K21 -> 0 | N21: Boite d'attente Ø6 ou Ø8 | O21: ML | P21: 4 | R21: 21 - COTE D'OR | S21: U | T21: 750 | W21: Ancre a pied 01T3 / lg 170 mm | X21: U | Y21: 0.54
A22: Finition | B22: 0 | C22: U | D22: 87.5 | E22: =B22*D22 -> 0 | H22: =A22 -> Finition | I22: =B22 -> 0 | J22: U | K22: 85 | L22: =I22*K22 -> 0 | N22: Bouchon Ankrobox Ø40 mm | O22: U | P22: 0.15 | R22: 22 - COTES D'ARMOR | S22: U | T22: 560 | W22: Ancre a pied 01T3 / lg 240 mm | X22: U | Y22: 0.63
A23: 01 - AIN | B23: 0 | C23: =LOOKUP(A23,R:S) -> U | D23: =LOOKUP(A23,R:R,T:T) -> 750 | E23: =B23*D23 -> 0 | H23: =A23 -> 01 - AIN | I23: =B23 -> 0 | J23: U | K23: =D23 -> 750 | L23: =I23*K23 -> 0 | N23: Bouchon Ankrobox Ø50 mm | O23: U | P23: 0.2 | R23: 23 - CREUSE | S23: U | T23: 550 | W23: Ancre a pied 02T5 / lg 055 mm | X23: U | Y23: 0.48
A24: TOTAL H.T. | E24: =E19+E20+E21+E22+E23 -> 0 | H24: TOTAL H.T. | L24: =E24 -> 0 | N24: Bouchon Ankrobox Ø60 mm | O24: U | P24: 0.25 | R24: 24 - DORDOGNE | S24: U | T24: 550 | W24: Ancre a pied 02T5 / lg 085 mm | X24: U | Y24: 0.54
A25: ML | B25: 0 | E25: =E24/B25 -> #DIV/0! | H25: ML | I25: =B25 -> 0 | L25: =L24/I25 -> #DIV/0! | N25: Bouchon Ankrobox Ø80 mm | O25: U | P25: 0.5 | R25: 25 - DOUBS | S25: U | T25: 900 | W25: Ancre a pied 02T5 / lg 120 mm | X25: U | Y25: 0.51
A26: U | B26: =B6 -> 0 | E26: =E24/B26 -> #DIV/0! | H26: U | I26: =B26 -> 0 | L26: =L24/I26 -> #DIV/0! | N26: Contreplaqué | O26: M2 | P26: 20 | R26: 26 - DROME | S26: U | T26: 1000 | W26: Ancre a pied 02T5 / lg 170 mm | X26: U | Y26: 0.59
A27: M3 | B27: =B3 -> 0 | E27: =E24/B27 -> #DIV/0! | H27: M3 | I27: =B27 -> 0 | L27: =L24/I27 -> #DIV/0! | N27: Coupleurs Ø12 femele | O27: U | P27: 5 | R27: 27 - EURE | S27: U | T27: 559 | W27: Ancre a pied 02T5 / lg 280 mm | X27: U | Y27: 0.9
A28: M² | B28: 0 | E28: =E24/B28 -> #DIV/0! | H28: M² | I28: =B28 -> 0 | L28: =L24/I28 -> #DIV/0! | N28: Coupleurs Ø12 mâle | O28: U | P28: 4 | R28: 28 - EURE ET LOIRE | S28: U | T28: 540 | W28: Ancre a pied 05T / lg 095 mm | X28: U | Y28: 0.96
N29: Coupleurs Ø14 femele | O29: U | P29: 9 | R29: 29 - FINISTERE | S29: U | T29: 620 | W29: Ancre a pied 05T / lg 120 mm | X29: U | Y29: 0.98
N30: Coupleurs Ø14 mâle | O30: U | P30: 7 | R30: 30 - GARD | S30: U | T30: 1090 | W30: Ancre a pied 05T / lg 180 mm | X30: U | Y30: 1.19
N31: Coupleurs Ø16 femele | O31: U | P31: 5 | R31: 31 - GARONNE | S31: U | T31: 780 | W31: Ancre a pied 05T / lg 240 mm | X31: U | Y31: 1.35
N32: Coupleurs Ø16 mâle | O32: U | P32: 5 | R32: 32 - GERS | S32: U | T32: 750 | W32: Ancre a pied 05T / lg 340 mm | X32: U | Y32: 1.79
N33: Coupleurs Ø20 femele | O33: U | P33: 18 | R33: 33 - GIRONDE | S33: U | T33: 500 | W33: Ancre a pied 07.5T / lg 100 mm | X33: U | Y33: 1.45
N34: Coupleurs Ø20 mâle | O34: U | P34: 13 | R34: 34 - HERAULT | S34: U | T34: 950 | W34: Ancre a pied 10T / lg 120 mm | X34: U | Y34: 2.16
N35: Crochet de levage ordinaire | O35: U | P35: 3 | R35: 35 - ILLE ET VILAINE | S35: U | T35: 430 | W35: Ancre a pied 10T / lg 150 mm | X35: U | Y35: 2.29
N36: Douilles 1 T | O36: U | P36: 2 | R36: 36 - INDRE | S36: U | T36: 490 | W36: Ancre a pied 10T / lg 170 mm | X36: U | Y36: 2.72
N37: Douilles 2 T | O37: U | P37: 3 | R37: 37 - INDRE ET LOIRE | S37: U | T37: 410 | W37: Ancre a pied 10T / lg 340 mm | X37: U | Y37: 3.52
N38: Douilles BT Innovation | O38: U | P38: 3 | R38: 38 - ISERE | S38: U | T38: 850 | W38: Ancre a pied 15T / lg 165 mm | X38: U | Y38: 3.77
N39: Ecarteur de nappe | O39: ML | P39: 2 | R39: 39 - JURA | S39: U | T39: 850 | W39: Ancre a pied 15T / lg 300 mm | X39: U | Y39: 7.2
N40: Echelle | O40: U | P40: 150 | R40: 40 - LANDES | S40: U | T40: 650 | W40: Ancre a pied 20T / lg 200 mm | X40: U | Y40: 6.91
... N47: Joint Butyl | O47: ML | P47: 6 | R47: 47 - LOT ET GARONNE | S47: U | T47: 610 | W47: Ankrobox Ø40 mm lg 2.5ml | X47: ML | Y47: 2.63
N48: Joint Forsheda | O48: U | R48: 48 - LOZERE | S48: U | T48: 950 | W48: Ankrobox Ø50 mm lg 2.5ml | X48: ML | Y48: 2.57
N49: Joint RubberElast | O49: ML | P49: 6.5 | R49: 49 - MAINE ET LOIRE | S49: U | T49: 400 | W49: Ankrobox Ø65 mm lg 2.5ml | X49: ML | Y49: 3.19
N50: Manchon PVC | O50: ML | R50: 50 - MANCHE | S50: U | T50: 750 | W50: Ankrobox Ø80 mm lg 2.5ml | X50: ML | Y50: 3.94
N51: Manchon TPC | O51: M | R51: 51 - MARNE | S51: U | T51: 840 | W51: Ankrobox Ø95 mm lg 2.5ml | X51: ML | Y51: 5.98
N52: Métal déployé | O52: ML | P52: 4 | R52: 52 - MARNE HAUTE | S52: U | T52: 860 | W52: Béton | X52: M3 | Y52: 100
N53: Nergalto | O53: M2 | P53: 3 | R53: 53 - MAYENNE | S53: U | T53: 430 | W53: Boite attente bois larg 10 HA 8 e=20 50 x Ø | X53: ML | Y53: 2.79
N54: Pins | O54: U | P54: 1.5 | R54: 54 - MEUTHE ET MOSELLE | S54: U | T54: 950 | W54: Boite attente bois larg 10 HA 8 e=25 50 x Ø | X54: ML | Y54: 2.62
N55: Poliuretanos | O55: M2 | R55: 55 - MEUSE | S55: U | T55: 920 | W55: Boite attente metal inversee larg 05 HA 08 e=15 50 x Ø | X55: ML | Y55: 7.73
N56: Polysytyrène | O56: M2 | R56: 56 - MORBIHAN | S56: U | T56: 480 | W56: Boite attente metal inversee larg 06 HA 06 e=20 | X56: ML | Y56: 4.29
N57: Potelets GC Ø42 | O57: U | P57: 0.5 | R57: 57 - MOSELLE | S57: U | T57: 950 | W57: Boite attente metal inversee larg 06 HA 06 e=24 | X57: ML | Y57: 2.34
N58: Rail Halfen 38/17 | O58: ML | P58: 8 | R58: 58 - NIEVRE | S58: U | T58: 600 | W58: Boite attente metal inversee larg 06 HA 08 e=20 etrier ht 12 cm | X58: ML | Y58: 3.49
N59: Rail Halfen 40/22 | O59: ML | R59: 59 - NORD | S59: U | T59: 900 | W59: Boite attente metal inversee larg 06 HA 08 e=24 | X59: ML | Y59: 2.9
N60: Rail Halfen 52/34 | O60: ML | P60: 40 | R60: 60 - OISE | S60: U | T60: 730 | W60: Boite attente metal inversee larg 09 HA 06 e=20 | X60: ML | Y60: 4.29
N61: Rail HTA 50/30 | O61: ML | R61: 61 - ORNE | S61: U | T61: 470 | W61: Boite attente metal inversee larg 09 HA 10 e=20 | X61: ML | Y61: 8.34
N62: Rail HTU 60x25 | O62: ML | P62: 6 | R62: 62 - PAS DE CALAIS | S62: U | T62: 900 | W62: Boite attente metal inversee larg 10 HA 08 e=20 61 x Ø | X62: ML | Y62: 3.36
N63: Rail HTU 80x25 | O63: ML | P63: 5 | R63: 63 - PUY DE DOME | S63: U | T63: 610 | W63: Boite attente metal inversee larg 10 HA 08 e=24 50 x Ø | X63: ML | Y63: 4.04
N64: Sabots 43.5 KN BT Innovation | O64: U | P64: 26 | R64: 64 - PYRENNEES ATLANTIQUES | S64: U | T64: 800 | W64: Boite attente metal inversee larg 10 HA 10 e=10 61 x Ø | X64: ML | Y64: 8.96
N65: Sabots 52.2 KN BT Innovation | O65: U | P65: 30 | R65: 65 - PYRENEES HAUTES | S65: U | T65: 860 | W65: Boite attente metal inversee larg 13 HA 08 e=20 50 x Ø | X65: ML | Y65: 5.07
N66: Tiges filetées | O66: ML | R66: 66 - PYRENEES ORIENTALES | S66: U | T66: 1090 | W66: Boite attente metal inversee larg 13 HA 08 e=24 50 x Ø | X66: ML | Y66: 4.94
N67: Treillis Soudés | O67: KG | P67: 1 | R67: 67 - RHIN BAS | S67: U | T67: 1010 | W67: Boite attente metal inversee larg 15 HA 08 e=20 50 x Ø | X67: ML | Y67: 6.41
N68: Tube PVC | O68: ML | P68: 0 | R68: 68 - RHIN HAUT | S68: U | T68: 1010 | W68: Boite attente metal larg 04,5 HA 8 e=24 / 1 fil | X68: ML | Y68: 3.18
R69: 69 - RHONE | S69: U | T69: 760 | W69: Boite attente metal larg 06 HA 06 e=20 | X69: ML | Y69: 2.75
R70: 70 - SAONE HAUTE | S70: U | T70: 900 | W70: Boite attente metal larg 06 HA 06 e=20 / 1 fil 50 x Ø | X70: ML | Y70: 2.44
R71: 71 - SAONE ET LOIRE | S71: U | T71: 750 | W71: Boite attente metal larg 06 HA 06 e=24 50 x Ø etrier ht=7cm | X71: ML | Y71: 2.55
R72: 72 - SARTHE | S72: U | T72: 450 | W72: Boite attente metal larg 06 HA 06 e=24 / 1 fil 50 x Ø | X72: ML | Y72: 1.95
R73: 73 - SAVOIE | S73: U | T73: 950 | W73: Boite attente metal larg 06 HA 08 e=15 | X73: ML | Y73: 5.42
R74: 74 - SAVOIE HAUTE | S74: U | T74: 880 | W74: Boite attente metal larg 06 HA 08 e=15 1 fil 61 x Ø | X74: ML | Y74: 3.48
R75: 75 - PARIS | S75: U | T75: 610 | W75: Boite attente metal larg 06 HA 08 e=20 ht boite comprise 11 cm | X75: ML | Y75: 3.49
R76: 76 - SEINE | S76: U | T76: 700 | W76: Boite attente metal larg 06 HA 08 e=24 / 1 fil 75 x Ø | X76: ML | Y76: 2.78
R77: 77 - SEINE ET MARNE | S77: U | T77: 610 | W77: Boite attente metal larg 06 HA 10 e=15 1 fil 40 x Ø | X77: ML | Y77: 3.48
R78: 78 - YVELINES | S78: U | T78: 610 | W78: Boite attente metal larg 06 HA 10 e=20 1 fil 50 x Ø | X78: ML | Y78: 4.75
R79: 79 - DEUX-SEVRES | S79: U | T79: 350 | W79: Boite attente metal larg 09 HA 08 e=15 50 x Ø | X79: ML | Y79: 5.22
R80: 80 - SOMME | S80: U | T80: 750 | W80: Boite attente metal larg 09 HA 08 e=20 61 x Ø | X80: ML | Y80: 5.57
... R109: ZONE 7 Normal | S109: U | T109: 360 | W109: Boite attente metal larg 18 HA 12 e=15 50 x Ø | X109: ML | Y109: 11.36
W110: Boite attente metal larg 19 HA 08 e=15 61 x Ø | X110: ML | Y110: 5.56
W111: Boite attente metal larg 19 HA 08 e=20 40 x Ø | X111: ML | Y111: 5.75
W112: Boite attente metal larg 19 HA 10 e=15 lg=1.25ml 50 x Ø | X112: ML | Y112: 9.81
W113: Boite attente metal larg 19 HA 10 e=20 40 x Ø | X113: ML | Y113: 4.99
W114: Boite attente metal larg 19 HA 10 e=24 40 x Ø | X114: ML | Y114: 6.98
W115: Boite attente metal larg 19 HA 12 e=15 40 x Ø | X115: ML | Y115: 8.1
W116: Boite attente metal larg 23 HA 08 e=15 | X116: ML | Y116: 0
W117: Boite attente metal larg 30 HA 12 e=20 50 x Ø | X117: ML | Y117: 15.49
W118: Boite attente plastique larg 10 HA 8 e=20 50 x Ø | X118: ML | Y118: 2.82
W119: Boite attente plastique larg 10 HA 8 e=25 50 x Ø | X119: ML | Y119: 2.78
W120: Boite attente polypro 06.8.200 1 fil | X120: ML | Y120: 5.67
W121: Boite attente polypro 130.10.15 40 x Ø 1 ml | X121: ML | Y121: 10.66
... W411: Tubiro Ø32 lg=3 ml | X411: ML | Y411: 0.91

Sheet Déboursé (5)
A1: DEBOURSE | H1: =A1 -> DEBOURSE | N1: Acier HA | O1: KG | P1: 1.15 | R1: 01 - AIN | S1: U | T1: 750 | W1: About de voile 06x35 en 6 ml 13.20 Kg/pc | X1: KG | Y1: 1.13
A2: Désignation | B2: Quantitée | C2: Unité | D2: Prix unitaire | E2: TOTAL H.T. | H2: Désignation | I2: Quantitée | J2: Unité | K2: Prix unitaire | L2: TOTAL H.T. | N2: Acier relevage 02.5T Frimeda | O2: U | P2: 1.7 | R2: 02 - AISNE | S2: U | T2: 730 | W2: About de voile 08x30 en 3 ml 6.60 Kg/pc | X2: KG | Y2: 1.27
A3: BAN 14N XC3 XF1 C40/50 | B3: 0 | C3: =LOOKUP($A$3:$A$16,article!C7:E2418) -> M3 | D3: 123 | E3: =B3*D3 -> 0 | H3: =A3 -> BAN 14N XC3 XF1 C40/50 | I3: =B3 -> 0 | J3: =C3 -> M3 | K3: 100 | L3: =I3*K3 -> 0 | N3: Acier relevage 05T Frimeda | O3: U | P3: 2 | R3: 03 - ALLIER | S3: U | T3: 580 | W3: About de voile 10x45 en 3 ml 6.60 Kg/pc | X3: KG | Y3: 1.11
A4: Armatures assemblées industriel | B4: 0 | C4: =LOOKUP($A$3:$A$16,article!C8:E2419) -> KG | D4: 1.2 | E4: =B4*D4 -> 0 | H4: =A4 -> Armatures assemblées industriel | I4: =B4 -> 0 | J4: =C4 -> KG | K4: =D4 -> 1.2 | L4: =I4*K4 -> 0 | N4: Acier relevage 10T Frimeda | O4: U | P4: 4.2 | R4: 04 - ALPES HAUTE PROVENCE | S4: U | T4: 1150 | W4: Acier de relevage Frimeda 02T5 | X4: U | Y4: 1.7
A5: TS | B5: 0 | C5: =LOOKUP($A$3:$A$16,article!C9:E2420) -> U | D5: =LOOKUP($A$3:$A$16,article!C:C,article!M:M) -> 10.9 | E5: =B5*D5 -> 0 | H5: =A5 -> TS | I5: =B5 -> 0 | J5: =C5 -> U | K5: =D5 -> 10.9 | L5: =I5*K5 -> 0 | N5: Ancre Artéon 01.3T | O5: U | P5: 2 | R5: 05 - ALPES HAUTES | S5: U | T5: 1150 | W5: Acier de relevage Frimeda 05T | X5: U | Y5: 1.99
A6: HCA | B6: 0 | C6: =LOOKUP($A$3:$A$16,article!C10:E2421) -> U | D6: 1.2 | E6: =B6*D6 -> 0 | H6: =A6 -> HCA | I6: =B6 -> 0 | J6: =C6 -> U | K6: =D6 -> 1.2 | L6: =I6*K6 -> 0 | N6: Ancre Artéon 02.5T | O6: U | P6: 3 | R6: 06 - ALPES MARITIMES | S6: U | T6: 1410 | W6: Acier de relevage Frimeda 10T | X6: U | Y6: 4.33
A7: Ecarteur de nappe | B7: 0 | C7: =LOOKUP($A$3:$A$16,article!C11:E2422) -> ML | D7: =LOOKUP($A$3:$A$16,article!C:C,article!M:M) -> 0.82 | E7: =B7*D7 -> 0 | H7: =A7 -> Ecarteur de nappe | I7: =B7 -> 0 | J7: =C7 -> ML | K7: =D7 -> 0.82 | L7: =I7*K7 -> 0 | N7: Ancre Artéon 05T | O7: U | P7: 3.5 | R7: 07 - ARDECHE | S7: U | T7: 900 | W7: Aciers HA | X7: KG | Y7: 1.1
A8: ANCRE A PIED 2T5/ LG 170MM SAC DE 100 | B8: 0 | C8: =LOOKUP($A$3:$A$16,article!C12:E2423) -> U | D8: =LOOKUP($A$3:$A$16,article!C:C,article!M:M) -> 0.55 | E8: =B8*D8 -> 0 | H8: =A8 -> ANCRE A PIED 2T5/ LG 170MM SAC DE 100 | I8: =B8 -> 0 | J8: =C8 -> U | K8: =D8 -> 0.55 | L8: =I8*K8 -> 0 | N8: Ancre Artéon 10T | O8: U | P8: 4 | R8: 08 - ARDENNES | S8: U | T8: 880 | W8: Ancre a oeil 01T3 / lg 050 mm | X8: U | Y8: 0.39
A9: ANCRE A PIED 1T3 / LG 170 MM SAC DE 100 | B9: 0 | C9: =LOOKUP($A$3:$A$16,article!C13:E2424) -> U | D9: =LOOKUP($A$3:$A$16,article!C:C,article!M:M) -> 0.32 | E9: =B9*D9 -> 0 | H9: =A9 -> ANCRE A PIED 1T3 / LG 170 MM SAC DE 100 | I9: =B9 -> 0 | J9: =C9 -> U | K9: =D9 -> 0.32 | L9: =I9*K9 -> 0 | N9: Ancre Artéon 15T | O9: U | P9: 6 | R9: 09 - ARIEGE | S9: U | T9: 940 | W9: Ancre a oeil 01T3 / lg 065 mm | X9: U | Y9: 0.39
A10: Ancre Artéon 10T | B10: 0 | C10: =LOOKUP($A$3:$A$16,article!C14:E2425) -> U | D10: =LOOKUP($A$3:$A$16,article!C:C,article!M:M) -> 8.14 | E10: =B10*D10 -> 0 | H10: =A10 -> Ancre Artéon 10T | I10: =B10 -> 0 | J10: =C10 -> U | K10: =D10 -> 8.14 | L10: =I10*K10 -> 0 | N10: Ancre Artéon 20T | O10: U | P10: 10 | R10: 10 - AUBE | S10: U | T10: 765 | W10: Ancre a oeil 02T5 / lg 090 mm | X10: U | Y10: 0.56
A11: Crochet de levage ordinaire | B11: 0 | C11: =LOOKUP($A$3:$A$16,article!C15:E2426) -> U | D11: =LOOKUP($A$3:$A$16,article!C:C,article!M:M) -> 7.15 | E11: =B11*D11 -> 0 | H11: =A11 -> Crochet de levage ordinaire | I11: =B11 -> 0 | J11: =C11 -> U | K11: =D11 -> 7.15 | L11: =I11*K11 -> 0 | N11: Ancre Frimeda 02.5T | O11: U | P11: 3.5 | R11: 11 - AUDE | S11: U | T11: 1000 | W11: Ancre a oeil 02T5 / lg 120 mm | X11: U | Y11: 1.4
A12: Douilles 2 T | B12: 0 | C12: =LOOKUP($A$3:$A$16,article!C16:E2427) -> U | D12: =LOOKUP($A$3:$A$16,article!C:C,article!M:M) -> 7.37 | E12: =B12*D12 -> 0 | H12: =A12 -> Douilles 2 T | I12: =B12 -> 0 | J12: =C12 -> U | K12: =D12 -> 7.37 | L12: =I12*K12 -> 0 | N12: Ancre Frimeda 05T | O12: U | P12: 6.5 | R12: 12 - AVEYRON | S12: U | T12: 881 | W12: Ancre a oeil 05T / lg 090 mm | X12: U | Y12: 1.12
A13: Métal déployé | B13: 0 | C13: =LOOKUP($A$3:$A$16,article!C17:E2428) -> U | D13: =LOOKUP($A$3:$A$16,article!C:C,article!M:M) -> 0 | E13: =B13*D13 -> 0 | H13: =A13 -> Métal déployé | I13: =B13 -> 0 | J13: =C13 -> U | K13: =D13 -> 0 | L13: =I13*K13 -> 0 | N13: Ancre Frimeda 10T | O13: U | P13: 15 | R13: 13 - BOUCHES DU RHONE | S13: U | T13: 1150 | W13: Ancre a oeil 10T / lg 115 mm | X13: U | Y13: 2.48
A14: Boite d'attente Ø6 ou Ø8 | B14: 0 | C14: =LOOKUP($A$3:$A$16,article!C18:E2429) -> ML | D14: =LOOKUP($A$3:$A$16,article!C:C,article!M:M) -> 2.44 | E14: =B14*D14 -> 0 | H14: =A14 -> Boite d'attente Ø6 ou Ø8 | I14: =B14 -> 0 | J14: =C14 -> ML | K14: =D14 -> 2.44 | L14: =I14*K14 -> 0 | N14: Ankrobox Ø40 mm | O14: ML | P14: 3 | R14: 14 - CALVADOS | S14: U | T14: 600 | W14: Ancre a oeil 10T / lg 180 mm | X14: U | Y14: 2.94
A15: Tiges filetées | B15: 0 | C15: =LOOKUP($A$3:$A$16,article!C19:E2430) -> U | D15: =LOOKUP($A$3:$A$16,article!C:C,article!M:M) -> 63.01 | E15: =B15*D15 -> 0 | H15: =A15 -> Tiges filetées | I15: =B15 -> 0 | J15: =C15 -> U | K15: =D15 -> 63.01 | L15: =I15*K15 -> 0 | N15: Ankrobox Ø50 mm | O15: ML | P15: 3 | R15: 14 - CANTAL | S15: U | T15: 695 | W15: Ancre a oeil 20T / lg 250 mm | X15: U | Y15: 9.95
A16: Contreplaqué | B16: 0 | C16: M2 | D16: 20 | E16: =B16*D16 -> 0 | H16: =A16 -> Contreplaqué | I16: =B16 -> 0 | J16: =C16 -> M2 | K16: =D16 -> 20 | L16: =I16*K16 -> 0 | N16: Ankrobox Ø60 mm | O16: ML | P16: 4 | R16: 16 - CHARENTE | S16: U | T16: 400 | W16: Ancre a pied 01T3 / lg 035 mm | X16: U | Y16: 0.26
A17: TOTAL HORS BENEFICE | D17: 0 | E17: =SUM(E3:E16) -> 0 | H17: TOTAL HORS BENEFICE | K17: 0 | L17: =SUM(L3:L16) -> 0 | N17: Ankrobox Ø80 mm | O17: ML | P17: 5 | R17: 17 - CHARENTE MARITIME | S17: U | T17: 400 | W17: Ancre a pied 01T3 / lg 050 mm | X17: U | Y17: 0.39
A18: Marge | B18: 30 | C18: % | D18: 0 | E18: =E17*B18/100 -> 0 | F18: =IF(E24=0,"",E18/E24) | H18: Marge | I18: =IF((L18=0),"",L18/L17*100) | J18: % | K18: 0 | L18: =L19-L17 -> 0 | M18: =IF(E24=0,"",L18/L24) | N18: Ankrobox Ø95 mm | O18: ML | P18: 6.5 | R18: 18 - CHER | S18: U | T18: 500 | W18: Ancre a pied 01T3 / lg 065 mm | X18: U | Y18: 0
E19: =E17+E18 -> 0 | L19: =L24-L21-L20-L22-L23 -> 0 | N19: Ankromur avec crochets | O19: ML | P19: 6 | R19: 19 - CORREZE | S19: U | T19: 558 | W19: Ancre a pied 01T3 / lg 085 mm | X19: U | Y19: 0.36
A20: M.O. | B20: 0 | C20: U | D20: 87.5 | E20: =B20*D20 -> 0 | H20: =A20 -> M.O. | I20: =B20 -> 0 | J20: U | K20: 85 | L20: =I20*K20 -> 0 | N20: Béton | O20: M3 | P20: 110 | R20: 20 - CORSE | S20: U | T20: 0 | W20: Ancre a pied 01T3 / lg 120 mm | X20: U | Y20: 0.38
A21: Coffrage | B21: 0 | C21: U | D21: 87.5 | E21: =B21*D21 -> 0 | H21: =A21 -> Coffrage | I21: =B21 -> 0 | J21: U | K21: 85 | L21: =I21*K21 -> 0 | N21: Boite d'attente Ø6 ou Ø8 | O21: ML | P21: 4 | R21: 21 - COTE D'OR | S21: U | T21: 750 | W21: Ancre a pied 01T3 / lg 170 mm | X21: U | Y21: 0.54
A22: Finition | B22: 0 | C22: U | D22: 87.5 | E22: =B22*D22 -> 0 | H22: =A22 -> Finition | I22: =B22 -> 0 | J22: U | K22: 85 | L22: =I22*K22 -> 0 | N22: Bouchon Ankrobox Ø40 mm | O22: U | P22: 0.15 | R22: 22 - COTES D'ARMOR | S22: U | T22: 560 | W22: Ancre a pied 01T3 / lg 240 mm | X22: U | Y22: 0.63
A23: 01 - AIN | B23: 0 | C23: =LOOKUP(A23,R:S) -> U | D23: =LOOKUP(A23,R:R,T:T) -> 750 | E23: =B23*D23 -> 0 | H23: =A23 -> 01 - AIN | I23: =B23 -> 0 | J23: U | K23: =D23 -> 750 | L23: =I23*K23 -> 0 | N23: Bouchon Ankrobox Ø50 mm | O23: U | P23: 0.2 | R23: 23 - CREUSE | S23: U | T23: 550 | W23: Ancre a pied 02T5 / lg 055 mm | X23: U | Y23: 0.48
A24: TOTAL H.T. | E24: =E19+E20+E21+E22+E23 -> 0 | H24: TOTAL H.T. | L24: =E24 -> 0 | N24: Bouchon Ankrobox Ø60 mm | O24: U | P24: 0.25 | R24: 24 - DORDOGNE | S24: U | T24: 550 | W24: Ancre a pied 02T5 / lg 085 mm | X24: U | Y24: 0.54
A25: ML | B25: 0 | E25: =E24/B25 -> #DIV/0! | H25: ML | I25: =B25 -> 0 | L25: =L24/I25 -> #DIV/0! | N25: Bouchon Ankrobox Ø80 mm | O25: U | P25: 0.5 | R25: 25 - DOUBS | S25: U | T25: 900 | W25: Ancre a pied 02T5 / lg 120 mm | X25: U | Y25: 0.51
A26: U | B26: =B6 -> 0 | E26: =E24/B26 -> #DIV/0! | H26: U | I26: =B26 -> 0 | L26: =L24/I26 -> #DIV/0! | N26: Contreplaqué | O26: M2 | P26: 20 | R26: 26 - DROME | S26: U | T26: 1000 | W26: Ancre a pied 02T5 / lg 170 mm | X26: U | Y26: 0.59
A27: M3 | B27: =B3 -> 0 | E27: =E24/B27 -> #DIV/0! | H27: M3 | I27: =B27 -> 0 | L27: =L24/I27 -> #DIV/0! | N27: Coupleurs Ø12 femele | O27: U | P27: 5 | R27: 27 - EURE | S27: U | T27: 559 | W27: Ancre a pied 02T5 / lg 280 mm | X27: U | Y27: 0.9
A28: M² | B28: 0 | E28: =E24/B28 -> #DIV/0! | H28: M² | I28: =B28 -> 0 | L28: =L24/I28 -> #DIV/0! | N28: Coupleurs Ø12 mâle | O28: U | P28: 4 | R28: 28 - EURE ET LOIRE | S28: U | T28: 540 | W28: Ancre a pied 05T / lg 095 mm | X28: U | Y28: 0.96
N29: Coupleurs Ø14 femele | O29: U | P29: 9 | R29: 29 - FINISTERE | S29: U | T29: 620 | W29: Ancre a pied 05T / lg 120 mm | X29: U | Y29: 0.98
N30: Coupleurs Ø14 mâle | O30: U | P30: 7 | R30: 30 - GARD | S30: U | T30: 1090 | W30: Ancre a pied 05T / lg 180 mm | X30: U | Y30: 1.19
N31: Coupleurs Ø16 femele | O31: U | P31: 5 | R31: 31 - GARONNE | S31: U | T31: 780 | W31: Ancre a pied 05T / lg 240 mm | X31: U | Y31: 1.35
N32: Coupleurs Ø16 mâle | O32: U | P32: 5 | R32: 32 - GERS | S32: U | T32: 750 | W32: Ancre a pied 05T / lg 340 mm | X32: U | Y32: 1.79
N33: Coupleurs Ø20 femele | O33: U | P33: 18 | R33: 33 - GIRONDE | S33: U | T33: 500 | W33: Ancre a pied 07.5T / lg 100 mm | X33: U | Y33: 1.45
N34: Coupleurs Ø20 mâle | O34: U | P34: 13 | R34: 34 - HERAULT | S34: U | T34: 950 | W34: Ancre a pied 10T / lg 120 mm | X34: U | Y34: 2.16
N35: Crochet de levage ordinaire | O35: U | P35: 3 | R35: 35 - ILLE ET VILAINE | S35: U | T35: 430 | W35: Ancre a pied 10T / lg 150 mm | X35: U | Y35: 2.29
N36: Douilles 1 T | O36: U | P36: 2 | R36: 36 - INDRE | S36: U | T36: 490 | W36: Ancre a pied 10T / lg 170 mm | X36: U | Y36: 2.72
N37: Douilles 2 T | O37: U | P37: 3 | R37: 37 - INDRE ET LOIRE | S37: U | T37: 410 | W37: Ancre a pied 10T / lg 340 mm | X37: U | Y37: 3.52
N38: Douilles BT Innovation | O38: U | P38: 3 | R38: 38 - ISERE | S38: U | T38: 850 | W38: Ancre a pied 15T / lg 165 mm | X38: U | Y38: 3.77
N39: Ecarteur de nappe | O39: ML | P39: 2 | R39: 39 - JURA | S39: U | T39: 850 | W39: Ancre a pied 15T / lg 300 mm | X39: U | Y39: 7.2
N40: Echelle | O40: U | P40: 150 | R40: 40 - LANDES | S40: U | T40: 650 | W40: Ancre a pied 20T / lg 200 mm | X40: U | Y40: 6.91
... N47: Joint Butyl | O47: ML | P47: 6 | R47: 47 - LOT ET GARONNE | S47: U | T47: 610 | W47: Ankrobox Ø40 mm lg 2.5ml | X47: ML | Y47: 2.63
N48: Joint Forsheda | O48: U | R48: 48 - LOZERE | S48: U | T48: 950 | W48: Ankrobox Ø50 mm lg 2.5ml | X48: ML | Y48: 2.57
N49: Joint RubberElast | O49: ML | P49: 6.5 | R49: 49 - MAINE ET LOIRE | S49: U | T49: 400 | W49: Ankrobox Ø65 mm lg 2.5ml | X49: ML | Y49: 3.19
N50: Manchon PVC | O50: ML | R50: 50 - MANCHE | S50: U | T50: 750 | W50: Ankrobox Ø80 mm lg 2.5ml | X50: ML | Y50: 3.94
N51: Manchon TPC | O51: M | R51: 51 - MARNE | S51: U | T51: 840 | W51: Ankrobox Ø95 mm lg 2.5ml | X51: ML | Y51: 5.98
N52: Métal déployé | O52: ML | P52: 4 | R52: 52 - MARNE HAUTE | S52: U | T52: 860 | W52: Béton | X52: M3 | Y52: 100
N53: Nergalto | O53: M2 | P53: 3 | R53: 53 - MAYENNE | S53: U | T53: 430 | W53: Boite attente bois larg 10 HA 8 e=20 50 x Ø | X53: ML | Y53: 2.79
N54: Pins | O54: U | P54: 1.5 | R54: 54 - MEUTHE ET MOSELLE | S54: U | T54: 950 | W54: Boite attente bois larg 10 HA 8 e=25 50 x Ø | X54: ML | Y54: 2.62
N55: Poliuretanos | O55: M2 | R55: 55 - MEUSE | S55: U | T55: 920 | W55: Boite attente metal inversee larg 05 HA 08 e=15 50 x Ø | X55: ML | Y55: 7.73
N56: Polysytyrène | O56: M2 | R56: 56 - MORBIHAN | S56: U | T56: 480 | W56: Boite attente metal inversee larg 06 HA 06 e=20 | X56: ML | Y56: 4.29
N57: Potelets GC Ø42 | O57: U | P57: 0.5 | R57: 57 - MOSELLE | S57: U | T57: 950 | W57: Boite attente metal inversee larg 06 HA 06 e=24 | X57: ML | Y57: 2.34
N58: Rail Halfen 38/17 | O58: ML | P58: 8 | R58: 58 - NIEVRE | S58: U | T58: 600 | W58: Boite attente metal inversee larg 06 HA 08 e=20 etrier ht 12 cm | X58: ML | Y58: 3.49
N59: Rail Halfen 40/22 | O59: ML | R59: 59 - NORD | S59: U | T59: 900 | W59: Boite attente metal inversee larg 06 HA 08 e=24 | X59: ML | Y59: 2.9
N60: Rail Halfen 52/34 | O60: ML | P60: 40 | R60: 60 - OISE | S60: U | T60: 730 | W60: Boite attente metal inversee larg 09 HA 06 e=20 | X60: ML | Y60: 4.29
N61: Rail HTA 50/30 | O61: ML | R61: 61 - ORNE | S61: U | T61: 470 | W61: Boite attente metal inversee larg 09 HA 10 e=20 | X61: ML | Y61: 8.34
N62: Rail HTU 60x25 | O62: ML | P62: 6 | R62: 62 - PAS DE CALAIS | S62: U | T62: 900 | W62: Boite attente metal inversee larg 10 HA 08 e=20 61 x Ø | X62: ML | Y62: 3.36
N63: Rail HTU 80x25 | O63: ML | P63: 5 | R63: 63 - PUY DE DOME | S63: U | T63: 610 | W63: Boite attente metal inversee larg 10 HA 08 e=24 50 x Ø | X63: ML | Y63: 4.04
N64: Sabots 43.5 KN BT Innovation | O64: U | P64: 26 | R64: 64 - PYRENNEES ATLANTIQUES | S64: U | T64: 800 | W64: Boite attente metal inversee larg 10 HA 10 e=10 61 x Ø | X64: ML | Y64: 8.96
N65: Sabots 52.2 KN BT Innovation | O65: U | P65: 30 | R65: 65 - PYRENEES HAUTES | S65: U | T65: 860 | W65: Boite attente metal inversee larg 13 HA 08 e=20 50 x Ø | X65: ML | Y65: 5.07
N66: Tiges filetées | O66: ML | R66: 66 - PYRENEES ORIENTALES | S66: U | T66: 1090 | W66: Boite attente metal inversee larg 13 HA 08 e=24 50 x Ø | X66: ML | Y66: 4.94
N67: Treillis Soudés | O67: KG | P67: 1 | R67: 67 - RHIN BAS | S67: U | T67: 1010 | W67: Boite attente metal inversee larg 15 HA 08 e=20 50 x Ø | X67: ML | Y67: 6.41
N68: Tube PVC | O68: ML | P68: 0 | R68: 68 - RHIN HAUT | S68: U | T68: 1010 | W68: Boite attente metal larg 04,5 HA 8 e=24 / 1 fil | X68: ML | Y68: 3.18
R69: 69 - RHONE | S69: U | T69: 760 | W69: Boite attente metal larg 06 HA 06 e=20 | X69: ML | Y69: 2.75
R70: 70 - SAONE HAUTE | S70: U | T70: 900 | W70: Boite attente metal larg 06 HA 06 e=20 / 1 fil 50 x Ø | X70: ML | Y70: 2.44
R71: 71 - SAONE ET LOIRE | S71: U | T71: 750 | W71: Boite attente metal larg 06 HA 06 e=24 50 x Ø etrier ht=7cm | X71: ML | Y71: 2.55
R72: 72 - SARTHE | S72: U | T72: 450 | W72: Boite attente metal larg 06 HA 06 e=24 / 1 fil 50 x Ø | X72: ML | Y72: 1.95
R73: 73 - SAVOIE | S73: U | T73: 950 | W73: Boite attente metal larg 06 HA 08 e=15 | X73: ML | Y73: 5.42
R74: 74 - SAVOIE HAUTE | S74: U | T74: 880 | W74: Boite attente metal larg 06 HA 08 e=15 1 fil 61 x Ø | X74: ML | Y74: 3.48
R75: 75 - PARIS | S75: U | T75: 610 | W75: Boite attente metal larg 06 HA 08 e=20 ht boite comprise 11 cm | X75: ML | Y75: 3.49
R76: 76 - SEINE | S76: U | T76: 700 | W76: Boite attente metal larg 06 HA 08 e=24 / 1 fil 75 x Ø | X76: ML | Y76: 2.78
R77: 77 - SEINE ET MARNE | S77: U | T77: 610 | W77: Boite attente metal larg 06 HA 10 e=15 1 fil 40 x Ø | X77: ML | Y77: 3.48
R78: 78 - YVELINES | S78: U | T78: 610 | W78: Boite attente metal larg 06 HA 10 e=20 1 fil 50 x Ø | X78: ML | Y78: 4.75
R79: 79 - DEUX-SEVRES | S79: U | T79: 350 | W79: Boite attente metal larg 09 HA 08 e=15 50 x Ø | X79: ML | Y79: 5.22
R80: 80 - SOMME | S80: U | T80: 750 | W80: Boite attente metal larg 09 HA 08 e=20 61 x Ø | X80: ML | Y80: 5.57
... R109: ZONE 7 Normal | S109: U | T109: 360 | W109: Boite attente metal larg 18 HA 12 e=15 50 x Ø | X109: ML | Y109: 11.36
W110: Boite attente metal larg 19 HA 08 e=15 61 x Ø | X110: ML | Y110: 5.56
W111: Boite attente metal larg 19 HA 08 e=20 40 x Ø | X111: ML | Y111: 5.75
W112: Boite attente metal larg 19 HA 10 e=15 lg=1.25ml 50 x Ø | X112: ML | Y112: 9.81
W113: Boite attente metal larg 19 HA 10 e=20 40 x Ø | X113: ML | Y113: 4.99
W114: Boite attente metal larg 19 HA 10 e=24 40 x Ø | X114: ML | Y114: 6.98
W115: Boite attente metal larg 19 HA 12 e=15 40 x Ø | X115: ML | Y115: 8.1
W116: Boite attente metal larg 23 HA 08 e=15 | X116: ML | Y116: 0
W117: Boite attente metal larg 30 HA 12 e=20 50 x Ø | X117: ML | Y117: 15.49
W118: Boite attente plastique larg 10 HA 8 e=20 50 x Ø | X118: ML | Y118: 2.82
W119: Boite attente plastique larg 10 HA 8 e=25 50 x Ø | X119: ML | Y119: 2.78
W120: Boite attente polypro 06.8.200 1 fil | X120: ML | Y120: 5.67
W121: Boite attente polypro 130.10.15 40 x Ø 1 ml | X121: ML | Y121: 10.66
... W411: Tubiro Ø32 lg=3 ml | X411: ML | Y411: 0.91

Sheet Déboursé (6)
A1: DEBOURSE | H1: =A1 -> DEBOURSE | N1: Acier HA | O1: KG | P1: 1.15 | R1: 01 - AIN | S1: U | T1: 750 | W1: About de voile 06x35 en 6 ml 13.20 Kg/pc | X1: KG | Y1: 1.13
A2: Désignation | B2: Quantitée | C2: Unité | D2: Prix unitaire | E2: TOTAL H.T. | H2: Désignation | I2: Quantitée | J2: Unité | K2: Prix unitaire | L2: TOTAL H.T. | N2: Acier relevage 02.5T Frimeda | O2: U | P2: 1.7 | R2: 02 - AISNE | S2: U | T2: 730 | W2: About de voile 08x30 en 3 ml 6.60 Kg/pc | X2: KG | Y2: 1.27
A3: BAN 14N XC3 XF1 C40/50 | B3: 0 | C3: =LOOKUP($A$3:$A$16,article!C7:E2418) -> M3 | D3: 123 | E3: =B3*D3 -> 0 | H3: =A3 -> BAN 14N XC3 XF1 C40/50 | I3: =B3 -> 0 | J3: =C3 -> M3 | K3: 100 | L3: =I3*K3 -> 0 | N3: Acier relevage 05T Frimeda | O3: U | P3: 2 | R3: 03 - ALLIER | S3: U | T3: 580 | W3: About de voile 10x45 en 3 ml 6.60 Kg/pc | X3: KG | Y3: 1.11
A4: Armatures assemblées industriel | B4: 0 | C4: =LOOKUP($A$3:$A$16,article!C8:E2419) -> KG | D4: 1.2 | E4: =B4*D4 -> 0 | H4: =A4 -> Armatures assemblées industriel | I4: =B4 -> 0 | J4: =C4 -> KG | K4: =D4 -> 1.2 | L4: =I4*K4 -> 0 | N4: Acier relevage 10T Frimeda | O4: U | P4: 4.2 | R4: 04 - ALPES HAUTE PROVENCE | S4: U | T4: 1150 | W4: Acier de relevage Frimeda 02T5 | X4: U | Y4: 1.7
A5: TS | B5: 0 | C5: =LOOKUP($A$3:$A$16,article!C9:E2420) -> U | D5: =LOOKUP($A$3:$A$16,article!C:C,article!M:M) -> 10.9 | E5: =B5*D5 -> 0 | H5: =A5 -> TS | I5: =B5 -> 0 | J5: =C5 -> U | K5: =D5 -> 10.9 | L5: =I5*K5 -> 0 | N5: Ancre Artéon 01.3T | O5: U | P5: 2 | R5: 05 - ALPES HAUTES | S5: U | T5: 1150 | W5: Acier de relevage Frimeda 05T | X5: U | Y5: 1.99
A6: HCA | B6: 0 | C6: =LOOKUP($A$3:$A$16,article!C10:E2421) -> U | D6: 1.2 | E6: =B6*D6 -> 0 | H6: =A6 -> HCA | I6: =B6 -> 0 | J6: =C6 -> U | K6: =D6 -> 1.2 | L6: =I6*K6 -> 0 | N6: Ancre Artéon 02.5T | O6: U | P6: 3 | R6: 06 - ALPES MARITIMES | S6: U | T6: 1410 | W6: Acier de relevage Frimeda 10T | X6: U | Y6: 4.33
A7: Ecarteur de nappe | B7: 0 | C7: =LOOKUP($A$3:$A$16,article!C11:E2422) -> ML | D7: =LOOKUP($A$3:$A$16,article!C:C,article!M:M) -> 0.82 | E7: =B7*D7 -> 0 | H7: =A7 -> Ecarteur de nappe | I7: =B7 -> 0 | J7: =C7 -> ML | K7: =D7 -> 0.82 | L7: =I7*K7 -> 0 | N7: Ancre Artéon 05T | O7: U | P7: 3.5 | R7: 07 - ARDECHE | S7: U | T7: 900 | W7: Aciers HA | X7: KG | Y7: 1.1
A8: ANCRE A PIED 2T5/ LG 170MM SAC DE 100 | B8: 0 | C8: =LOOKUP($A$3:$A$16,article!C12:E2423) -> U | D8: =LOOKUP($A$3:$A$16,article!C:C,article!M:M) -> 0.55 | E8: =B8*D8 -> 0 | H8: =A8 -> ANCRE A PIED 2T5/ LG 170MM SAC DE 100 | I8: =B8 -> 0 | J8: =C8 -> U | K8: =D8 -> 0.55 | L8: =I8*K8 -> 0 | N8: Ancre Artéon 10T | O8: U | P8: 4 | R8: 08 - ARDENNES | S8: U | T8: 880 | W8: Ancre a oeil 01T3 / lg 050 mm | X8: U | Y8: 0.39
A9: ANCRE A PIED 1T3 / LG 170 MM SAC DE 100 | B9: 0 | C9: =LOOKUP($A$3:$A$16,article!C13:E2424) -> U | D9: =LOOKUP($A$3:$A$16,article!C:C,article!M:M) -> 0.32 | E9: =B9*D9 -> 0 | H9: =A9 -> ANCRE A PIED 1T3 / LG 170 MM SAC DE 100 | I9: =B9 -> 0 | J9: =C9 -> U | K9: =D9 -> 0.32 | L9: =I9*K9 -> 0 | N9: Ancre Artéon 15T | O9: U | P9: 6 | R9: 09 - ARIEGE | S9: U | T9: 940 | W9: Ancre a oeil 01T3 / lg 065 mm | X9: U | Y9: 0.39
A10: Ancre Artéon 10T | B10: 0 | C10: =LOOKUP($A$3:$A$16,article!C14:E2425) -> U | D10: =LOOKUP($A$3:$A$16,article!C:C,article!M:M) -> 8.14 | E10: =B10*D10 -> 0 | H10: =A10 -> Ancre Artéon 10T | I10: =B10 -> 0 | J10: =C10 -> U | K10: =D10 -> 8.14 | L10: =I10*K10 -> 0 | N10: Ancre Artéon 20T | O10: U | P10: 10 | R10: 10 - AUBE | S10: U | T10: 765 | W10: Ancre a oeil 02T5 / lg 090 mm | X10: U | Y10: 0.56
A11: Crochet de levage ordinaire | B11: 0 | C11: =LOOKUP($A$3:$A$16,article!C15:E2426) -> U | D11: =LOOKUP($A$3:$A$16,article!C:C,article!M:M) -> 7.15 | E11: =B11*D11 -> 0 | H11: =A11 -> Crochet de levage ordinaire | I11: =B11 -> 0 | J11: =C11 -> U | K11: =D11 -> 7.15 | L11: =I11*K11 -> 0 | N11: Ancre Frimeda 02.5T | O11: U | P11: 3.5 | R11: 11 - AUDE | S11: U | T11: 1000 | W11: Ancre a oeil 02T5 / lg 120 mm | X11: U | Y11: 1.4
A12: Douilles 2 T | B12: 0 | C12: =LOOKUP($A$3:$A$16,article!C16:E2427) -> U | D12: =LOOKUP($A$3:$A$16,article!C:C,article!M:M) -> 7.37 | E12: =B12*D12 -> 0 | H12: =A12 -> Douilles 2 T | I12: =B12 -> 0 | J12: =C12 -> U | K12: =D12 -> 7.37 | L12: =I12*K12 -> 0 | N12: Ancre Frimeda 05T | O12: U | P12: 6.5 | R12: 12 - AVEYRON | S12: U | T12: 881 | W12: Ancre a oeil 05T / lg 090 mm | X12: U | Y12: 1.12
A13: Métal déployé | B13: 0 | C13: =LOOKUP($A$3:$A$16,article!C17:E2428) -> U | D13: =LOOKUP($A$3:$A$16,article!C:C,article!M:M) -> 0 | E13: =B13*D13 -> 0 | H13: =A13 -> Métal déployé | I13: =B13 -> 0 | J13: =C13 -> U | K13: =D13 -> 0 | L13: =I13*K13 -> 0 | N13: Ancre Frimeda 10T | O13: U | P13: 15 | R13: 13 - BOUCHES DU RHONE | S13: U | T13: 1150 | W13: Ancre a oeil 10T / lg 115 mm | X13: U | Y13: 2.48
A14: Boite d'attente Ø6 ou Ø8 | B14: 0 | C14: =LOOKUP($A$3:$A$16,article!C18:E2429) -> ML | D14: =LOOKUP($A$3:$A$16,article!C:C,article!M:M) -> 2.44 | E14: =B14*D14 -> 0 | H14: =A14 -> Boite d'attente Ø6 ou Ø8 | I14: =B14 -> 0 | J14: =C14 -> ML | K14: =D14 -> 2.44 | L14: =I14*K14 -> 0 | N14: Ankrobox Ø40 mm | O14: ML | P14: 3 | R14: 14 - CALVADOS | S14: U | T14: 600 | W14: Ancre a oeil 10T / lg 180 mm | X14: U | Y14: 2.94
A15: Tiges filetées | B15: 0 | C15: =LOOKUP($A$3:$A$16,article!C19:E2430) -> U | D15: =LOOKUP($A$3:$A$16,article!C:C,article!M:M) -> 63.01 | E15: =B15*D15 -> 0 | H15: =A15 -> Tiges filetées | I15: =B15 -> 0 | J15: =C15 -> U | K15: =D15 -> 63.01 | L15: =I15*K15 -> 0 | N15: Ankrobox Ø50 mm | O15: ML | P15: 3 | R15: 14 - CANTAL | S15: U | T15: 695 | W15: Ancre a oeil 20T / lg 250 mm | X15: U | Y15: 9.95
A16: Contreplaqué | B16: 0 | C16: M2 | D16: 20 | E16: =B16*D16 -> 0 | H16: =A16 -> Contreplaqué | I16: =B16 -> 0 | J16: =C16 -> M2 | K16: =D16 -> 20 | L16: =I16*K16 -> 0 | N16: Ankrobox Ø60 mm | O16: ML | P16: 4 | R16: 16 - CHARENTE | S16: U | T16: 400 | W16: Ancre a pied 01T3 / lg 035 mm | X16: U | Y16: 0.26
A17: TOTAL HORS BENEFICE | D17: 0 | E17: =SUM(E3:E16) -> 0 | H17: TOTAL HORS BENEFICE | K17: 0 | L17: =SUM(L3:L16) -> 0 | N17: Ankrobox Ø80 mm | O17: ML | P17: 5 | R17: 17 - CHARENTE MARITIME | S17: U | T17: 400 | W17: Ancre a pied 01T3 / lg 050 mm | X17: U | Y17: 0.39
A18: Marge | B18: 30 | C18: % | D18: 0 | E18: =E17*B18/100 -> 0 | F18: =IF(E24=0,"",E18/E24) | H18: Marge | I18: =IF((L18=0),"",L18/L17*100) | J18: % | K18: 0 | L18: =L19-L17 -> 0 | M18: =IF(E24=0,"",L18/L24) | N18: Ankrobox Ø95 mm | O18: ML | P18: 6.5 | R18: 18 - CHER | S18: U | T18: 500 | W18: Ancre a pied 01T3 / lg 065 mm | X18: U | Y18: 0
E19: =E17+E18 -> 0 | L19: =L24-L21-L20-L22-L23 -> 0 | N19: Ankromur avec crochets | O19: ML | P19: 6 | R19: 19 - CORREZE | S19: U | T19: 558 | W19: Ancre a pied 01T3 / lg 085 mm | X19: U | Y19: 0.36
A20: M.O. | B20: 0 | C20: U | D20: 87.5 | E20: =B20*D20 -> 0 | H20: =A20 -> M.O. | I20: =B20 -> 0 | J20: U | K20: 85 | L20: =I20*K20 -> 0 | N20: Béton | O20: M3 | P20: 110 | R20: 20 - CORSE | S20: U | T20: 0 | W20: Ancre a pied 01T3 / lg 120 mm | X20: U | Y20: 0.38
A21: Coffrage | B21: 0 | C21: U | D21: 87.5 | E21: =B21*D21 -> 0 | H21: =A21 -> Coffrage | I21: =B21 -> 0 | J21: U | K21: 85 | L21: =I21*K21 -> 0 | N21: Boite d'attente Ø6 ou Ø8 | O21: ML | P21: 4 | R21: 21 - COTE D'OR | S21: U | T21: 750 | W21: Ancre a pied 01T3 / lg 170 mm | X21: U | Y21: 0.54
A22: Finition | B22: 0 | C22: U | D22: 87.5 | E22: =B22*D22 -> 0 | H22: =A22 -> Finition | I22: =B22 -> 0 | J22: U | K22: 85 | L22: =I22*K22 -> 0 | N22: Bouchon Ankrobox Ø40 mm | O22: U | P22: 0.15 | R22: 22 - COTES D'ARMOR | S22: U | T22: 560 | W22: Ancre a pied 01T3 / lg 240 mm | X22: U | Y22: 0.63
A23: 01 - AIN | B23: 0 | C23: =LOOKUP(A23,R:S) -> U | D23: =LOOKUP(A23,R:R,T:T) -> 750 | E23: =B23*D23 -> 0 | H23: =A23 -> 01 - AIN | I23: =B23 -> 0 | J23: U | K23: =D23 -> 750 | L23: =I23*K23 -> 0 | N23: Bouchon Ankrobox Ø50 mm | O23: U | P23: 0.2 | R23: 23 - CREUSE | S23: U | T23: 550 | W23: Ancre a pied 02T5 / lg 055 mm | X23: U | Y23: 0.48
A24: TOTAL H.T. | E24: =E19+E20+E21+E22+E23 -> 0 | H24: TOTAL H.T. | L24: =E24 -> 0 | N24: Bouchon Ankrobox Ø60 mm | O24: U | P24: 0.25 | R24: 24 - DORDOGNE | S24: U | T24: 550 | W24: Ancre a pied 02T5 / lg 085 mm | X24: U | Y24: 0.54
A25: ML | B25: 0 | E25: =E24/B25 -> #DIV/0! | H25: ML | I25: =B25 -> 0 | L25: =L24/I25 -> #DIV/0! | N25: Bouchon Ankrobox Ø80 mm | O25: U | P25: 0.5 | R25: 25 - DOUBS | S25: U | T25: 900 | W25: Ancre a pied 02T5 / lg 120 mm | X25: U | Y25: 0.51
A26: U | B26: =B6 -> 0 | E26: =E24/B26 -> #DIV/0! | H26: U | I26: =B26 -> 0 | L26: =L24/I26 -> #DIV/0! | N26: Contreplaqué | O26: M2 | P26: 20 | R26: 26 - DROME | S26: U | T26: 1000 | W26: Ancre a pied 02T5 / lg 170 mm | X26: U | Y26: 0.59
A27: M3 | B27: =B3 -> 0 | E27: =E24/B27 -> #DIV/0! | H27: M3 | I27: =B27 -> 0 | L27: =L24/I27 -> #DIV/0! | N27: Coupleurs Ø12 femele | O27: U | P27: 5 | R27: 27 - EURE | S27: U | T27: 559 | W27: Ancre a pied 02T5 / lg 280 mm | X27: U | Y27: 0.9
A28: M² | B28: 0 | E28: =E24/B28 -> #DIV/0! | H28: M² | I28: =B28 -> 0 | L28: =L24/I28 -> #DIV/0! | N28: Coupleurs Ø12 mâle | O28: U | P28: 4 | R28: 28 - EURE ET LOIRE | S28: U | T28: 540 | W28: Ancre a pied 05T / lg 095 mm | X28: U | Y28: 0.96
N29: Coupleurs Ø14 femele | O29: U | P29: 9 | R29: 29 - FINISTERE | S29: U | T29: 620 | W29: Ancre a pied 05T / lg 120 mm | X29: U | Y29: 0.98
N30: Coupleurs Ø14 mâle | O30: U | P30: 7 | R30: 30 - GARD | S30: U | T30: 1090 | W30: Ancre a pied 05T / lg 180 mm | X30: U | Y30: 1.19
N31: Coupleurs Ø16 femele | O31: U | P31: 5 | R31: 31 - GARONNE | S31: U | T31: 780 | W31: Ancre a pied 05T / lg 240 mm | X31: U | Y31: 1.35
N32: Coupleurs Ø16 mâle | O32: U | P32: 5 | R32: 32 - GERS | S32: U | T32: 750 | W32: Ancre a pied 05T / lg 340 mm | X32: U | Y32: 1.79
N33: Coupleurs Ø20 femele | O33: U | P33: 18 | R33: 33 - GIRONDE | S33: U | T33: 500 | W33: Ancre a pied 07.5T / lg 100 mm | X33: U | Y33: 1.45
N34: Coupleurs Ø20 mâle | O34: U | P34: 13 | R34: 34 - HERAULT | S34: U | T34: 950 | W34: Ancre a pied 10T / lg 120 mm | X34: U | Y34: 2.16
N35: Crochet de levage ordinaire | O35: U | P35: 3 | R35: 35 - ILLE ET VILAINE | S35: U | T35: 430 | W35: Ancre a pied 10T / lg 150 mm | X35: U | Y35: 2.29
N36: Douilles 1 T | O36: U | P36: 2 | R36: 36 - INDRE | S36: U | T36: 490 | W36: Ancre a pied 10T / lg 170 mm | X36: U | Y36: 2.72
N37: Douilles 2 T | O37: U | P37: 3 | R37: 37 - INDRE ET LOIRE | S37: U | T37: 410 | W37: Ancre a pied 10T / lg 340 mm | X37: U | Y37: 3.52
N38: Douilles BT Innovation | O38: U | P38: 3 | R38: 38 - ISERE | S38: U | T38: 850 | W38: Ancre a pied 15T / lg 165 mm | X38: U | Y38: 3.77
N39: Ecarteur de nappe | O39: ML | P39: 2 | R39: 39 - JURA | S39: U | T39: 850 | W39: Ancre a pied 15T / lg 300 mm | X39: U | Y39: 7.2
N40: Echelle | O40: U | P40: 150 | R40: 40 - LANDES | S40: U | T40: 650 | W40: Ancre a pied 20T / lg 200 mm | X40: U | Y40: 6.91
... N47: Joint Butyl | O47: ML | P47: 6 | R47: 47 - LOT ET GARONNE | S47: U | T47: 610 | W47: Ankrobox Ø40 mm lg 2.5ml | X47: ML | Y47: 2.63
N48: Joint Forsheda | O48: U | R48: 48 - LOZERE | S48: U | T48: 950 | W48: Ankrobox Ø50 mm lg 2.5ml | X48: ML | Y48: 2.57
N49: Joint RubberElast | O49: ML | P49: 6.5 | R49: 49 - MAINE ET LOIRE | S49: U | T49: 400 | W49: Ankrobox Ø65 mm lg 2.5ml | X49: ML | Y49: 3.19
N50: Manchon PVC | O50: ML | R50: 50 - MANCHE | S50: U | T50: 750 | W50: Ankrobox Ø80 mm lg 2.5ml | X50: ML | Y50: 3.94
N51: Manchon TPC | O51: M | R51: 51 - MARNE | S51: U | T51: 840 | W51: Ankrobox Ø95 mm lg 2.5ml | X51: ML | Y51: 5.98
N52: Métal déployé | O52: ML | P52: 4 | R52: 52 - MARNE HAUTE | S52: U | T52: 860 | W52: Béton | X52: M3 | Y52: 100
N53: Nergalto | O53: M2 | P53: 3 | R53: 53 - MAYENNE | S53: U | T53: 430 | W53: Boite attente bois larg 10 HA 8 e=20 50 x Ø | X53: ML | Y53: 2.79
N54: Pins | O54: U | P54: 1.5 | R54: 54 - MEUTHE ET MOSELLE | S54: U | T54: 950 | W54: Boite attente bois larg 10 HA 8 e=25 50 x Ø | X54: ML | Y54: 2.62
N55: Poliuretanos | O55: M2 | R55: 55 - MEUSE | S55: U | T55: 920 | W55: Boite attente metal inversee larg 05 HA 08 e=15 50 x Ø | X55: ML | Y55: 7.73
N56: Polysytyrène | O56: M2 | R56: 56 - MORBIHAN | S56: U | T56: 480 | W56: Boite attente metal inversee larg 06 HA 06 e=20 | X56: ML | Y56: 4.29
N57: Potelets GC Ø42 | O57: U | P57: 0.5 | R57: 57 - MOSELLE | S57: U | T57: 950 | W57: Boite attente metal inversee larg 06 HA 06 e=24 | X57: ML | Y57: 2.34
N58: Rail Halfen 38/17 | O58: ML | P58: 8 | R58: 58 - NIEVRE | S58: U | T58: 600 | W58: Boite attente metal inversee larg 06 HA 08 e=20 etrier ht 12 cm | X58: ML | Y58: 3.49
N59: Rail Halfen 40/22 | O59: ML | R59: 59 - NORD | S59: U | T59: 900 | W59: Boite attente metal inversee larg 06 HA 08 e=24 | X59: ML | Y59: 2.9
N60: Rail Halfen 52/34 | O60: ML | P60: 40 | R60: 60 - OISE | S60: U | T60: 730 | W60: Boite attente metal inversee larg 09 HA 06 e=20 | X60: ML | Y60: 4.29
N61: Rail HTA 50/30 | O61: ML | R61: 61 - ORNE | S61: U | T61: 470 | W61: Boite attente metal inversee larg 09 HA 10 e=20 | X61: ML | Y61: 8.34
N62: Rail HTU 60x25 | O62: ML | P62: 6 | R62: 62 - PAS DE CALAIS | S62: U | T62: 900 | W62: Boite attente metal inversee larg 10 HA 08 e=20 61 x Ø | X62: ML | Y62: 3.36
N63: Rail HTU 80x25 | O63: ML | P63: 5 | R63: 63 - PUY DE DOME | S63: U | T63: 610 | W63: Boite attente metal inversee larg 10 HA 08 e=24 50 x Ø | X63: ML | Y63: 4.04
N64: Sabots 43.5 KN BT Innovation | O64: U | P64: 26 | R64: 64 - PYRENNEES ATLANTIQUES | S64: U | T64: 800 | W64: Boite attente metal inversee larg 10 HA 10 e=10 61 x Ø | X64: ML | Y64: 8.96
N65: Sabots 52.2 KN BT Innovation | O65: U | P65: 30 | R65: 65 - PYRENEES HAUTES | S65: U | T65: 860 | W65: Boite attente metal inversee larg 13 HA 08 e=20 50 x Ø | X65: ML | Y65: 5.07
N66: Tiges filetées | O66: ML | R66: 66 - PYRENEES ORIENTALES | S66: U | T66: 1090 | W66: Boite attente metal inversee larg 13 HA 08 e=24 50 x Ø | X66: ML | Y66: 4.94
N67: Treillis Soudés | O67: KG | P67: 1 | R67: 67 - RHIN BAS | S67: U | T67: 1010 | W67: Boite attente metal inversee larg 15 HA 08 e=20 50 x Ø | X67: ML | Y67: 6.41
N68: Tube PVC | O68: ML | P68: 0 | R68: 68 - RHIN HAUT | S68: U | T68: 1010 | W68: Boite attente metal larg 04,5 HA 8 e=24 / 1 fil | X68: ML | Y68: 3.18
R69: 69 - RHONE | S69: U | T69: 760 | W69: Boite attente metal larg 06 HA 06 e=20 | X69: ML | Y69: 2.75
R70: 70 - SAONE HAUTE | S70: U | T70: 900 | W70: Boite attente metal larg 06 HA 06 e=20 / 1 fil 50 x Ø | X70: ML | Y70: 2.44
R71: 71 - SAONE ET LOIRE | S71: U | T71: 750 | W71: Boite attente metal larg 06 HA 06 e=24 50 x Ø etrier ht=7cm | X71: ML | Y71: 2.55
R72: 72 - SARTHE | S72: U | T72: 450 | W72: Boite attente metal larg 06 HA 06 e=24 / 1 fil 50 x Ø | X72: ML | Y72: 1.95
R73: 73 - SAVOIE | S73: U | T73: 950 | W73: Boite attente metal larg 06 HA 08 e=15 | X73: ML | Y73: 5.42
R74: 74 - SAVOIE HAUTE | S74: U | T74: 880 | W74: Boite attente metal larg 06 HA 08 e=15 1 fil 61 x Ø | X74: ML | Y74: 3.48
R75: 75 - PARIS | S75: U | T75: 610 | W75: Boite attente metal larg 06 HA 08 e=20 ht boite comprise 11 cm | X75: ML | Y75: 3.49
R76: 76 - SEINE | S76: U | T76: 700 | W76: Boite attente metal larg 06 HA 08 e=24 / 1 fil 75 x Ø | X76: ML | Y76: 2.78
R77: 77 - SEINE ET MARNE | S77: U | T77: 610 | W77: Boite attente metal larg 06 HA 10 e=15 1 fil 40 x Ø | X77: ML | Y77: 3.48
R78: 78 - YVELINES | S78: U | T78: 610 | W78: Boite attente metal larg 06 HA 10 e=20 1 fil 50 x Ø | X78: ML | Y78: 4.75
R79: 79 - DEUX-SEVRES | S79: U | T79: 350 | W79: Boite attente metal larg 09 HA 08 e=15 50 x Ø | X79: ML | Y79: 5.22
R80: 80 - SOMME | S80: U | T80: 750 | W80: Boite attente metal larg 09 HA 08 e=20 61 x Ø | X80: ML | Y80: 5.57
... R109: ZONE 7 Normal | S109: U | T109: 360 | W109: Boite attente metal larg 18 HA 12 e=15 50 x Ø | X109: ML | Y109: 11.36
W110: Boite attente metal larg 19 HA 08 e=15 61 x Ø | X110: ML | Y110: 5.56
W111: Boite attente metal larg 19 HA 08 e=20 40 x Ø | X111: ML | Y111: 5.75
W112: Boite attente metal larg 19 HA 10 e=15 lg=1.25ml 50 x Ø | X112: ML | Y112: 9.81
W113: Boite attente metal larg 19 HA 10 e=20 40 x Ø | X113: ML | Y113: 4.99
W114: Boite attente metal larg 19 HA 10 e=24 40 x Ø | X114: ML | Y114: 6.98
W115: Boite attente metal larg 19 HA 12 e=15 40 x Ø | X115: ML | Y115: 8.1
W116: Boite attente metal larg 23 HA 08 e=15 | X116: ML | Y116: 0
W117: Boite attente metal larg 30 HA 12 e=20 50 x Ø | X117: ML | Y117: 15.49
W118: Boite attente plastique larg 10 HA 8 e=20 50 x Ø | X118: ML | Y118: 2.82
W119: Boite attente plastique larg 10 HA 8 e=25 50 x Ø | X119: ML | Y119: 2.78
W120: Boite attente polypro 06.8.200 1 fil | X120: ML | Y120: 5.67
W121: Boite attente polypro 130.10.15 40 x Ø 1 ml | X121: ML | Y121: 10.66
... W411: Tubiro Ø32 lg=3 ml | X411: ML | Y411: 0.91

Sheet Déboursé (7)
A1: DEBOURSE | H1: =A1 -> DEBOURSE | N1: Acier HA | O1: KG | P1: 1.15 | R1: 01 - AIN | S1: U | T1: 750 | W1: About de voile 06x35 en 6 ml 13.20 Kg/pc | X1: KG | Y1: 1.13
A2: Désignation | B2: Quantitée | C2: Unité | D2: Prix unitaire | E2: TOTAL H.T. | H2: Désignation | I2: Quantitée | J2: Unité | K2: Prix unitaire | L2: TOTAL H.T. | N2: Acier relevage 02.5T Frimeda | O2: U | P2: 1.7 | R2: 02 - AISNE | S2: U | T2: 730 | W2: About de voile 08x30 en 3 ml 6.60 Kg/pc | X2: KG | Y2: 1.27
A3: BAN 14N XC3 XF1 C40/50 | B3: 0 | C3: =LOOKUP($A$3:$A$16,article!C7:E2418) -> M3 | D3: 123 | E3: =B3*D3 -> 0 | H3: =A3 -> BAN 14N XC3 XF1 C40/50 | I3: =B3 -> 0 | J3: =C3 -> M3 | K3: 100 | L3: =I3*K3 -> 0 | N3: Acier relevage 05T Frimeda | O3: U | P3: 2 | R3: 03 - ALLIER | S3: U | T3: 580 | W3: About de voile 10x45 en 3 ml 6.60 Kg/pc | X3: KG | Y3: 1.11
A4: Armatures assemblées industriel | B4: 0 | C4: =LOOKUP($A$3:$A$16,article!C8:E2419) -> KG | D4: 1.2 | E4: =B4*D4 -> 0 | H4: =A4 -> Armatures assemblées industriel | I4: =B4 -> 0 | J4: =C4 -> KG | K4: =D4 -> 1.2 | L4: =I4*K4 -> 0 | N4: Acier relevage 10T Frimeda | O4: U | P4: 4.2 | R4: 04 - ALPES HAUTE PROVENCE | S4: U | T4: 1150 | W4: Acier de relevage Frimeda 02T5 | X4: U | Y4: 1.7
A5: TS | B5: 0 | C5: =LOOKUP($A$3:$A$16,article!C9:E2420) -> U | D5: =LOOKUP($A$3:$A$16,article!C:C,article!M:M) -> 10.9 | E5: =B5*D5 -> 0 | H5: =A5 -> TS | I5: =B5 -> 0 | J5: =C5 -> U | K5: =D5 -> 10.9 | L5: =I5*K5 -> 0 | N5: Ancre Artéon 01.3T | O5: U | P5: 2 | R5: 05 - ALPES HAUTES | S5: U | T5: 1150 | W5: Acier de relevage Frimeda 05T | X5: U | Y5: 1.99
A6: HCA | B6: 0 | C6: =LOOKUP($A$3:$A$16,article!C10:E2421) -> U | D6: 1.2 | E6: =B6*D6 -> 0 | H6: =A6 -> HCA | I6: =B6 -> 0 | J6: =C6 -> U | K6: =D6 -> 1.2 | L6: =I6*K6 -> 0 | N6: Ancre Artéon 02.5T | O6: U | P6: 3 | R6: 06 - ALPES MARITIMES | S6: U | T6: 1410 | W6: Acier de relevage Frimeda 10T | X6: U | Y6: 4.33
A7: Ecarteur de nappe | B7: 0 | C7: =LOOKUP($A$3:$A$16,article!C11:E2422) -> ML | D7: =LOOKUP($A$3:$A$16,article!C:C,article!M:M) -> 0.82 | E7: =B7*D7 -> 0 | H7: =A7 -> Ecarteur de nappe | I7: =B7 -> 0 | J7: =C7 -> ML | K7: =D7 -> 0.82 | L7: =I7*K7 -> 0 | N7: Ancre Artéon 05T | O7: U | P7: 3.5 | R7: 07 - ARDECHE | S7: U | T7: 900 | W7: Aciers HA | X7: KG | Y7: 1.1
A8: ANCRE A PIED 2T5/ LG 170MM SAC DE 100 | B8: 0 | C8: =LOOKUP($A$3:$A$16,article!C12:E2423) -> U | D8: =LOOKUP($A$3:$A$16,article!C:C,article!M:M) -> 0.55 | E8: =B8*D8 -> 0 | H8: =A8 -> ANCRE A PIED 2T5/ LG 170MM SAC DE 100 | I8: =B8 -> 0 | J8: =C8 -> U | K8: =D8 -> 0.55 | L8: =I8*K8 -> 0 | N8: Ancre Artéon 10T | O8: U | P8: 4 | R8: 08 - ARDENNES | S8: U | T8: 880 | W8: Ancre a oeil 01T3 / lg 050 mm | X8: U | Y8: 0.39
A9: ANCRE A PIED 1T3 / LG 170 MM SAC DE 100 | B9: 0 | C9: =LOOKUP($A$3:$A$16,article!C13:E2424) -> U | D9: =LOOKUP($A$3:$A$16,article!C:C,article!M:M) -> 0.32 | E9: =B9*D9 -> 0 | H9: =A9 -> ANCRE A PIED 1T3 / LG 170 MM SAC DE 100 | I9: =B9 -> 0 | J9: =C9 -> U | K9: =D9 -> 0.32 | L9: =I9*K9 -> 0 | N9: Ancre Artéon 15T | O9: U | P9: 6 | R9: 09 - ARIEGE | S9: U | T9: 940 | W9: Ancre a oeil 01T3 / lg 065 mm | X9: U | Y9: 0.39
A10: Ancre Artéon 10T | B10: 0 | C10: =LOOKUP($A$3:$A$16,article!C14:E2425) -> U | D10: =LOOKUP($A$3:$A$16,article!C:C,article!M:M) -> 8.14 | E10: =B10*D10 -> 0 | H10: =A10 -> Ancre Artéon 10T | I10: =B10 -> 0 | J10: =C10 -> U | K10: =D10 -> 8.14 | L10: =I10*K10 -> 0 | N10: Ancre Artéon 20T | O10: U | P10: 10 | R10: 10 - AUBE | S10: U | T10: 765 | W10: Ancre a oeil 02T5 / lg 090 mm | X10: U | Y10: 0.56
A11: Crochet de levage ordinaire | B11: 0 | C11: =LOOKUP($A$3:$A$16,article!C15:E2426) -> U | D11: =LOOKUP($A$3:$A$16,article!C:C,article!M:M) -> 7.15 | E11: =B11*D11 -> 0 | H11: =A11 -> Crochet de levage ordinaire | I11: =B11 -> 0 | J11: =C11 -> U | K11: =D11 -> 7.15 | L11: =I11*K11 -> 0 | N11: Ancre Frimeda 02.5T | O11: U | P11: 3.5 | R11: 11 - AUDE | S11: U | T11: 1000 | W11: Ancre a oeil 02T5 / lg 120 mm | X11: U | Y11: 1.4
A12: Douilles 2 T | B12: 0 | C12: =LOOKUP($A$3:$A$16,article!C16:E2427) -> U | D12: =LOOKUP($A$3:$A$16,article!C:C,article!M:M) -> 7.37 | E12: =B12*D12 -> 0 | H12: =A12 -> Douilles 2 T | I12: =B12 -> 0 | J12: =C12 -> U | K12: =D12 -> 7.37 | L12: =I12*K12 -> 0 | N12: Ancre Frimeda 05T | O12: U | P12: 6.5 | R12: 12 - AVEYRON | S12: U | T12: 881 | W12: Ancre a oeil 05T / lg 090 mm | X12: U | Y12: 1.12
A13: Métal déployé | B13: 0 | C13: =LOOKUP($A$3:$A$16,article!C17:E2428) -> U | D13: =LOOKUP($A$3:$A$16,article!C:C,article!M:M) -> 0 | E13: =B13*D13 -> 0 | H13: =A13 -> Métal déployé | I13: =B13 -> 0 | J13: =C13 -> U | K13: =D13 -> 0 | L13: =I13*K13 -> 0 | N13: Ancre Frimeda 10T | O13: U | P13: 15 | R13: 13 - BOUCHES DU RHONE | S13: U | T13: 1150 | W13: Ancre a oeil 10T / lg 115 mm | X13: U | Y13: 2.48
A14: Boite d'attente Ø6 ou Ø8 | B14: 0 | C14: =LOOKUP($A$3:$A$16,article!C18:E2429) -> ML | D14: =LOOKUP($A$3:$A$16,article!C:C,article!M:M) -> 2.44 | E14: =B14*D14 -> 0 | H14: =A14 -> Boite d'attente Ø6 ou Ø8 | I14: =B14 -> 0 | J14: =C14 -> ML | K14: =D14 -> 2.44 | L14: =I14*K14 -> 0 | N14: Ankrobox Ø40 mm | O14: ML | P14: 3 | R14: 14 - CALVADOS | S14: U | T14: 600 | W14: Ancre a oeil 10T / lg 180 mm | X14: U | Y14: 2.94
A15: Tiges filetées | B15: 0 | C15: =LOOKUP($A$3:$A$16,article!C19:E2430) -> U | D15: =LOOKUP($A$3:$A$16,article!C:C,article!M:M) -> 63.01 | E15: =B15*D15 -> 0 | H15: =A15 -> Tiges filetées | I15: =B15 -> 0 | J15: =C15 -> U | K15: =D15 -> 63.01 | L15: =I15*K15 -> 0 | N15: Ankrobox Ø50 mm | O15: ML | P15: 3 | R15: 14 - CANTAL | S15: U | T15: 695 | W15: Ancre a oeil 20T / lg 250 mm | X15: U | Y15: 9.95
A16: Contreplaqué | B16: 0 | C16: M2 | D16: 20 | E16: =B16*D16 -> 0 | H16: =A16 -> Contreplaqué | I16: =B16 -> 0 | J16: =C16 -> M2 | K16: =D16 -> 20 | L16: =I16*K16 -> 0 | N16: Ankrobox Ø60 mm | O16: ML | P16: 4 | R16: 16 - CHARENTE | S16: U | T16: 400 | W16: Ancre a pied 01T3 / lg 035 mm | X16: U | Y16: 0.26
A17: TOTAL HORS BENEFICE | D17: 0 | E17: =SUM(E3:E16) -> 0 | H17: TOTAL HORS BENEFICE | K17: 0 | L17: =SUM(L3:L16) -> 0 | N17: Ankrobox Ø80 mm | O17: ML | P17: 5 | R17: 17 - CHARENTE MARITIME | S17: U | T17: 400 | W17: Ancre a pied 01T3 / lg 050 mm | X17: U | Y17: 0.39
A18: Marge | B18: 30 | C18: % | D18: 0 | E18: =E17*B18/100 -> 0 | F18: =IF(E24=0,"",E18/E24) | H18: Marge | I18: =IF((L18=0),"",L18/L17*100) | J18: % | K18: 0 | L18: =L19-L17 -> 0 | M18: =IF(E24=0,"",L18/L24) | N18: Ankrobox Ø95 mm | O18: ML | P18: 6.5 | R18: 18 - CHER | S18: U | T18: 500 | W18: Ancre a pied 01T3 / lg 065 mm | X18: U | Y18: 0
E19: =E17+E18 -> 0 | L19: =L24-L21-L20-L22-L23 -> 0 | N19: Ankromur avec crochets | O19: ML | P19: 6 | R19: 19 - CORREZE | S19: U | T19: 558 | W19: Ancre a pied 01T3 / lg 085 mm | X19: U | Y19: 0.36
A20: M.O. | B20: 0 | C20: U | D20: 87.5 | E20: =B20*D20 -> 0 | H20: =A20 -> M.O. | I20: =B20 -> 0 | J20: U | K20: 85 | L20: =I20*K20 -> 0 | N20: Béton | O20: M3 | P20: 110 | R20: 20 - CORSE | S20: U | T20: 0 | W20: Ancre a pied 01T3 / lg 120 mm | X20: U | Y20: 0.38
A21: Coffrage | B21: 0 | C21: U | D21: 87.5 | E21: =B21*D21 -> 0 | H21: =A21 -> Coffrage | I21: =B21 -> 0 | J21: U | K21: 85 | L21: =I21*K21 -> 0 | N21: Boite d'attente Ø6 ou Ø8 | O21: ML | P21: 4 | R21: 21 - COTE D'OR | S21: U | T21: 750 | W21: Ancre a pied 01T3 / lg 170 mm | X21: U | Y21: 0.54
A22: Finition | B22: 0 | C22: U | D22: 87.5 | E22: =B22*D22 -> 0 | H22: =A22 -> Finition | I22: =B22 -> 0 | J22: U | K22: 85 | L22: =I22*K22 -> 0 | N22: Bouchon Ankrobox Ø40 mm | O22: U | P22: 0.15 | R22: 22 - COTES D'ARMOR | S22: U | T22: 560 | W22: Ancre a pied 01T3 / lg 240 mm | X22: U | Y22: 0.63
A23: 01 - AIN | B23: 0 | C23: =LOOKUP(A23,R:S) -> U | D23: =LOOKUP(A23,R:R,T:T) -> 750 | E23: =B23*D23 -> 0 | H23: =A23 -> 01 - AIN | I23: =B23 -> 0 | J23: U | K23: =D23 -> 750 | L23: =I23*K23 -> 0 | N23: Bouchon Ankrobox Ø50 mm | O23: U | P23: 0.2 | R23: 23 - CREUSE | S23: U | T23: 550 | W23: Ancre a pied 02T5 / lg 055 mm | X23: U | Y23: 0.48
A24: TOTAL H.T. | E24: =E19+E20+E21+E22+E23 -> 0 | H24: TOTAL H.T. | L24: =E24 -> 0 | N24: Bouchon Ankrobox Ø60 mm | O24: U | P24: 0.25 | R24: 24 - DORDOGNE | S24: U | T24: 550 | W24: Ancre a pied 02T5 / lg 085 mm | X24: U | Y24: 0.54
A25: ML | B25: 0 | E25: =E24/B25 -> #DIV/0! | H25: ML | I25: =B25 -> 0 | L25: =L24/I25 -> #DIV/0! | N25: Bouchon Ankrobox Ø80 mm | O25: U | P25: 0.5 | R25: 25 - DOUBS | S25: U | T25: 900 | W25: Ancre a pied 02T5 / lg 120 mm | X25: U | Y25: 0.51
A26: U | B26: =B6 -> 0 | E26: =E24/B26 -> #DIV/0! | H26: U | I26: =B26 -> 0 | L26: =L24/I26 -> #DIV/0! | N26: Contreplaqué | O26: M2 | P26: 20 | R26: 26 - DROME | S26: U | T26: 1000 | W26: Ancre a pied 02T5 / lg 170 mm | X26: U | Y26: 0.59
A27: M3 | B27: =B3 -> 0 | E27: =E24/B27 -> #DIV/0! | H27: M3 | I27: =B27 -> 0 | L27: =L24/I27 -> #DIV/0! | N27: Coupleurs Ø12 femele | O27: U | P27: 5 | R27: 27 - EURE | S27: U | T27: 559 | W27: Ancre a pied 02T5 / lg 280 mm | X27: U | Y27: 0.9
A28: M² | B28: 0 | E28: =E24/B28 -> #DIV/0! | H28: M² | I28: =B28 -> 0 | L28: =L24/I28 -> #DIV/0! | N28: Coupleurs Ø12 mâle | O28: U | P28: 4 | R28: 28 - EURE ET LOIRE | S28: U | T28: 540 | W28: Ancre a pied 05T / lg 095 mm | X28: U | Y28: 0.96
N29: Coupleurs Ø14 femele | O29: U | P29: 9 | R29: 29 - FINISTERE | S29: U | T29: 620 | W29: Ancre a pied 05T / lg 120 mm | X29: U | Y29: 0.98
N30: Coupleurs Ø14 mâle | O30: U | P30: 7 | R30: 30 - GARD | S30: U | T30: 1090 | W30: Ancre a pied 05T / lg 180 mm | X30: U | Y30: 1.19
N31: Coupleurs Ø16 femele | O31: U | P31: 5 | R31: 31 - GARONNE | S31: U | T31: 780 | W31: Ancre a pied 05T / lg 240 mm | X31: U | Y31: 1.35
N32: Coupleurs Ø16 mâle | O32: U | P32: 5 | R32: 32 - GERS | S32: U | T32: 750 | W32: Ancre a pied 05T / lg 340 mm | X32: U | Y32: 1.79
N33: Coupleurs Ø20 femele | O33: U | P33: 18 | R33: 33 - GIRONDE | S33: U | T33: 500 | W33: Ancre a pied 07.5T / lg 100 mm | X33: U | Y33: 1.45
N34: Coupleurs Ø20 mâle | O34: U | P34: 13 | R34: 34 - HERAULT | S34: U | T34: 950 | W34: Ancre a pied 10T / lg 120 mm | X34: U | Y34: 2.16
N35: Crochet de levage ordinaire | O35: U | P35: 3 | R35: 35 - ILLE ET VILAINE | S35: U | T35: 430 | W35: Ancre a pied 10T / lg 150 mm | X35: U | Y35: 2.29
N36: Douilles 1 T | O36: U | P36: 2 | R36: 36 - INDRE | S36: U | T36: 490 | W36: Ancre a pied 10T / lg 170 mm | X36: U | Y36: 2.72
N37: Douilles 2 T | O37: U | P37: 3 | R37: 37 - INDRE ET LOIRE | S37: U | T37: 410 | W37: Ancre a pied 10T / lg 340 mm | X37: U | Y37: 3.52
N38: Douilles BT Innovation | O38: U | P38: 3 | R38: 38 - ISERE | S38: U | T38: 850 | W38: Ancre a pied 15T / lg 165 mm | X38: U | Y38: 3.77
N39: Ecarteur de nappe | O39: ML | P39: 2 | R39: 39 - JURA | S39: U | T39: 850 | W39: Ancre a pied 15T / lg 300 mm | X39: U | Y39: 7.2
N40: Echelle | O40: U | P40: 150 | R40: 40 - LANDES | S40: U | T40: 650 | W40: Ancre a pied 20T / lg 200 mm | X40: U | Y40: 6.91
... N47: Joint Butyl | O47: ML | P47: 6 | R47: 47 - LOT ET GARONNE | S47: U | T47: 610 | W47: Ankrobox Ø40 mm lg 2.5ml | X47: ML | Y47: 2.63
N48: Joint Forsheda | O48: U | R48: 48 - LOZERE | S48: U | T48: 950 | W48: Ankrobox Ø50 mm lg 2.5ml | X48: ML | Y48: 2.57
N49: Joint RubberElast | O49: ML | P49: 6.5 | R49: 49 - MAINE ET LOIRE | S49: U | T49: 400 | W49: Ankrobox Ø65 mm lg 2.5ml | X49: ML | Y49: 3.19
N50: Manchon PVC | O50: ML | R50: 50 - MANCHE | S50: U | T50: 750 | W50: Ankrobox Ø80 mm lg 2.5ml | X50: ML | Y50: 3.94
N51: Manchon TPC | O51: M | R51: 51 - MARNE | S51: U | T51: 840 | W51: Ankrobox Ø95 mm lg 2.5ml | X51: ML | Y51: 5.98
N52: Métal déployé | O52: ML | P52: 4 | R52: 52 - MARNE HAUTE | S52: U | T52: 860 | W52: Béton | X52: M3 | Y52: 100
N53: Nergalto | O53: M2 | P53: 3 | R53: 53 - MAYENNE | S53: U | T53: 430 | W53: Boite attente bois larg 10 HA 8 e=20 50 x Ø | X53: ML | Y53: 2.79
N54: Pins | O54: U | P54: 1.5 | R54: 54 - MEUTHE ET MOSELLE | S54: U | T54: 950 | W54: Boite attente bois larg 10 HA 8 e=25 50 x Ø | X54: ML | Y54: 2.62
N55: Poliuretanos | O55: M2 | R55: 55 - MEUSE | S55: U | T55: 920 | W55: Boite attente metal inversee larg 05 HA 08 e=15 50 x Ø | X55: ML | Y55: 7.73
N56: Polysytyrène | O56: M2 | R56: 56 - MORBIHAN | S56: U | T56: 480 | W56: Boite attente metal inversee larg 06 HA 06 e=20 | X56: ML | Y56: 4.29
N57: Potelets GC Ø42 | O57: U | P57: 0.5 | R57: 57 - MOSELLE | S57: U | T57: 950 | W57: Boite attente metal inversee larg 06 HA 06 e=24 | X57: ML | Y57: 2.34
N58: Rail Halfen 38/17 | O58: ML | P58: 8 | R58: 58 - NIEVRE | S58: U | T58: 600 | W58: Boite attente metal inversee larg 06 HA 08 e=20 etrier ht 12 cm | X58: ML | Y58: 3.49
N59: Rail Halfen 40/22 | O59: ML | R59: 59 - NORD | S59: U | T59: 900 | W59: Boite attente metal inversee larg 06 HA 08 e=24 | X59: ML | Y59: 2.9
N60: Rail Halfen 52/34 | O60: ML | P60: 40 | R60: 60 - OISE | S60: U | T60: 730 | W60: Boite attente metal inversee larg 09 HA 06 e=20 | X60: ML | Y60: 4.29
N61: Rail HTA 50/30 | O61: ML | R61: 61 - ORNE | S61: U | T61: 470 | W61: Boite attente metal inversee larg 09 HA 10 e=20 | X61: ML | Y61: 8.34
N62: Rail HTU 60x25 | O62: ML | P62: 6 | R62: 62 - PAS DE CALAIS | S62: U | T62: 900 | W62: Boite attente metal inversee larg 10 HA 08 e=20 61 x Ø | X62: ML | Y62: 3.36
N63: Rail HTU 80x25 | O63: ML | P63: 5 | R63: 63 - PUY DE DOME | S63: U | T63: 610 | W63: Boite attente metal inversee larg 10 HA 08 e=24 50 x Ø | X63: ML | Y63: 4.04
N64: Sabots 43.5 KN BT Innovation | O64: U | P64: 26 | R64: 64 - PYRENNEES ATLANTIQUES | S64: U | T64: 800 | W64: Boite attente metal inversee larg 10 HA 10 e=10 61 x Ø | X64: ML | Y64: 8.96
N65: Sabots 52.2 KN BT Innovation | O65: U | P65: 30 | R65: 65 - PYRENEES HAUTES | S65: U | T65: 860 | W65: Boite attente metal inversee larg 13 HA 08 e=20 50 x Ø | X65: ML | Y65: 5.07
N66: Tiges filetées | O66: ML | R66: 66 - PYRENEES ORIENTALES | S66: U | T66: 1090 | W66: Boite attente metal inversee larg 13 HA 08 e=24 50 x Ø | X66: ML | Y66: 4.94
N67: Treillis Soudés | O67: KG | P67: 1 | R67: 67 - RHIN BAS | S67: U | T67: 1010 | W67: Boite attente metal inversee larg 15 HA 08 e=20 50 x Ø | X67: ML | Y67: 6.41
N68: Tube PVC | O68: ML | P68: 0 | R68: 68 - RHIN HAUT | S68: U | T68: 1010 | W68: Boite attente metal larg 04,5 HA 8 e=24 / 1 fil | X68: ML | Y68: 3.18
R69: 69 - RHONE | S69: U | T69: 760 | W69: Boite attente metal larg 06 HA 06 e=20 | X69: ML | Y69: 2.75
R70: 70 - SAONE HAUTE | S70: U | T70: 900 | W70: Boite attente metal larg 06 HA 06 e=20 / 1 fil 50 x Ø | X70: ML | Y70: 2.44
R71: 71 - SAONE ET LOIRE | S71: U | T71: 750 | W71: Boite attente metal larg 06 HA 06 e=24 50 x Ø etrier ht=7cm | X71: ML | Y71: 2.55
R72: 72 - SARTHE | S72: U | T72: 450 | W72: Boite attente metal larg 06 HA 06 e=24 / 1 fil 50 x Ø | X72: ML | Y72: 1.95
R73: 73 - SAVOIE | S73: U | T73: 950 | W73: Boite attente metal larg 06 HA 08 e=15 | X73: ML | Y73: 5.42
R74: 74 - SAVOIE HAUTE | S74: U | T74: 880 | W74: Boite attente metal larg 06 HA 08 e=15 1 fil 61 x Ø | X74: ML | Y74: 3.48
R75: 75 - PARIS | S75: U | T75: 610 | W75: Boite attente metal larg 06 HA 08 e=20 ht boite comprise 11 cm | X75: ML | Y75: 3.49
R76: 76 - SEINE | S76: U | T76: 700 | W76: Boite attente metal larg 06 HA 08 e=24 / 1 fil 75 x Ø | X76: ML | Y76: 2.78
R77: 77 - SEINE ET MARNE | S77: U | T77: 610 | W77: Boite attente metal larg 06 HA 10 e=15 1 fil 40 x Ø | X77: ML | Y77: 3.48
R78: 78 - YVELINES | S78: U | T78: 610 | W78: Boite attente metal larg 06 HA 10 e=20 1 fil 50 x Ø | X78: ML | Y78: 4.75
R79: 79 - DEUX-SEVRES | S79: U | T79: 350 | W79: Boite attente metal larg 09 HA 08 e=15 50 x Ø | X79: ML | Y79: 5.22
R80: 80 - SOMME | S80: U | T80: 750 | W80: Boite attente metal larg 09 HA 08 e=20 61 x Ø | X80: ML | Y80: 5.57
... R109: ZONE 7 Normal | S109: U | T109: 360 | W109: Boite attente metal larg 18 HA 12 e=15 50 x Ø | X109: ML | Y109: 11.36
W110: Boite attente metal larg 19 HA 08 e=15 61 x Ø | X110: ML | Y110: 5.56
W111: Boite attente metal larg 19 HA 08 e=20 40 x Ø | X111: ML | Y111: 5.75
W112: Boite attente metal larg 19 HA 10 e=15 lg=1.25ml 50 x Ø | X112: ML | Y112: 9.81
W113: Boite attente metal larg 19 HA 10 e=20 40 x Ø | X113: ML | Y113: 4.99
W114: Boite attente metal larg 19 HA 10 e=24 40 x Ø | X114: ML | Y114: 6.98
W115: Boite attente metal larg 19 HA 12 e=15 40 x Ø | X115: ML | Y115: 8.1
W116: Boite attente metal larg 23 HA 08 e=15 | X116: ML | Y116: 0
W117: Boite attente metal larg 30 HA 12 e=20 50 x Ø | X117: ML | Y117: 15.49
W118: Boite attente plastique larg 10 HA 8 e=20 50 x Ø | X118: ML | Y118: 2.82
W119: Boite attente plastique larg 10 HA 8 e=25 50 x Ø | X119: ML | Y119: 2.78
W120: Boite attente polypro 06.8.200 1 fil | X120: ML | Y120: 5.67
W121: Boite attente polypro 130.10.15 40 x Ø 1 ml | X121: ML | Y121: 10.66
... W411: Tubiro Ø32 lg=3 ml | X411: ML | Y411: 0.91

Sheet article
A1: Type | B1: Code | C1: Designation | D1: Complement | E1: Unite | F1: Prix tarif | G1: Remise | H1: PAUHF | I1: PAU | J1: FG | K1: PRU | L1: Benefice | M1: PVU | N1: Coef de perte | O1: Cadence | P1: TVA | Q1: Date MAJ | R1: Mot clef | S1: Famille | T1: IdFHier | U1: Fournisseur | V1: Date d'effet | W1: Graphique (chemin) | X1: Code barre | Y1: Code regroupement | Z1: Code substitution | AA1: CarTech Code 1 | AB1: CarTech Qte 1 | AC1: CarTech Code 2 | AD1: CarTech Qte 2 | AE1: CarTech Code 3 | AF1: CarTech Qte 3 | AG1: PoseCheck | AH1: RemiseRadio | AI1: PVURadio | AJ1: PVUPRadio | AK1: TypeMO | AL1: CodeMO | AM1: QteMO | AN1: FGMO | AO1: BenefMO | AP1: PVUMO | AQ1: SupprimeCheck | AR1: SommeilCheck | AS1: PauFrnt | AT1: CentFrnt | AU1: FrntRadio | AV1: FrntCheck | AW1: Code comptable | AX1: Analytique1 | AY1: Analytique2 | AZ1: Analytique3 | BA1: AnalytiqueRadio | BB1: UCCarTech1 | BC1: UCUnite1 | BD1: UCVal1 | BE1: UCCarTech2 | BF1: UCUnite2 | BG1: UCVal2 | BH1: UCCarTech3 | BI1: UCUnite3 | BJ1: UCVal3 | BK1: UCCarTech4 | BL1: UCUnite4 | BM1: UCVal4 | BN1: UCCarTech5 | BO1: UCUnite5 | BP1: UCVal5 | BQ1: Fournisseur1 | BR1: CodeArticleFr1 | BS1: Fournisseur2 | BT1: CodeArticleFr2 | BU1: Fournisseur3 | BV1: CodeArticleFr3 | BW1: Metre | BX1: CAOKey | BY1: Profil | BZ1: MtEcoTaxe | CA1: EtarifCheck | CB1: EtarifDate | CC1: EtarifFabricantID | CD1: EtarifFabricantCode | CE1: EtarifArticleCode | CF1: EtarifUnused
A2: 31001 | B2: ARMATURES | F2: 0 | G2: 0 | H2: 0 | I2: 0 | J2: 1 | K2: 0 | L2: 1 | M2: 0 | N2: 1 | O2: 1 | P2: 0 | Q2: 42313 | AB2: 0 | AD2: 0 | AF2: 0 | AG2: 0 | AH2: 0 | AI2: 0 | AJ2: 0 | AK2: 0 | AM2: 0 | AN2: 1 | AO2: 1 | AP2: 0 | AQ2: 0 | AR2: 0 | AS2: 0 | AT2: 0 | AU2: 0 | AV2: 0 | BA2: 0 | BD2: 0 | BG2: 0 | BJ2: 0 | BM2: 0 | BP2: 0 | BX2: 0 | BY2: 0 | BZ2: 0 | CA2: 0
A3: 10001 | B3: QUIN1/2MASSILIFRE | C3: 1/2 MASQUE SILICONE A CARTOUCHE | E3: U | F3: 10.08 | G3: 0 | H3: 10.08 | I3: 10.08 | J3: 1 | K3: 10.08 | L3: 1 | M3: 10.08 | N3: 1 | O3: 1 | P3: 0 | Q3: 40959 | S3: E P I | T3: @m89p | U3: ROUSSELOT | AB3: 0 | AD3: 0 | AF3: 0 | AG3: 0 | AH3: 0 | AI3: 0 | AJ3: 0 | AK3: 0 | AM3: 0 | AN3: 1 | AO3: 1 | AP3: 0 | AQ3: 0 | AR3: 0 | AS3: 0 | AT3: 0 | AU3: 0 | AV3: 0 | BA3: 0 | BD3: 0 | BG3: 0 | BJ3: 0 | BM3: 0 | BP3: 0 | BQ3: ROUSSELOT | BR3: 300409 | BX3: 0 | BY3: 15 | BZ3: 0 | CA3: 0
A4: 10001 | B4: CONRONDL06 | C4: 10.6 | E4: MI | F4: 10.6 | G4: 0 | H4: 10.6 | I4: 10.6 | J4: 1 | K4: 10.6 | L4: 1 | M4: 10.6 | N4: 1 | O4: 1 | P4: 0 | Q4: 42614 | S4: VISSERIE | T4: @m82O | U4: LAVEIX | AB4: 0 | AD4: 0 | AF4: 0 | AG4: 0 | AH4: 0 | AI4: 0 | AJ4: 0 | AK4: 0 | AM4: 0 | AN4: 1 | AO4: 1 | AP4: 0 | AQ4: 0 | AR4: 0 | AS4: 0 | AT4: 0 | AU4: 0 | AV4: 0 | BA4: 0 | BD4: 0 | BG4: 0 | BJ4: 0 | BM4: 0 | BP4: 0 | BQ4: LAVEIX | BR4: 6904115 | BX4: 0 | BY4: 15 | BZ4: 0 | CA4: 0
A5: 10001 | B5: PRO1000CLEAN | C5: 1000 CLEAN BIDON DE 30 L | E5: L | F5: 5.75 | G5: 0 | H5: 5.55 | I5: 5.75 | J5: 1 | K5: 5.55 | L5: 1 | M5: 5.75 | N5: 1 | O5: 1 | P5: 0 | Q5: 42796 | S5: PRODUITSCHIMNETT | T5: @m8oM | U5: MAROSAM | AB5: 0 | AD5: 0 | AF5: 0 | AG5: 0 | AH5: 0 | AI5: 0 | AJ5: 0 | AK5: 0 | AM5: 0 | AN5: 1 | AO5: 1 | AP5: 0 | AQ5: 0 | AR5: 0 | AS5: 0 | AT5: 0 | AU5: 0 | AV5: 0 | BA5: 0 | BD5: 0 | BG5: 0 | BJ5: 0 | BM5: 0 | BP5: 0 | BQ5: MAROSAM | BR5: 5728 | BS5: PRIMECO | BT5: 101913 | BU5: SORELIA PRO | BV5: CLEAN CAR | BX5: 0 | BY5: 15 | BZ5: 0 | CA5: 0 | CB5: 0
A6: 10001 | B6: STAABOU06X35 | C6: ABOUT DE VOILE 06X35 EN 6 ML 13.20 KG/PC | E6: KG | F6: 1.06 | G6: 0 | H6: 1.06 | I6: 1.06 | J6: 1 | K6: 1.06 | L6: 1 | M6: 1.06 | N6: 1 | O6: 1 | P6: 0 | Q6: 42670 | R6: S | S6: ECART/LINT/ABOUT/C | T6: @Xluokv | U6: CLISSON | AB6: 0 | AD6: 0 | AF6: 0 | AG6: 0 | AH6: 0 | AI6: 0 | AJ6: 0 | AK6: 0 | AM6: 0 | AN6: 1 | AO6: 1 | AP6: 0 | AQ6: 0 | AR6: 0 | AS6: 0 | AT6: 0 | AU6: 0 | AV6: 0 | BA6: 0 | BD6: 0 | BG6: 0 | BJ6: 0 | BM6: 0 | BP6: 0 | BQ6: BRESSUIRE ARMA | BS6: CLISSON | BU6: ALBERT | BX6: 0 | BY6: 15 | BZ6: 0 | CA6: 0
A7: 10001 | B7: STAABOU10X45 | C7: ABOUT DE VOILE 10X45 EN 3 ML 6.60 KG/PC | E7: KG | F7: 1.07 | G7: 0 | H7: 1.07 | I7: 1.07 | J7: 1 | K7: 1.07 | L7: 1 | M7: 1.07 | N7: 1 | O7: 1 | P7: 0 | Q7: 42789 | R7: S | S7: ECART/LINT/ABOUT/C | T7: @Xluokv | U7: ALBERT | AB7: 0 | AD7: 0 | AF7: 0 | AG7: 0 | AH7: 0 | AI7: 0 | AJ7: 0 | AK7: 0 | AM7: 0 | AN7: 1 | AO7: 1 | AP7: 0 | AQ7: 0 | AR7: 0 | AS7: 0 | AT7: 0 | AU7: 0 | AV7: 0 | BA7: 0 | BD7: 0 | BG7: 0 | BJ7: 0 | BM7: 0 | BP7: 0 | BQ7: BRESSUIRE ARMA | BS7: CLISSON | BU7: TECHNO | BX7: 0 | BY7: 15 | BZ7: 0 | CA7: 0
A8: 10001 | B8: STAABOU8X30 | C8: ABOUT DE VOILE 8X30 EN 3 ML 6.60 KG/PC | E8: KG | F8: 1.26 | G8: 0 | H8: 1.26 | I8: 1.26 | J8: 1 | K8: 1.26 | L8: 1 | M8: 1.26 | N8: 1 | O8: 1 | P8: 0 | Q8: 43048 | R8: S | S8: ECART/LINT/ABOUT/C | T8: @Xluokv | U8: BRESSUIRE ARMA | AB8: 0 | AD8: 0 | AF8: 0 | AG8: 0 | AH8: 0 | AI8: 0 | AJ8: 0 | AK8: 0 | AM8: 0 | AN8: 1 | AO8: 1 | AP8: 0 | AQ8: 0 | AR8: 0 | AS8: 0 | AT8: 0 | AU8: 0 | AV8: 0 | BA8: 0 | BD8: 0 | BG8: 0 | BJ8: 0 | BM8: 0 | BP8: 0 | BQ8: BRESSUIRE ARMA | BS8: ALBERT | BU8: CLISSON | BX8: 0 | BY8: 15 | BZ8: 0 | CA8: 0
A9: 10001 | B9: PROABSORBANT | C9: ABSORBANT 20 KG | E9: KG | F9: 22.5 | G9: 0 | H9: 22.5 | I9: 22.5 | J9: 1 | K9: 22.5 | L9: 1 | M9: 22.5 | N9: 1 | O9: 1 | P9: 0 | Q9: 42418 | S9: PRODUITSCHIMNETT | T9: @m8oM | U9: PRIMECO | AB9: 0 | AD9: 0 | AF9: 0 | AG9: 0 | AH9: 0 | AI9: 0 | AJ9: 0 | AK9: 0 | AM9: 0 | AN9: 1 | AO9: 1 | AP9: 0 | AQ9: 0 | AR9: 0 | AS9: 0 | AT9: 0 | AU9: 0 | AV9: 0 | BA9: 0 | BD9: 0 | BG9: 0 | BJ9: 0 | BM9: 0 | BP9: 0 | BQ9: BARRAULT | BR9: DAMO25/50IMP | BS9: PRIMECO | BT9: 201103 | BX9: 0 | BY9: 21 | BZ9: 0 | CA9: 0 | CB9: 0
A10: 10001 | B10: CONSREPACCROCHE | C10: ACCROCHEUR MICRO GOBETIS SEAU DE 20 KG | E10: U | F10: 44.96 | G10: 0 | H10: 44.96 | I10: 44.96 | J10: 1 | K10: 44.96 | L10: 1 | M10: 44.96 | N10: 1 | O10: 1 | P10: 0 | Q10: 42907 | S10: REPARATION | T10: @faGz | U10: FAUCON | AB10: 0 | AD10: 0 | AF10: 0 | AG10: 0 | AH10: 0 | AI10: 0 | AJ10: 0 | AK10: 0 | AM10: 0 | AN10: 1 | AO10: 1 | AP10: 0 | AQ10: 0 | AR10: 0 | AS10: 0 | AT10: 0 | AU10: 0 | AV10: 0 | BA10: 0 | BD10: 0 | BG10: 0 | BJ10: 0 | BM10: 0 | BP10: 0 | BQ10: FAUCON | BR10: MICRO | BX10: 0 | BY10: 15 | BZ10: 0 | CA10: 0
A11: 10001 | B11: CONSREPACCROFIX | C11: ACCROFIX SEAU DE 20 KG | E11: U | F11: 79 | G11: 0 | H11: 79 | I11: 79 | J11: 1 | K11: 79 | L11: 1 | M11: 79 | N11: 1 | O11: 1 | P11: 0 | Q11: 42907 | S11: REPARATION | T11: @faGz | U11: POINTPBRE | AB11: 0 | AD11: 0 | AF11: 0 | AG11: 0 | AH11: 0 | AI11: 0 | AJ11: 0 | AK11: 0 | AM11: 0 | AN11: 1 | AO11: 1 | AP11: 0 | AQ11: 0 | AR11: 0 | AS11: 0 | AT11: 0 | AU11: 0 | AV11: 0 | BA11: 0 | BD11: 0 | BG11: 0 | BJ11: 0 | BM11: 0 | BP11: 0 | BQ11: SPECIMAT | BR11: 2012 | BS11: FAUCON | BT11: MICRO | BU11: POINTPBRE | BV11: 1963638 | BX11: 0 | BY11: 15 | BZ11: 0 | CA11: 0 | CB11: 0
A12: 10001 | B12: QUINACCUSR031.2V | C12: ACCU GP NIMH R03 1.2V/1000MAH | D12: POUR PETITE TELECOMMANDE et 2 x 8 TONNES JAY | E12: U | F12: 132 | G12: 0 | H12: 132 | I12: 132 | J12: 1 | K12: 132 | L12: 1 | M12: 132 | N12: 1 | O12: 1 | P12: 0 | Q12: 42779 | S12: CONSOPONT | T12: @Rfgu | U12: ADC | AB12: 0 | AD12: 0 | AF12: 0 | AG12: 0 | AH12: 0 | AI12: 0 | AJ12: 0 | AK12: 0 | AM12: 0 | AN12: 1 | AO12: 1 | AP12: 0 | AQ12: 0 | AR12: 0 | AS12: 0 | AT12: 0 | AU12: 0 | AV12: 0 | BA12: 0 | BD12: 0 | BG12: 0 | BJ12: 0 | BM12: 0 | BP12: 0 | BQ12: CONRAD | BR12: 250730 | BS12: LE LISA | BT12: 328338 | BU12: MBLEVAGE | BV12: 20097 | BX12: 0 | BY12: 15 | BZ12: 0 | CA12: 0
A13: 10001 | B13: PROACIDECHLORY | C13: ACIDE CHLORYDRIQUE 23% | E13: L | F13: 1.32 | G13: 10 | H13: 1.19 | I13: 1.19 | J13: 1 | K13: 1.19 | L13: 1 | M13: 1.19 | N13: 1 | O13: 1 | P13: 0 | Q13: 40381 | S13: PRODUITSCHIMNETT | T13: @m8oM | U13: LISA | AB13: 0 | AD13: 0 | AF13: 0 | AG13: 0 | AH13: 0 | AI13: 0 | AJ13: 0 | AK13: 0 | AM13: 0 | AN13: 1 | AO13: 1 | AP13: 0 | AQ13: 0 | AR13: 0 | AS13: 0 | AT13: 0 | AU13: 0 | AV13: 0 | BA13: 0 | BD13: 0 | BG13: 0 | BJ13: 0 | BM13: 0 | BP13: 0 | BQ13: LISA | BR13: 30858 | BX13: 0 | BY13: 15 | BZ13: 0 | CA13: 0
A14: 10001 | B14: LEVANCACIERFRI02T5 | C14: ACIER DE RELEVAGE HA 12 FRIMEDA 02T5 /0.75 KG / PIECE | D14: DIAM 12 LG 800 MM | E14: U | F14: 1.32 | G14: 0 | H14: 1.4 | I14: 1.32 | J14: 1 | K14: 1.4 | L14: 1 | M14: 1.32 | N14: 1 | O14: 1 | P14: 0 | Q14: 43084 | R14: S | S14: LEVAGE | T14: @HBjt | U14: BRESSUIRE_ARMA | AB14: 0 | AD14: 0 | AF14: 0 | AG14: 0 | AH14: 0 | AI14: 0 | AJ14: 0 | AK14: 0 | AM14: 0 | AN14: 1 | AO14: 1 | AP14: 0 | AQ14: 0 | AR14: 0 | AS14: 0 | AT14: 0 | AU14: 0 | AV14: 0 | BA14: 0 | BD14: 0 | BG14: 0 | BJ14: 0 | BM14: 0 | BP14: 0 | BQ14: BRESSUIRE_ARMA | BX14: 0 | BY14: 19 | BZ14: 0 | CA14: 0 | CB14: 0
A15: 10001 | B15: LEVANCACIERFRI05T | C15: ACIER DE RELEVAGE HA 16 FRIMEDA 05T / 1.7 KG / PIECE | D15: DIAM 16 LG 1000 MM | E15: U | F15: 1.6 | G15: 0 | H15: 1.6 | I15: 1.6 | J15: 1 | K15: 1.6 | L15: 1 | M15: 1.6 | N15: 1 | O15: 1 | P15: 0 | Q15: 43062 | R15: S | S15: LEVAGE | T15: @HBjt | U15: BRESSUIRE | AB15: 0 | AD15: 0 | AF15: 0 | AG15: 0 | AH15: 0 | AI15: 0 | AJ15: 0 | AK15: 0 | AM15: 0 | AN15: 1 | AO15: 1 | AP15: 0 | AQ15: 0 | AR15: 0 | AS15: 0 | AT15: 0 | AU15: 0 | AV15: 0 | BA15: 0 | BD15: 0 | BG15: 0 | BJ15: 0 | BM15: 0 | BP15: 0 | BQ15: ARMA | BS15: BRESSUIRE_ARMA | BX15: 0 | BY15: 19 | BZ15: 0 | CA15: 0 | CB15: 0
A16: 10001 | B16: LEVANCACIERFRI10T | C16: ACIER DE RELEVAGE HA 20 FRIMEDA 10T / 3.7 KG / PIECE | D16: DIAM 20 LG 1500 MM | E16: U | F16: 4.2 | G16: 0 | H16: 4.2 | I16: 4.2 | J16: 1 | K16: 4.2 | L16: 1 | M16: 4.2 | N16: 1 | O16: 1 | P16: 0 | Q16: 42724 | R16: S | S16: LEVAGE | T16: @HBjt | U16: BRESSUIRE | AB16: 0 | AD16: 0 | AF16: 0 | AG16: 0 | AH16: 0 | AI16: 0 | AJ16: 0 | AK16: 0 | AM16: 0 | AN16: 1 | AO16: 1 | AP16: 0 | AQ16: 0 | AR16: 0 | AS16: 0 | AT16: 0 | AU16: 0 | AV16: 0 | BA16: 0 | BD16: 0 | BG16: 0 | BJ16: 0 | BM16: 0 | BP16: 0 | BQ16: ARMA | BS16: BRESSUIRE | BX16: 0 | BY16: 19 | BZ16: 0 | CA16: 0 | CB16: 0
A17: 10001 | B17: CONSADAPTMAGN | C17: ADAPTATEUR MAGNETIQUE WIHA | D17: POUR EMBOUT PZ2 | E17: U | F17: 7.58 | G17: 10 | H17: 6.82 | I17: 6.82 | J17: 1 | K17: 6.82 | L17: 1 | M17: 6.82 | N17: 1 | O17: 1 | P17: 0 | Q17: 43084 | S17: VISSERIE | T17: @m82O | U17: LISA | AB17: 0 | AD17: 0 | AF17: 0 | AG17: 0 | AH17: 0 | AI17: 0 | AJ17: 0 | AK17: 0 | AM17: 0 | AN17: 1 | AO17: 1 | AP17: 0 | AQ17: 0 | AR17: 0 | AS17: 0 | AT17: 0 | AU17: 0 | AV17: 0 | BA17: 0 | BD17: 0 | BG17: 0 | BJ17: 0 | BM17: 0 | BP17: 0 | BQ17: LAVEIX | BR17: 4806700 | BS17: LISA | BT17: 005690 | BU17: ROUSSELOT | BV17: 109544 | BX17: 0 | BY17: 15 | BZ17: 0 | CA17: 0 | CB17: 0
A18: 10001 | B18: CONSREPMAPADESILE2 | C18: ADESILEX PG1 kit de 2 KG | D18: 2 KG | E18: U | F18: 41.07 | G18: 0 | H18: 41.07 | I18: 41.07 | J18: 1 | K18: 41.07 | L18: 1 | M18: 41.07 | N18: 1 | O18: 1 | P18: 0 | Q18: 43104 | S18: REPARATION | T18: @faGz | U18: VM | AB18: 0 | AD18: 0 | AF18: 0 | AG18: 0 | AH18: 0 | AI18: 0 | AJ18: 0 | AK18: 0 | AM18: 0 | AN18: 1 | AO18: 1 | AP18: 0 | AQ18: 0 | AR18: 0 | AS18: 0 | AT18: 0 | AU18: 0 | AV18: 0 | BA18: 0 | BD18: 0 | BG18: 0 | BJ18: 0 | BM18: 0 | BP18: 0 | BQ18: SPECIMAT | BR18: 002076 | BS18: VM | BT18: 8013503 | BX18: 0 | BY18: 15 | BZ18: 0 | CA18: 0 | CB18: 0
A19: 10001 | B19: CONSREPMAPADESILE6 | C19: ADESILEX PG1 kit de 6 KG | D19: 6 KG | E19: U | F19: 74.15 | G19: 0 | H19: 74.15 | I19: 74.15 | J19: 1 | K19: 74.15 | L19: 1 | M19: 74.15 | N19: 1 | O19: 1 | P19: 0 | Q19: 42535 | S19: REPARATION | T19: @faGz | U19: SPECIMAT | AB19: 0 | AD19: 0 | AF19: 0 | AG19: 0 | AH19: 0 | AI19: 0 | AJ19: 0 | AK19: 0 | AM19: 0 | AN19: 1 | AO19: 1 | AP19: 0 | AQ19: 0 | AR19: 0 | AS19: 0 | AT19: 0 | AU19: 0 | AV19: 0 | BA19: 0 | BD19: 0 | BG19: 0 | BJ19: 0 | BM19: 0 | BP19: 0 | BQ19: SPECIMAT | BR19: 002582 | BX19: 0 | BY19: 15 | BZ19: 0 | CA19: 0
A20: 10001 | B20: CONSADHEPOLYANE | C20: ADHESIF + POLYANE LARG 55 CM | D20: LISA 33 ML / SPECIMAT 20/ML | E20: U | F20: 3.49 | G20: 0 | H20: 3.49 | I20: 3.49 | J20: 1 | K20: 3.49 | L20: 1 | M20: 3.49 | N20: 1 | O20: 1 | P20: 0 | Q20: 42550 | S20: REPARATION | T20: @faGz | U20: FAUCON | AB20: 0 | AD20: 0 | AF20: 0 | AG20: 0 | AH20: 0 | AI20: 0 | AJ20: 0 | AK20: 0 | AM20: 0 | AN20: 1 | AO20: 1 | AP20: 0 | AQ20: 0 | AR20: 0 | AS20: 0 | AT20: 0 | AU20: 0 | AV20: 0 | BA20: 0 | BD20: 0 | BG20: 0 | BJ20: 0 | BM20: 0 | BP20: 0 | BQ20: SPECIMAT | BR20: 001016 | BS20: LISA | BT20: 103284 | BU20: FAUCON | BX20: 0 | BY20: 15 | BZ20: 0 | CA20: 0
A21: 10001 | B21: QUINADHEBLEUPAP | C21: ADHESIF PAPIER CREPE BLEU 50 X 25 ML | E21: U | F21: 4.5 | G21: 0 | H21: 4.5 | I21: 4.5 | J21: 1 | K21: 4.5 | L21: 1 | M21: 4.5 | N21: 1 | O21: 1 | P21: 0 | Q21: 42689 | S21: CONATELIER | T21: @m867 | U21: LISA | AB21: 0 | AD21: 0 | AF21: 0 | AG21: 0 | AH21: 0 | AI21: 0 | AJ21: 0 | AK21: 0 | AM21: 0 | AN21: 1 | AO21: 1 | AP21: 0 | AQ21: 0 | AR21: 0 | AS21: 0 | AT21: 0 | AU21: 0 | AV21: 0 | BA21: 0 | BD21: 0 | BG21: 0 | BJ21: 0 | BM21: 0 | BP21: 0 | BQ21: LISA | BR21: 010448 | BX21: 0 | BY21: 15 | BZ21: 0 | CA21: 0 | CB21: 0
A22: 10001 | B22: QUINADHEORPAP | C22: ADHESIF PAPIER CREPE ORANGE 50 X 50 | E22: U | F22: 3.14 | G22: 0 | H22: 3.14 | I22: 3.14 | J22: 1 | K22: 3.14 | L22: 1 | M22: 3.14 | N22: 1 | O22: 1 | P22: 0 | Q22: 42355 | S22: CONATELIER | T22: @m867 | U22: PRIMECO | AB22: 0 | AD22: 0 | AF22: 0 | AG22: 0 | AH22: 0 | AI22: 0 | AJ22: 0 | AK22: 0 | AM22: 0 | AN22: 1 | AO22: 1 | AP22: 0 | AQ22: 0 | AR22: 0 | AS22: 0 | AT22: 0 | AU22: 0 | AV22: 0 | BA22: 0 | BD22: 0 | BG22: 0 | BJ22: 0 | BM22: 0 | BP22: 0 | BQ22: PRIMECO | BX22: 0 | BY22: 15 | BZ22: 0 | CA22: 0 | CB22: 0
A23: 10001 | B23: QUINADHEOR | C23: ADHESIF PVC ORANGE 50X33 | E23: U | F23: 2.08 | G23: 0 | H23: 1.99 | I23: 2.08 | J23: 1 | K23: 1.99 | L23: 1 | M23: 2.08 | N23: 1 | O23: 1 | P23: 0 | Q23: 43076 | S23: CONATELIER | T23: @m867 | U23: SPECIMAT | AB23: 0 | AD23: 0 | AF23: 0 | AG23: 0 | AH23: 0 | AI23: 0 | AJ23: 0 | AK23: 0 | AM23: 0 | AN23: 1 | AO23: 1 | AP23: 0 | AQ23: 0 | AR23: 0 | AS23: 0 | AT23: 0 | AU23: 0 | AV23: 0 | BA23: 0 | BD23: 0 | BG23: 0 | BJ23: 0 | BM23: 0 | BP23: 0 | BQ23: LAVEIX | BR23: 5919528 | BS23: THAUVIN | BT23: ADHORA50 | BU23: SPECIMAT | BV23: 000997 / AT6150 | BX23: 0 | BY23: 15 | BZ23: 0 | CA23: 0 | CB23: 0
A24: 10001 | B24: QUINADHEOR75 | C24: ADHESIF PVC ORANGE 75 x 33 | E24: U | F24: 3.25 | G24: 0 | H24: 3.25 | I24: 3.25 | J24: 1 | K24: 3.25 | L24: 1 | M24: 3.25 | N24: 1 | O24: 1 | P24: 0 | Q24: 43006 | S24: CONATELIER | T24: @m867 | U24: SPECIMAT | AB24: 0 | AD24: 0 | AF24: 0 | AG24: 0 | AH24: 0 | AI24: 0 | AJ24: 0 | AK24: 0 | AM24: 0 | AN24: 1 | AO24: 1 | AP24: 0 | AQ24: 0 | AR24: 0 | AS24: 0 | AT24: 0 | AU24: 0 | AV24: 0 | BA24: 0 | BD24: 0 | BG24: 0 | BJ24: 0 | BM24: 0 | BP24: 0 | BS24: SPECIMAT | BT24: 00272 | BU24: SPECIMAT | BV24: 001891 | BX24: 0 | BY24: 15 | BZ24: 0 | CA24: 0 | CB24: 0
A25: 10001 | B25: QUINADHERDB | C25: ADHESIF RDB POLYETHYLENE 50 MM | E25: U | F25: 6.6 | G25: 0 | H25: 6.6 | I25: 6.6 | J25: 1 | K25: 6.6 | L25: 1 | M25: 6.6 | N25: 1 | O25: 1 | P25: 0 | Q25: 42093 | S25: REPARATION | T25: @faGz | U25: WURTH | AB25: 0 | AD25: 0 | AF25: 0 | AG25: 0 | AH25: 0 | AI25: 0 | AJ25: 0 | AK25: 0 | AM25: 0 | AN25: 1 | AO25: 1 | AP25: 0 | AQ25: 0 | AR25: 0 | AS25: 0 | AT25: 0 | AU25: 0 | AV25: 0 | BA25: 0 | BD25: 0 | BG25: 0 | BJ25: 0 | BM25: 0 | BP25: 0 | BQ25: SPECIMAT | BR25: 004193 | BS25: LISA | BT25: 026543 | BU25: WURTH | BV25: 0992500 | BX25: 0 | BY25: 15 | BZ25: 0 | CA25: 0
A26: 10001 | B26: QUINADHERVB | C26: ADHESIF VINYLE 50X33 | D26: rouge 1773-638 / vert 1773-639 / bleu 1773-640 | E26: U | F26: 11.22 | G26: 0 | H26: 11.22 | I26: 11.22 | J26: 1 | K26: 11.22 | L26: 1 | M26: 11.22 | N26: 1 | O26: 1 | P26: 0 | Q26: 42341 | S26: CONATELIER | T26: @m867 | U26: MANUTAN | AB26: 0 | AD26: 0 | AF26: 0 | AG26: 0 | AH26: 0 | AI26: 0 | AJ26: 0 | AK26: 0 | AM26: 0 | AN26: 1 | AO26: 1 | AP26: 0 | AQ26: 0 | AR26: 0 | AS26: 0 | AT26: 0 | AU26: 0 | AV26: 0 | BA26: 0 | BD26: 0 | BG26: 0 | BJ26: 0 | BM26: 0 | BP26: 0 | BQ26: MANUTAN | BX26: 0 | BY26: 15 | BZ26: 0 | CA26: 0 | CB26: 0
A27: 10001 | B27: CONSOFENGRAISFOURC | C27: AEROSOL GRAISSE POUR FOURCHE | E27: U | F27: 14 | G27: 0 | H27: 13.8 | I27: 14 | J27: 1 | K27: 13.8 | L27: 1 | M27: 14 | N27: 1 | O27: 1 | P27: 0 | Q27: 42999 | S27: CONSOFENWICK | T27: @RfxQ | U27: PRIMECO | AB27: 0 | AD27: 0 | AF27: 0 | AG27: 0 | AH27: 0 | AI27: 0 | AJ27: 0 | AK27: 0 | AM27: 0 | AN27: 1 | AO27: 1 | AP27: 0 | AQ27: 0 | AR27: 0 | AS27: 0 | AT27: 0 | AU27: 0 | AV27: 0 | BA27: 0 | BD27: 0 | BG27: 0 | BJ27: 0 | BM27: 0 | BP27: 0 | BQ27: PRIMECO | BR27: 10A4398 | BX27: 0 | BY27: 21 | BZ27: 0 | CA27: 0
A28: 10001 | B28: QUINPEINTUBLANC | C28: AEROSOL PEINTURE BLANC POUR CHARIOT APPLICATEUR | E28: U | F28: 29 | G28: 0 | H28: 29 | I28: 29 | J28: 1 | K28: 29 | L28: 1 | M28: 29 | N28: 1 | O28: 1 | P28: 0 | Q28: 42971 | S28: CONATELIER | T28: @m867 | U28: ALBERT | AB28: 0 | AD28: 0 | AF28: 0 | AG28: 0 | AH28: 0 | AI28: 0 | AJ28: 0 | AK28: 0 | AM28: 0 | AN28: 1 | AO28: 1 | AP28: 0 | AQ28: 0 | AR28: 0 | AS28: 0 | AT28: 0 | AU28: 0 | AV28: 0 | BA28: 0 | BD28: 0 | BG28: 0 | BJ28: 0 | BM28: 0 | BP28: 0 | BQ28: ALBERT | BR28: 0651000 | BX28: 0 | BY28: 19 | BZ28: 0 | CA28: 0 | CB28: 0
A29: 10001 | B29: QUINPEINTUJAUNE | C29: AEROSOL PEINTURE JAUNE POUR CHARIOT APPLICATEUR | E29: U | F29: 29 | G29: 0 | H29: 29 | I29: 29 | J29: 1 | K29: 29 | L29: 1 | M29: 29 | N29: 1 | O29: 1 | P29: 0 | Q29: 42971 | S29: CONATELIER | T29: @m867 | U29: ALBERT | AB29: 0 | AD29: 0 | AF29: 0 | AG29: 0 | AH29: 0 | AI29: 0 | AJ29: 0 | AK29: 0 | AM29: 0 | AN29: 1 | AO29: 1 | AP29: 0 | AQ29: 0 | AR29: 0 | AS29: 0 | AT29: 0 | AU29: 0 | AV29: 0 | BA29: 0 | BD29: 0 | BG29: 0 | BJ29: 0 | BM29: 0 | BP29: 0 | BQ29: ALBERT | BR29: 0656974 | BX29: 0 | BY29: 19 | BZ29: 0 | CA29: 0 | CB29: 0
A30: 10001 | B30: QUINPEINTUROUGE | C30: AEROSOL PEINTURE ROUGE POUR CHARIOT APPLICATEUR | E30: U | F30: 29 | G30: 0 | H30: 29 | I30: 29 | J30: 1 | K30: 29 | L30: 1 | M30: 29 | N30: 1 | O30: 1 | P30: 0 | Q30: 42971 | S30: CONATELIER | T30: @m867 | U30: ALBERT | AB30: 0 | AD30: 0 | AF30: 0 | AG30: 0 | AH30: 0 | AI30: 0 | AJ30: 0 | AK30: 0 | AM30: 0 | AN30: 1 | AO30: 1 | AP30: 0 | AQ30: 0 | AR30: 0 | AS30: 0 | AT30: 0 | AU30: 0 | AV30: 0 | BA30: 0 | BD30: 0 | BG30: 0 | BJ30: 0 | BM30: 0 | BP30: 0 | BQ30: ALBERT | BR30: 0656977 | BX30: 0 | BY30: 19 | BZ30: 0 | CA30: 0 | CB30: 0
A31: 10001 | B31: QUINPEINTUVERT | C31: AEROSOL PEINTURE VERT POUR CHARIOT APPLICATEUR | E31: U | F31: 29 | G31: 0 | H31: 29 | I31: 29 | J31: 1 | K31: 29 | L31: 1 | M31: 29 | N31: 1 | O31: 1 | P31: 0 | Q31: 42971 | S31: CONATELIER | T31: @m867 | U31: ALBERT | AB31: 0 | AD31: 0 | AF31: 0 | AG31: 0 | AH31: 0 | AI31: 0 | AJ31: 0 | AK31: 0 | AM31: 0 | AN31: 1 | AO31: 1 | AP31: 0 | AQ31: 0 | AR31: 0 | AS31: 0 | AT31: 0 | AU31: 0 | AV31: 0 | BA31: 0 | BD31: 0 | BG31: 0 | BJ31: 0 | BM31: 0 | BP31: 0 | BQ31: ALBERT | BR31: 0656976 | BX31: 0 | BY31: 19 | BZ31: 0 | CA31: 0 | CB31: 0
A32: 10001 | B32: QUINAGRAFE53/14 | C32: AGRAFE 53/14 RAPID 5 M PP | E32: U | F32: 9.67 | G32: 10 | H32: 8.7 | I32: 8.7 | J32: 1 | K32: 8.7 | L32: 1 | M32: 8.7 | N32: 1 | O32: 1 | P32: 0 | Q32: 42460 | S32: CONATELIER | T32: @m867 | U32: LISA | AB32: 0 | AD32: 0 | AF32: 0 | AG32: 0 | AH32: 0 | AI32: 0 | AJ32: 0 | AK32: 0 | AM32: 0 | AN32: 1 | AO32: 1 | AP32: 0 | AQ32: 0 | AR32: 0 | AS32: 0 | AT32: 0 | AU32: 0 | AV32: 0 | BA32: 0 | BD32: 0 | BG32: 0 | BJ32: 0 | BM32: 0 | BP32: 0 | BQ32: LISA | BR32: 042517 | BX32: 0 | BY32: 15 | BZ32: 0 | CA32: 0 | CB32: 0
A33: 10001 | B33: QUINAGRAFEKL1408 | C33: AGRAFE KL 1406 C NK BTE DE 10 000 | E33: U | F33: 13 | G33: 0 | H33: 13 | I33: 13 | J33: 1 | K33: 13 | L33: 1 | M33: 13 | N33: 1 | O33: 1 | P33: 0 | Q33: 42969 | S33: CONATELIER | T33: @m867 | U33: ROUSSELOT | AB33: 0 | AD33: 0 | AF33: 0 | AG33: 0 | AH33: 0 | AI33: 0 | AJ33: 0 | AK33: 0 | AM33: 0 | AN33: 1 | AO33: 1 | AP33: 0 | AQ33: 0 | AR33: 0 | AS33: 0 | AT33: 0 | AU33: 0 | AV33: 0 | BA33: 0 | BD33: 0 | BG33: 0 | BJ33: 0 | BM33: 0 | BP33: 0 | BQ33: MEUNIER | BR33: 048245 | BS33: WURTH | BT33: 04801126 | BU33: ROUSSELOT | BX33: 0 | BY33: 15 | BZ33: 0 | CA33: 0 | CB33: 0
A34: 10001 | B34: MATAGRAFMANUEL | C34: AGRAFEUSE MANUEL | D34: MODELE F | E34: U | F34: 30 | G34: 10 | H34: 27 | I34: 27 | J34: 1 | K34: 27 | L34: 1 | M34: 27 | N34: 1 | O34: 1 | P34: 0 | Q34: 42636 | S34: ELECTRO PORTATIF/P | T34: @RHCg | U34: LISA | AB34: 0 | AD34: 0 | AF34: 0 | AG34: 0 | AH34: 0 | AI34: 0 | AJ34: 0 | AK34: 0 | AM34: 0 | AN34: 1 | AO34: 1 | AP34: 0 | AQ34: 0 | AR34: 0 | AS34: 0 | AT34: 0 | AU34: 0 | AV34: 0 | BA34: 0 | BD34: 0 | BG34: 0 | BJ34: 0 | BM34: 0 | BP34: 0 | BQ34: LISA | BR34: 042548 | BX34: 0 | BY34: 15 | BZ34: 0 | CA34: 0
A35: 10001 | B35: MATPISTAGRAFMANUEL | C35: AGRAFEUSE PISTOLET MANUEL | D35: MODELE R353E | E35: U | F35: 50.08 | G35: 10 | H35: 45.07 | I35: 45.07 | J35: 1 | K35: 45.07 | L35: 1 | M35: 45.07 | N35: 1 | O35: 1 | P35: 0 | Q35: 42639 | S35: ELECTRO PORTATIF/P | T35: @RHCg | U35: LISA | AB35: 0 | AD35: 0 | AF35: 0 | AG35: 0 | AH35: 0 | AI35: 0 | AJ35: 0 | AK35: 0 | AM35: 0 | AN35: 1 | AO35: 1 | AP35: 0 | AQ35: 0 | AR35: 0 | AS35: 0 | AT35: 0 | AU35: 0 | AV35: 0 | BA35: 0 | BD35: 0 | BG35: 0 | BJ35: 0 | BM35: 0 | BP35: 0 | BQ35: LISA | BR35: 042488 | BX35: 0 | BY35: 15 | BZ35: 0 | CA35: 0 | CB35: 0
A36: 10001 | B36: MATAGRAFPN1416 | C36: AGRAFEUSE PNEUMATIQUE "HAUBOLD" PN1416F | D36: MODELE F | E36: U | F36: 200 | G36: 0 | H36: 200 | I36: 200 | J36: 1 | K36: 200 | L36: 1 | M36: 200 | N36: 1 | O36: 1 | P36: 0 | Q36: 42692 | S36: ELECTRO PORTATIF/P | T36: @RHCg | U36: ROUSSELOT | AB36: 0 | AD36: 0 | AF36: 0 | AG36: 0 | AH36: 0 | AI36: 0 | AJ36: 0 | AK36: 0 | AM36: 0 | AN36: 1 | AO36: 1 | AP36: 0 | AQ36: 0 | AR36: 0 | AS36: 0 | AT36: 0 | AU36: 0 | AV36: 0 | BA36: 0 | BD36: 0 | BG36: 0 | BJ36: 0 | BM36: 0 | BP36: 0 | BQ36: MEUNIER | BR36: PN1416F | BS36: ROUSSELOT | BT36: 12140016 | BX36: 0 | BY36: 15 | BZ36: 0 | CA36: 0 | CB36: 0
A37: 10001 | B37: MATAIGUILLEVIB | C37: AIGUILLE VIBRANTE DIAM 58 LG=3ML | E37: U | F37: 420 | G37: 0 | H37: 420 | I37: 420 | J37: 1 | K37: 420 | L37: 1 | M37: 420 | N37: 1 | O37: 1 | P37: 0 | Q37: 41187 | S37: ELECTRO PORTATIF/P | T37: @RHCg | AB37: 0 | AD37: 0 | AF37: 0 | AG37: 0 | AH37: 0 | AI37: 0 | AJ37: 0 | AK37: 0 | AM37: 0 | AN37: 1 | AO37: 1 | AP37: 0 | AQ37: 0 | AR37: 0 | AS37: 0 | AT37: 0 | AU37: 0 | AV37: 0 | BA37: 0 | BD37: 0 | BG37: 0 | BJ37: 0 | BM37: 0 | BP37: 0 | BQ37: TOULAUT | BX37: 0 | BY37: 0 | BZ37: 0 | CA37: 0
A38: 10001 | B38: CONSAIMANT1300 | C38: AIMANT BI-BLOCK 1300 LG=229 MM | E38: U | F38: 160 | G38: 0 | H38: 160 | I38: 160 | J38: 1 | K38: 160 | L38: 1 | M38: 160 | N38: 1 | O38: 1 | P38: 0 | Q38: 42878 | S38: COFFRAGE ACCESSOIR | T38: @faKxCz | U38: BIANCHI | AB38: 0 | AD38: 0 | AF38: 0 | AG38: 0 | AH38: 0 | AI38: 0 | AJ38: 0 | AK38: 0 | AM38: 0 | AN38: 1 | AO38: 1 | AP38: 0 | AQ38: 0 | AR38: 0 | AS38: 0 | AT38: 0 | AU38: 0 | AV38: 0 | BA38: 0 | BD38: 0 | BG38: 0 | BJ38: 0 | BM38: 0 | BP38: 0 | BQ38: BIANCHI | BR38: 84.0000802 | BX38: 0 | BY38: 21 | BZ38: 0 | CA38: 0
A39: 10001 | B39: CONSAIMANT2000 | C39: AIMANT BI-BLOCK 2000 LG=229 MM | E39: U | F39: 210 | G39: 0 | H39: 210 | I39: 210 | J39: 1 | K39: 210 | L39: 1 | M39: 210 | N39: 1 | O39: 1 | P39: 0 | Q39: 43049 | S39: COFFRAGE ACCESSOIR | T39: @faKxCz | U39: BIANCHI | AB39: 0 | AD39: 0 | AF39: 0 | AG39: 0 | AH39: 0 | AI39: 0 | AJ39: 0 | AK39: 0 | AM39: 0 | AN39: 1 | AO39: 1 | AP39: 0 | AQ39: 0 | AR39: 0 | AS39: 0 | AT39: 0 | AU39: 0 | AV39: 0 | BA39: 0 | BD39: 0 | BG39: 0 | BJ39: 0 | BM39: 0 | BP39: 0 | BQ39: BIANCHI | BR39: 84.0000806 | BX39: 0 | BY39: 21 | BZ39: 0 | CA39: 0
A40: 10001 | B40: CONSAIMANT2450 | C40: AIMANT BI-BLOCK 2450 | E40: U | F40: 240 | G40: 0 | H40: 240 | I40: 240 | J40: 1 | K40: 240 | L40: 1 | M40: 240 | N40: 1 | O40: 1 | P40: 0 | Q40: 42978 | S40: COFFRAGE ACCESSOIR | T40: @faKxCz | U40: BIANCHI | AB40: 0 | AD40: 0 | AF40: 0 | AG40: 0 | AH40: 0 | AI40: 0 | AJ40: 0 | AK40: 0 | AM40: 0 | AN40: 1 | AO40: 1 | AP40: 0 | AQ40: 0 | AR40: 0 | AS40: 0 | AT40: 0 | AU40: 0 | AV40: 0 | BA40: 0 | BD40: 0 | BG40: 0 | BJ40: 0 | BM40: 0 | BP40: 0 | BQ40: BIANCHI | BR40: 84.0000808 | BX40: 0 | BY40: 21 | BZ40: 0 | CA40: 0 | CB40: 0
A41: 10001 | B41: CONSAIMABTRAIL38/1 | C41: AIMANT BT RAIL 38/17 | E41: U | F41: 64.16 | G41: 0 | H41: 64.16 | I41: 64.16 | J41: 1 | K41: 64.16 | L41: 1 | M41: 64.16 | N41: 1 | O41: 1 | P41: 0 | Q41: 43089 | S41: COFFRAGE ACCESSOIR | T41: @faKxCz | U41: ADITEC | AB41: 0 | AD41: 0 | AF41: 0 | AG41: 0 | AH41: 0 | AI41: 0 | AJ41: 0 | AK41: 0 | AM41: 0 | AN41: 1 | AO41: 1 | AP41: 0 | AQ41: 0 | AR41: 0 | AS41: 0 | AT41: 0 | AU41: 0 | AV41: 0 | BA41: 0 | BD41: 0 | BG41: 0 | BJ41: 0 | BM41: 0 | BP41: 0 | BQ41: ADITEC | BR41: 15031 | BX41: 0 | BY41: 21 | BZ41: 0 | CA41: 0 | CB41: 0
A42: 10001 | B42: CONSAIMABTRAIL40/2 | C42: AIMANT BT RAIL 40/25 | E42: U | F42: 65.52 | G42: 0 | H42: 65.52 | I42: 65.52 | J42: 1 | K42: 65.52 | L42: 1 | M42: 65.52 | N42: 1 | O42: 1 | P42: 0 | Q42: 42983 | S42: COFFRAGE ACCESSOIR | T42: @faKxCz | U42: ADITEC | AB42: 0 | AD42: 0 | AF42: 0 | AG42: 0 | AH42: 0 | AI42: 0 | AJ42: 0 | AK42: 0 | AM42: 0 | AN42: 1 | AO42: 1 | AP42: 0 | AQ42: 0 | AR42: 0 | AS42: 0 | AT42: 0 | AU42: 0 | AV42: 0 | BA42: 0 | BD42: 0 | BG42: 0 | BJ42: 0 | BM42: 0 | BP42: 0 | BQ42: ADITEC | BR42: 15032 | BX42: 0 | BY42: 21 | BZ42: 0 | CA42: 0 | CB42: 0
A43: 10001 | B43: CONSAIMANTRAIL38/1 | C43: AIMANT RAIL 38/17 | E43: U | F43: 73.75 | G43: 0 | H43: 73.75 | I43: 73.75 | J43: 1 | K43: 73.75 | L43: 1 | M43: 73.75 | N43: 1 | O43: 1 | P43: 0 | Q43: 42968 | S43: COFFRAGE ACCESSOIR | T43: @faKxCz | U43: ADITEC | AB43: 0 | AD43: 0 | AF43: 0 | AG43: 0 | AH43: 0 | AI43: 0 | AJ43: 0 | AK43: 0 | AM43: 0 | AN43: 1 | AO43: 1 | AP43: 0 | AQ43: 0 | AR43: 0 | AS43: 0 | AT43: 0 | AU43: 0 | AV43: 0 | BA43: 0 | BD43: 0 | BG43: 0 | BJ43: 0 | BM43: 0 | BP43: 0 | BQ43: ADITEC | BR43: 14237 | BX43: 0 | BY43: 21 | BZ43: 0 | CA43: 0 | CB43: 0
A44: 10001 | B44: CONSAMPM12 | C44: AMPOULE A FRAPPER M12 | D44: AVEC TIGE FILETEE REF CONTIFGE12X1 | E44: CT | F44: 0 | G44: 0 | H44: 0 | I44: 0 | J44: 1 | K44: 0 | L44: 1 | M44: 0 | N44: 1 | O44: 1 | P44: 0 | Q44: 41362 | S44: REPARATION | T44: @faGz | AB44: 0 | AD44: 0 | AF44: 0 | AG44: 0 | AH44: 0 | AI44: 0 | AJ44: 0 | AK44: 0 | AM44: 0 | AN44: 1 | AO44: 1 | AP44: 0 | AQ44: 0 | AR44: 0 | AS44: 0 | AT44: 0 | AU44: 0 | AV44: 0 | BA44: 0 | BD44: 0 | BG44: 0 | BJ44: 0 | BM44: 0 | BP44: 0 | BQ44: ETANCO | BR44: 340024 | BS44: ETANCO | BT44: 340024 | BX44: 0 | BY44: 15 | BZ44: 0 | CA44: 0
A45: 10001 | B45: CONSAMPM16 | C45: AMPOULE A FRAPPER M16 | D45: AVEC TIGE FILETEE REF CONTIFGE16X1 | E45: CT | F45: 256.6 | G45: 0 | H45: 256.6 | I45: 256.6 | J45: 1 | K45: 256.6 | L45: 1 | M45: 256.6 | N45: 1 | O45: 1 | P45: 0 | Q45: 41355 | S45: REPARATION | T45: @faGz | U45: LAVEIX | AB45: 0 | AD45: 0 | AF45: 0 | AG45: 0 | AH45: 0 | AI45: 0 | AJ45: 0 | AK45: 0 | AM45: 0 | AN45: 1 | AO45: 1 | AP45: 0 | AQ45: 0 | AR45: 0 | AS45: 0 | AT45: 0 | AU45: 0 | AV45: 0 | BA45: 0 | BD45: 0 | BG45: 0 | BJ45: 0 | BM45: 0 | BP45: 0 | BQ45: LAVEIX | BS45: ETANCO | BT45: 340026 | BX45: 0 | BY45: 15 | BZ45: 0 | CA45: 0
A46: 10001 | B46: CONSAMPHALOGU5.3 | C46: AMPOULE HALOGENE TBT GU 5.3 | E46: U | F46: 1.51 | G46: 10 | H46: 1.36 | I46: 1.36 | J46: 1 | K46: 1.36 | L46: 1 | M46: 1.36 | N46: 1 | O46: 1 | P46: 0 | Q46: 42312 | S46: CONSOENTRETIEN DIV | T46: @RfiQ | U46: LISA | AB46: 0 | AD46: 0 | AF46: 0 | AG46: 0 | AH46: 0 | AI46: 0 | AJ46: 0 | AK46: 0 | AM46: 0 | AN46: 1 | AO46: 1 | AP46: 0 | AQ46: 0 | AR46: 0 | AS46: 0 | AT46: 0 | AU46: 0 | AV46: 0 | BA46: 0 | BD46: 0 | BG46: 0 | BJ46: 0 | BM46: 0 | BP46: 0 | BQ46: LISA | BR46: 3906 | BS46: CONRAD | BT46: 570861 | BX46: 0 | BY46: 15 | BZ46: 0 | CA46: 0
A47: 10001 | B47: CONSTIGE16X190 | C47: AMPOULE TIGE FILETEE ZINGUEE ROND.+ECROU 16X190 LE CENT | D47: AVEC AMPOULE REF CONSAMPM16 | E47: U | F47: 464.1 | G47: 0 | H47: 464.1 | I47: 464.1 | J47: 1 | K47: 464.1 | L47: 1 | M47: 464.1 | N47: 1 | O47: 1 | P47: 0 | Q47: 41367 | S47: REPARATION | T47: @faGz | U47: LAVEIX | AB47: 0 | AD47: 0 | AF47: 0 | AG47: 0 | AH47: 0 | AI47: 0 | AJ47: 0 | AK47: 0 | AM47: 0 | AN47: 1 | AO47: 1 | AP47: 0 | AQ47: 0 | AR47: 0 | AS47: 0 | AT47: 0 | AU47: 0 | AV47: 0 | BA47: 0 | BD47: 0 | BG47: 0 | BJ47: 0 | BM47: 0 | BP47: 0 | BQ47: LAVEIX | BR47: 6910010 | BS47: ETANCO | BT47: 340046 | BX47: 0 | BY47: 15 | BZ47: 0 | CA47: 0
A48: 10001 | B48: NEGANCRA40/22/100 | C48: ANCRAGE A VENT HKZ 40/22 LG=100 mm | E48: U | F48: 7.85 | G48: 0 | H48: 7.85 | I48: 7.85 | J48: 1 | K48: 7.85 | L48: 1 | M48: 7.85 | N48: 1 | O48: 1 | P48: 0 | Q48: 42979 | S48: NEGOCE | T48: @sF | U48: HALFEN | AB48: 0 | AD48: 0 | AF48: 0 | AG48: 0 | AH48: 0 | AI48: 0 | AJ48: 0 | AK48: 0 | AM48: 0 | AN48: 1 | AO48: 1 | AP48: 0 | AQ48: 0 | AR48: 0 | AS48: 0 | AT48: 0 | AU48: 0 | AV48: 0 | BA48: 0 | BD48: 0 | BG48: 0 | BJ48: 0 | BM48: 0 | BP48: 0 | BQ48: HALFEN | BR48: 0245.030-00009 | BX48: 0 | BY48: 0 | BZ48: 0 | CA48: 0 | CB48: 0
A49: 10001 | B49: NEGANCRA40/22/75 | C49: ANCRAGE A VENT HKZ 40/22 LG=75 mm | E49: U | F49: 4.51 | G49: 0 | H49: 4.51 | I49: 4.51 | J49: 1 | K49: 4.51 | L49: 1 | M49: 4.51 | N49: 1 | O49: 1 | P49: 0 | Q49: 42979 | S49: NEGOCE | T49: @sF | U49: HALFEN | AB49: 0 | AD49: 0 | AF49: 0 | AG49: 0 | AH49: 0 | AI49: 0 | AJ49: 0 | AK49: 0 | AM49: 0 | AN49: 1 | AO49: 1 | AP49: 0 | AQ49: 0 | AR49: 0 | AS49: 0 | AT49: 0 | AU49: 0 | AV49: 0 | BA49: 0 | BD49: 0 | BG49: 0 | BJ49: 0 | BM49: 0 | BP49: 0 | BQ49: HALFEN | BR49: 0245.030-00009 | BX49: 0 | BY49: 0 | BZ49: 0 | CA49: 0 | CB49: 0
A50: 10001 | B50: LEVANCO10T-115 | C50: ANCRE A OEIL 10T/ LG 115MM SAC DE 25 | D50: VOIR DESC.TECHNIQUE | E50: U | F50: 2.31 | G50: 0 | H50: 2.31 | I50: 2.31 | J50: 1 | K50: 2.31 | L50: 1 | M50: 2.31 | N50: 1 | O50: 1 | P50: 0 | Q50: 42579 | R50: S | S50: LEVAGE | T50: @HBjt | U50: ARTEON | AB50: 0 | AD50: 0 | AF50: 0 | AG50: 0 | AH50: 0 | AI50: 0 | AJ50: 0 | AK50: 0 | AM50: 0 | AN50: 1 | AO50: 1 | AP50: 0 | AQ50: 0 | AR50: 0 | AS50: 0 | AT50: 0 | AU50: 0 | AV50: 0 | BA50: 0 | BD50: 0 | BG50: 0 | BJ50: 0 | BM50: 0 | BP50: 0 | BQ50: ARTEON | BR50: 6001100115 | BX50: 0 | BY50: 19 | BZ50: 0 | CA50: 0 | CB50: 0
A51: 10001 | B51: LEVANCO10T-180 | C51: ANCRE A OEIL 10T/ LG 180MM SAC DE 20 | D51: VOIR DESC.TECHNIQUE | E51: U | F51: 3.12 | G51: 0 | H51: 3.12 | I51: 3.12 | J51: 1 | K51: 3.12 | L51: 1 | M51: 3.12 | N51: 1 | O51: 1 | P51: 0 | Q51: 42579 | R51: S | S51: LEVAGE | T51: @HBjt | U51: ARTEON | AB51: 0 | AD51: 0 | AF51: 0 | AG51: 0 | AH51: 0 | AI51: 0 | AJ51: 0 | AK51: 0 | AM51: 0 | AN51: 1 | AO51: 1 | AP51: 0 | AQ51: 0 | AR51: 0 | AS51: 0 | AT51: 0 | AU51: 0 | AV51: 0 | BA51: 0 | BD51: 0 | BG51: 0 | BJ51: 0 | BM51: 0 | BP51: 0 | BQ51: ARTEON | BR51: 6001100180 | BX51: 0 | BY51: 19 | BZ51: 0 | CA51: 0
A52: 10001 | B52: LEVANCO1T3-065 | C52: ANCRE A OEIL 1T3/ LG 065 MM SAC DE 250 | E52: U | F52: 0.36 | G52: 0 | H52: 0.36 | I52: 0.36 | J52: 1 | K52: 0.36 | L52: 1 | M52: 0.36 | N52: 1 | O52: 1 | P52: 0 | Q52: 42579 | R52: S | S52: LEVAGE | T52: @HBjt | U52: ADITEC | AB52: 0 | AD52: 0 | AF52: 0 | AG52: 0 | AH52: 0 | AI52: 0 | AJ52: 0 | AK52: 0 | AM52: 0 | AN52: 1 | AO52: 1 | AP52: 0 | AQ52: 0 | AR52: 0 | AS52: 0 | AT52: 0 | AU52: 0 | AV52: 0 | BA52: 0 | BD52: 0 | BG52: 0 | BJ52: 0 | BM52: 0 | BP52: 0 | BQ52: ADITEC | BS52: ADITEC | BX52: 0 | BY52: 19 | BZ52: 0 | CA52: 0
A53: 10001 | B53: LEVANCO20T-250 | C53: ANCRE A OEIL 20T/ LG 250MM UNITE | D53: VOIR DESC.TECHNIQUE | E53: U | F53: 10.25 | G53: 0 | H53: 10.25 | I53: 10.25 | J53: 1 | K53: 10.25 | L53: 1 | M53: 10.25 | N53: 1 | O53: 1 | P53: 0 | Q53: 41900 | S53: LEVAGE | T53: @HBjt | U53: ARTEON | AB53: 0 | AD53: 0 | AF53: 0 | AG53: 0 | AH53: 0 | AI53: 0 | AJ53: 0 | AK53: 0 | AM53: 0 | AN53: 1 | AO53: 1 | AP53: 0 | AQ53: 0 | AR53: 0 | AS53: 0 | AT53: 0 | AU53: 0 | AV53: 0 | BA53: 0 | BD53: 0 | BG53: 0 | BJ53: 0 | BM53: 0 | BP53: 0 | BQ53: ARTEON | BR53: 6001200250 | BX53: 0 | BY53: 15 | BZ53: 0 | CA53: 0
A54: 10001 | B54: LEVANCO2T5-090 | C54: ANCRE A OEIL 2T5/ LG 090 MM SAC DE 100 | E54: U | F54: 0.58 | G54: 0 | H54: 0.58 | I54: 0.58 | J54: 1 | K54: 0.58 | L54: 1 | M54: 0.58 | N54: 1 | O54: 1 | P54: 0 | Q54: 42788 | R54: S | S54: LEVAGE | T54: @HBjt | U54: ARTEON | AB54: 0 | AD54: 0 | AF54: 0 | AG54: 0 | AH54: 0 | AI54: 0 | AJ54: 0 | AK54: 0 | AM54: 0 | AN54: 1 | AO54: 1 | AP54: 0 | AQ54: 0 | AR54: 0 | AS54: 0 | AT54: 0 | AU54: 0 | AV54: 0 | BA54: 0 | BD54: 0 | BG54: 0 | BJ54: 0 | BM54: 0 | BP54: 0 | BQ54: ARTEON | BR54: 6001025090 | BS54: ADITEC | BT54: 8396 | BX54: 0 | BY54: 19 | BZ54: 0 | CA54: 0
A55: 10001 | B55: LEVANCO2T5-120 | C55: ANCRE A OEIL 2T5/ LG 120 MM SAC DE 50 | E55: U | F55: 0.56 | G55: 0 | H55: 0.56 | I55: 0.56 | J55: 1 | K55: 0.56 | L55: 1 | M55: 0.56 | N55: 1 | O55: 1 | P55: 0 | Q55: 42915 | R55: S | S55: LEVAGE | T55: @HBjt | U55: ARTEON | AB55: 0 | AD55: 0 | AF55: 0 | AG55: 0 | AH55: 0 | AI55: 0 | AJ55: 0 | AK55: 0 | AM55: 0 | AN55: 1 | AO55: 1 | AP55: 0 | AQ55: 0 | AR55: 0 | AS55: 0 | AT55: 0 | AU55: 0 | AV55: 0 | BA55: 0 | BD55: 0 | BG55: 0 | BJ55: 0 | BM55: 0 | BP55: 0 | BQ55: ARTEON | BR55: 6001025120 | BS55: ADITEC | BT55: 8402 | BX55: 0 | BY55: 19 | BZ55: 0 | CA55: 0
A56: 10001 | B56: LEVANCO5T-090 | C56: ANCRE A OEIL 5T/ LG 090 MM SAC DE 50 | E56: U | F56: 1.15 | G56: 0 | H56: 1.15 | I56: 1.15 | J56: 1 | K56: 1.15 | L56: 1 | M56: 1.15 | N56: 1 | O56: 1 | P56: 0 | Q56: 42579 | R56: S | S56: LEVAGE | T56: @HBjt | U56: ARTEON | AB56: 0 | AD56: 0 | AF56: 0 | AG56: 0 | AH56: 0 | AI56: 0 | AJ56: 0 | AK56: 0 | AM56: 0 | AN56: 1 | AO56: 1 | AP56: 0 | AQ56: 0 | AR56: 0 | AS56: 0 | AT56: 0 | AU56: 0 | AV56: 0 | BA56: 0 | BD56: 0 | BG56: 0 | BJ56: 0 | BM56: 0 | BP56: 0 | BQ56: ARTEON | BR56: 6001050090 | BX56: 0 | BY56: 19 | BZ56: 0 | CA56: 0
A57: 10001 | B57: LEVANCOP1T3-050 | C57: ANCRE A OEIL ET A PIED 1T3/ LG 050 MM SAC DE 250 | E57: U | F57: 0.39 | G57: 0 | H57: 0.39 | I57: 0.39 | J57: 1 | K57: 0.39 | L57: 1 | M57: 0.39 | N57: 1 | O57: 1 | P57: 0 | Q57: 42348 | S57: LEVAGE | T57: @HBjt | U57: ARTEON | AB57: 0 | AD57: 0 | AF57: 0 | AG57: 0 | AH57: 0 | AI57: 0 | AJ57: 0 | AK57: 0 | AM57: 0 | AN57: 1 | AO57: 1 | AP57: 0 | AQ57: 0 | AR57: 0 | AS57: 0 | AT57: 0 | AU57: 0 | AV57: 0 | BA57: 0 | BD57: 0 | BG57: 0 | BJ57: 0 | BM57: 0 | BP57: 0 | BQ57: ARTEON | BR57: 6002013050 | BX57: 0 | BY57: 15 | BZ57: 0 | CA57: 0
A58: 10001 | B58: LEVANCP1T3-35 | C58: ANCRE A PIED 1T3 / LG 035 MM SAC DE 300 | D58: VOIR DESC TECHNIQUE | E58: U | F58: 0.39 | G58: 0 | H58: 0.39 | I58: 0.39 | J58: 1 | K58: 0.39 | L58: 1 | M58: 0.39 | N58: 1 | O58: 1 | P58: 0 | Q58: 42579 | R58: S | S58: LEVAGE | T58: @HBjt | U58: ARTEON | AB58: 0 | AD58: 0 | AF58: 0 | AG58: 0 | AH58: 0 | AI58: 0 | AJ58: 0 | AK58: 0 | AM58: 0 | AN58: 1 | AO58: 1 | AP58: 0 | AQ58: 0 | AR58: 0 | AS58: 0 | AT58: 0 | AU58: 0 | AV58: 0 | BA58: 0 | BD58: 0 | BG58: 0 | BJ58: 0 | BM58: 0 | BP58: 0 | BQ58: ARTEON | BR58: 6000013035 | BX58: 0 | BY58: 19 | BZ58: 0 | CA58: 0
A59: 10001 | B59: LEVANCP1T3-65 | C59: ANCRE A PIED 1T3 / LG 065 MM SAC DE 300 | D59: VOIR DESC TECHNIQUE | E59: U | F59: 0.22 | G59: 0 | H59: 0.22 | I59: 0.22 | J59: 1 | K59: 0.22 | L59: 1 | M59: 0.22 | N59: 1 | O59: 1 | P59: 0 | Q59: 42915 | R59: S | S59: LEVAGE | T59: @HBjt | U59: ADITEC | AB59: 0 | AD59: 0 | AF59: 0 | AG59: 0 | AH59: 0 | AI59: 0 | AJ59: 0 | AK59: 0 | AM59: 0 | AN59: 1 | AO59: 1 | AP59: 0 | AQ59: 0 | AR59: 0 | AS59: 0 | AT59: 0 | AU59: 0 | AV59: 0 | BA59: 0 | BD59: 0 | BG59: 0 | BJ59: 0 | BM59: 0 | BP59: 0 | BQ59: ADITEC | BS59: ARTEON | BT59: 60013065 | BU59: ADITEC | BX59: 0 | BY59: 19 | BZ59: 0 | CA59: 0 | CB59: 0
A60: 10001 | B60: LEVANCP1T3-83 | C60: ANCRE A PIED 1T3 / LG 085 MM SAC DE 300 | D60: VOIR DESC TECHNIQUE | E60: U | F60: 0.25 | G60: 0 | H60: 0.25 | I60: 0.25 | J60: 1 | K60: 0.25 | L60: 1 | M60: 0.25 | N60: 1 | O60: 1 | P60: 0 | Q60: 42985 | R60: S | S60: LEVAGE | T60: @HBjt | U60: ADITEC | AB60: 0 | AD60: 0 | AF60: 0 | AG60: 0 | AH60: 0 | AI60: 0 | AJ60: 0 | AK60: 0 | AM60: 0 | AN60: 1 | AO60: 1 | AP60: 0 | AQ60: 0 | AR60: 0 | AS60: 0 | AT60: 0 | AU60: 0 | AV60: 0 | BA60: 0 | BD60: 0 | BG60: 0 | BJ60: 0 | BM60: 0 | BP60: 0 | BQ60: ARTEON | BR60: 6000013085 | BS60: PEIKKO | BT60: KK 1,3X85 | BU60: ADITEC | BV60: 9633 | BX60: 0 | BY60: 19 | BZ60: 0 | CA60: 0 | CB60: 0
A61: 10001 | B61: LEVANCP1T3-120 | C61: ANCRE A PIED 1T3 / LG 120 MM SAC DE 200 | D61: VOIR DESC TECHNIQUE | E61: U | F61: 0.32 | G61: 0 | H61: 0.32 | I61: 0.32 | J61: 1 | K61: 0.32 | L61: 1 | M61: 0.32 | N61: 1 | O61: 1 | P61: 0 | Q61: 43077 | R61: S | S61: LEVAGE | T61: @HBjt | U61: ADITEC | AB61: 0 | AD61: 0 | AF61: 0 | AG61: 0 | AH61: 0 | AI61: 0 | AJ61: 0 | AK61: 0 | AM61: 0 | AN61: 1 | AO61: 1 | AP61: 0 | AQ61: 0 | AR61: 0 | AS61: 0 | AT61: 0 | AU61: 0 | AV61: 0 | BA61: 0 | BD61: 0 | BG61: 0 | BJ61: 0 | BM61: 0 | BP61: 0 | BQ61: ARTEON | BR61: 60013120 | BS61: ADITEC | BT61: 8398 | BU61: BIANCHI | BV61: 81.1016 | BX61: 0 | BY61: 19 | BZ61: 0 | CA61: 0
A62: 10001 | B62: LEVANCP1T3-170 | C62: ANCRE A PIED 1T3 / LG 170 MM SAC DE 100 | D62: VOIR DESC TECHNIQUE | E62: U | F62: 0.37 | G62: 0 | H62: 0.37 | I62: 0.37 | J62: 1 | K62: 0.37 | L62: 0.865 | M62: 0.32 | N62: 1 | O62: 1 | P62: 0 | Q62: 42899 | R62: S | S62: LEVAGE | T62: @HBjt | U62: ARTEON | AB62: 0 | AD62: 0 | AF62: 0 | AG62: 0 | AH62: 0 | AI62: 1 | AJ62: 0 | AK62: 0 | AM62: 0 | AN62: 1 | AO62: 1 | AP62: 0 | AQ62: 0 | AR62: 0 | AS62: 0 | AT62: 0 | AU62: 0 | AV62: 0 | BA62: 0 | BD62: 0 | BG62: 0 | BJ62: 0 | BM62: 0 | BP62: 0 | BQ62: ARTEON | BR62: 6000013170 | BS62: ADITEC | BU62: BIANCHI | BV62: 81.1017 | BX62: 0 | BY62: 19 | BZ62: 0 | CA62: 0 | CB62: 0
A63: 10001 | B63: LEVANCP1T3-240 | C63: ANCRE A PIED 1T3 / LG 240 MM SAC DE 100 | D63: VOIR DESC TECHNIQUE | E63: U | F63: 0.65 | G63: 0 | H63: 0.65 | I63: 0.65 | J63: 1 | K63: 0.65 | L63: 1 | M63: 0.65 | N63: 1 | O63: 1 | P63: 0 | Q63: 42832 | R63: S | S63: LEVAGE | T63: @HBjt | U63: ARTEON | AB63: 0 | AD63: 0 | AF63: 0 | AG63: 0 | AH63: 0 | AI63: 0 | AJ63: 0 | AK63: 0 | AM63: 0 | AN63: 1 | AO63: 1 | AP63: 0 | AQ63: 0 | AR63: 0 | AS63: 0 | AT63: 0 | AU63: 0 | AV63: 0 | BA63: 0 | BD63: 0 | BG63: 0 | BJ63: 0 | BM63: 0 | BP63: 0 | BQ63: ARTEON | BR63: 60000130240 | BS63: ADITEC | BT63: 640 | BU63: BIANCHI | BV63: 81.1018 | BX63: 0 | BY63: 19 | BZ63: 0 | CA63: 0
A64: 10001 | B64: LEVANCP20T-200 | C64: ANCRE A PIED 20 T LG=200 / UNITEE | E64: U | F64: 6.91 | G64: 0 | H64: 6.91 | I64: 6.91 | J64: 1 | K64: 6.91 | L64: 1 | M64: 6.91 | N64: 1 | O64: 1 | P64: 0 | Q64: 42677 | S64: LEVAGE | T64: @HBjt | U64: ARTEON | AB64: 0 | AD64: 0 | AF64: 0 | AG64: 0 | AH64: 0 | AI64: 0 | AJ64: 0 | AK64: 0 | AM64: 0 | AN64: 1 | AO64: 1 | AP64: 0 | AQ64: 0 | AR64: 0 | AS64: 0 | AT64: 0 | AU64: 0 | AV64: 0 | BA64: 0 | BD64: 0 | BG64: 0 | BJ64: 0 | BM64: 0 | BP64: 0 | BQ64: ARTEON | BR64: 600200200 | BX64: 0 | BY64: 15 | BZ64: 0 | CA64: 0 | CB64: 0
A65: 10001 | B65: LEVANCP20T-340 | C65: ANCRE A PIED 20 T LG=340 / UNITEE | E65: U | F65: 7.06 | G65: 0 | H65: 7.06 | I65: 7.06 | J65: 1 | K65: 7.06 | L65: 1 | M65: 7.06 | N65: 1 | O65: 1 | P65: 0 | Q65: 42443 | S65: LEVAGE | T65: @HBjt | U65: ARTEON | AB65: 0 | AD65: 0 | AF65: 0 | AG65: 0 | AH65: 0 | AI65: 0 | AJ65: 0 | AK65: 0 | AM65: 0 | AN65: 1 | AO65: 1 | AP65: 0 | AQ65: 0 | AR65: 0 | AS65: 0 | AT65: 0 | AU65: 0 | AV65: 0 | BA65: 0 | BD65: 0 | BG65: 0 | BJ65: 0 | BM65: 0 | BP65: 0 | BQ65: ARTEON | BR65: 600200340 | BX65: 0 | BY65: 15 | BZ65: 0 | CA65: 0
A66: 10001 | B66: LEVANCP20T-500 | C66: ANCRE A PIED 20 T LG=500 / UNITEE | E66: U | F66: 9.1 | G66: 0 | H66: 9.1 | I66: 9.1 | J66: 1 | K66: 9.1 | L66: 1 | M66: 9.1 | N66: 1 | O66: 1 | P66: 0 | Q66: 42262 | S66: LEVAGE | T66: @HBjt | U66: ARTEON | AB66: 0 | AD66: 0 | AF66: 0 | AG66: 0 | AH66: 0 | AI66: 0 | AJ66: 0 | AK66: 0 | AM66: 0 | AN66: 1 | AO66: 1 | AP66: 0 | AQ66: 0 | AR66: 0 | AS66: 0 | AT66: 0 | AU66: 0 | AV66: 0 | BA66: 0 | BD66: 0 | BG66: 0 | BJ66: 0 | BM66: 0 | BP66: 0 | BQ66: ARTEON | BR66: 100689 | BX66: 0 | BY66: 15 | BZ66: 0 | CA66: 0
A67: 10001 | B67: LEVANCP2T5-55 | C67: ANCRE A PIED 2T5 / LG 055 MM SAC DE 200 | E67: U | F67: 0.49 | G67: 0 | H67: 0.49 | I67: 0.49 | J67: 1 | K67: 0.49 | L67: 1 | M67: 0.49 | N67: 1 | O67: 1 | P67: 0 | Q67: 42898 | R67: S | S67: LEVAGE | T67: @HBjt | U67: ARTEON | AB67: 0 | AD67: 0 | AF67: 0 | AG67: 0 | AH67: 0 | AI67: 0 | AJ67: 0 | AK67: 0 | AM67: 0 | AN67: 1 | AO67: 1 | AP67: 0 | AQ67: 0 | AR67: 0 | AS67: 0 | AT67: 0 | AU67: 0 | AV67: 0 | BA67: 0 | BD67: 0 | BG67: 0 | BJ67: 0 | BM67: 0 | BP67: 0 | BQ67: ARTEON | BR67: 6000025055 | BX67: 0 | BY67: 19 | BZ67: 0 | CA67: 0 | CB67: 0
A68: 10001 | B68: LEVANCP2T5-85 | C68: ANCRE A PIED 2T5 / LG 085 MM SAC DE 100 | D68: VOIR DESC TECHNIQUE | E68: U | F68: 0.54 | G68: 0 | H68: 0.54 | I68: 0.54 | J68: 1 | K68: 0.54 | L68: 1 | M68: 0.54 | N68: 1 | O68: 1 | P68: 0 | Q68: 42898 | R68: S | S68: LEVAGE | T68: @HBjt | U68: ARTEON | AB68: 0 | AD68: 0 | AF68: 0 | AG68: 0 | AH68: 0 | AI68: 0 | AJ68: 0 | AK68: 0 | AM68: 0 | AN68: 1 | AO68: 1 | AP68: 0 | AQ68: 0 | AR68: 0 | AS68: 0 | AT68: 0 | AU68: 0 | AV68: 0 | BA68: 0 | BD68: 0 | BG68: 0 | BJ68: 0 | BM68: 0 | BP68: 0 | BQ68: ADITEC | BR68: 9239 | BS68: ARTEON | BU68: BIANCHI | BV68: 81.1040 | BX68: 0 | BY68: 19 | BZ68: 0 | CA68: 0 | CB68: 0
A69: 10001 | B69: LEVANCP2T5-120 | C69: ANCRE A PIED 2T5/ LG 120 MM SAC DE 100 | D69: VOIR DESC.TECHNIQUE | E69: U | F69: 0.52 | G69: 0 | H69: 0.52 | I69: 0.52 | J69: 1 | K69: 0.52 | L69: 1 | M69: 0.52 | N69: 1 | O69: 1 | P69: 0 | Q69: 43077 | R69: S | S69: LEVAGE | T69: @HBjt | U69: ADITEC | AB69: 0 | AD69: 0 | AF69: 0 | AG69: 0 | AH69: 0 | AI69: 0 | AJ69: 0 | AK69: 0 | AM69: 0 | AN69: 1 | AO69: 1 | AP69: 0 | AQ69: 0 | AR69: 0 | AS69: 0 | AT69: 0 | AU69: 0 | AV69: 0 | BA69: 0 | BD69: 0 | BG69: 0 | BJ69: 0 | BM69: 0 | BP69: 0 | BQ69: ARTEON | BR69: 6000025120 | BS69: ADITEC | BT69: 8399 | BU69: BIANCHI | BV69: 81.1046 | BX69: 0 | BY69: 19 | BZ69: 0 | CA69: 0 | CB69: 0
A70: 10001 | B70: LEVANCP2T5-170 | C70: ANCRE A PIED 2T5/ LG 170MM SAC DE 100 | D70: 3 ancres par blocs soutement | E70: U | F70: 0.55 | G70: 0 | H70: 0.55 | I70: 0.55 | J70: 1 | K70: 0.55 | L70: 1 | M70: 0.55 | N70: 1 | O70: 1 | P70: 0 | Q70: 42933 | R70: S | S70: LEVAGE | T70: @HBjt | U70: ARTEON | AB70: 0 | AD70: 0 | AF70: 0 | AG70: 0 | AH70: 0 | AI70: 0 | AJ70: 0 | AK70: 0 | AM70: 0 | AN70: 1 | AO70: 1 | AP70: 0 | AQ70: 0 | AR70: 0 | AS70: 0 | AT70: 0 | AU70: 0 | AV70: 0 | BA70: 0 | BD70: 0 | BG70: 0 | BJ70: 0 | BM70: 0 | BP70: 0 | BQ70: ARTEON | BR70: 6000025170 | BS70: ADITEC | BT70: 8395 | BU70: BIANCHI | BV70: 81.1050 | BX70: 0 | BY70: 19 | BZ70: 0 | CA70: 0 | CB70: 0
A71: 10001 | B71: LEVANCP2T5-280 | C71: ANCRE A PIED 2T5/ LG 280 MM SAC DE 50 | E71: U | F71: 0.96 | G71: 0 | H71: 0.96 | I71: 0.96 | J71: 1 | K71: 0.96 | L71: 1 | M71: 0.96 | N71: 1 | O71: 1 | P71: 0 | Q71: 42893 | R71: S | S71: LEVAGE | T71: @HBjt | U71: ADITEC | AB71: 0 | AD71: 0 | AF71: 0 | AG71: 0 | AH71: 0 | AI71: 0 | AJ71: 0 | AK71: 0 | AM71: 0 | AN71: 1 | AO71: 1 | AP71: 0 | AQ71: 0 | AR71: 0 | AS71: 0 | AT71: 0 | AU71: 0 | AV71: 0 | BA71: 0 | BD71: 0 | BG71: 0 | BJ71: 0 | BM71: 0 | BP71: 0 | BQ71: ARTEON | BR71: 6000025280 | BS71: ADITEC | BT71: 8721 | BX71: 0 | BY71: 19 | BZ71: 0 | CA71: 0 | CB71: 0
A72: 10001 | B72: LEVANCP5T-85 | C72: ANCRE A PIED 5T/ LG 085 MM SAC DE 50 | D72: VOIE DESC.TECHNIQUE | E72: U | F72: 1.55 | G72: 0 | H72: 1.55 | I72: 1.55 | J72: 1 | K72: 1.55 | L72: 1 | M72: 1.55 | N72: 1 | O72: 1 | P72: 0 | Q72: 43014 | S72: LEVAGE | T72: @HBjt | U72: ADITEC | AB72: 0 | AD72: 0 | AF72: 0 | AG72: 0 | AH72: 0 | AI72: 0 | AJ72: 0 | AK72: 0 | AM72: 0 | AN72: 1 | AO72: 1 | AP72: 0 | AQ72: 0 | AR72: 0 | AS72: 0 | AT72: 0 | AU72: 0 | AV72: 0 | BA72: 0 | BD72: 0 | BG72: 0 | BJ72: 0 | BM72: 0 | BP72: 0 | BQ72: ARTEON | BR72: 600005095 | BS72: ADITEC | BT72: 4884 | BX72: 0 | BY72: 15 | BZ72: 0 | CA72: 0
A73: 10001 | B73: LEVANCP5T-95 | C73: ANCRE A PIED 5T/ LG 095 MM SAC DE 50 | D73: VOIE DESC.TECHNIQUE | E73: U | F73: 0.99 | G73: 0 | H73: 0.99 | I73: 0.99 | J73: 1 | K73: 0.99 | L73: 1 | M73: 0.99 | N73: 1 | O73: 1 | P73: 0 | Q73: 42579 | R73: S | S73: LEVAGE | T73: @HBjt | U73: ARTEON | AB73: 0 | AD73: 0 | AF73: 0 | AG73: 0 | AH73: 0 | AI73: 0 | AJ73: 0 | AK73: 0 | AM73: 0 | AN73: 1 | AO73: 1 | AP73: 0 | AQ73: 0 | AR73: 0 | AS73: 0 | AT73: 0 | AU73: 0 | AV73: 0 | BA73: 0 | BD73: 0 | BG73: 0 | BJ73: 0 | BM73: 0 | BP73: 0 | BQ73: ARTEON | BR73: 600005095 | BS73: ADITEC | BT73: 9332 | BU73: BIANCHI | BV73: 81.1098 | BX73: 0 | BY73: 19 | BZ73: 0 | CA73: 0
A74: 10001 | B74: LEVANCP5T-120 | C74: ANCRE A PIED 5T/ LG 120 MM SAC DE 50 | D74: VOIE DESC.TECHNIQUE | E74: U | F74: 0.94 | G74: 0 | H74: 0.94 | I74: 0.94 | J74: 1 | K74: 0.94 | L74: 1 | M74: 0.94 | N74: 1 | O74: 1 | P74: 4 | Q74: 43088 | R74: S | S74: LEVAGE | T74: @HBjt | U74: ADITEC | AB74: 0 | AD74: 0 | AF74: 0 | AG74: 0 | AH74: 0 | AI74: 0 | AJ74: 0 | AK74: 0 | AM74: 0 | AN74: 1 | AO74: 1 | AP74: 0 | AQ74: 0 | AR74: 0 | AS74: 0 | AT74: 0 | AU74: 0 | AV74: 0 | BA74: 0 | BD74: 0 | BG74: 0 | BJ74: 0 | BM74: 0 | BP74: 0 | BQ74: ARTEON | BR74: 6000050120 | BS74: ADITEC | BT74: 8370 | BU74: PEIKKO | BV74: KK 5X120 | BX74: 0 | BY74: 19 | BZ74: 0 | CA74: 0 | CB74: 0
A75: 10001 | B75: LEVANCP5T-180 | C75: ANCRE A PIED 5T/ LG 180 MM SAC DE 25 U | E75: U | F75: 1.19 | G75: 0 | H75: 1.19 | I75: 1.19 | J75: 1 | K75: 1.19 | L75: 1 | M75: 1.19 | N75: 1 | O75: 1 | P75: 0 | Q75: 42807 | R75: S | S75: LEVAGE | T75: @HBjt | AB75: 0 | AD75: 0 | AF75: 0 | AG75: 0 | AH75: 0 | AI75: 0 | AJ75: 0 | AK75: 0 | AM75: 0 | AN75: 1 | AO75: 1 | AP75: 0 | AQ75: 0 | AR75: 0 | AS75: 0 | AT75: 0 | AU75: 0 | AV75: 0 | BA75: 0 | BD75: 0 | BG75: 0 | BJ75: 0 | BM75: 0 | BP75: 0 | BQ75: ARTEON | BR75: 6000050180 | BS75: BIANCHI | BT75: 81.106 | BU75: ADITEC | BX75: 0 | BY75: 19 | BZ75: 0 | CA75: 0
A76: 10001 | B76: LEVANCP5T-240 | C76: ANCRE A PIED 5T/ LG 240 MM SAC DE 25 | E76: U | F76: 1.35 | G76: 0 | H76: 1.35 | I76: 1.35 | J76: 1 | K76: 1.35 | L76: 1 | M76: 1.35 | N76: 1 | O76: 1 | P76: 0 | Q76: 42668 | S76: LEVAGE | T76: @HBjt | U76: ARTEON | AB76: 0 | AD76: 0 | AF76: 0 | AG76: 0 | AH76: 0 | AI76: 0 | AJ76: 0 | AK76: 0 | AM76: 0 | AN76: 1 | AO76: 1 | AP76: 0 | AQ76: 0 | AR76: 0 | AS76: 0 | AT76: 0 | AU76: 0 | AV76: 0 | BA76: 0 | BD76: 0 | BG76: 0 | BJ76: 0 | BM76: 0 | BP76: 0 | BQ76: ARTEON | BR76: 6000050240 | BS76: ADITEC | BT76: 8397 | BX76: 0 | BY76: 15 | BZ76: 0 | CA76: 0
A77: 10001 | B77: LEVANCP5T-340 | C77: ANCRE A PIED 5T/ LG 340 MM SAC DE 25 | E77: U | F77: 1.75 | G77: 0 | H77: 1.75 | I77: 1.75 | J77: 1 | K77: 1.75 | L77: 1 | M77: 1.75 | N77: 1 | O77: 1 | P77: 4 | Q77: 42934 | R77: S | S77: LEVAGE | T77: @HBjt | U77: ARTEON | AB77: 0 | AD77: 0 | AF77: 0 | AG77: 0 | AH77: 0 | AI77: 0 | AJ77: 0 | AK77: 0 | AM77: 0 | AN77: 1 | AO77: 1 | AP77: 0 | AQ77: 0 | AR77: 0 | AS77: 0 | AT77: 0 | AU77: 0 | AV77: 0 | BA77: 0 | BD77: 0 | BG77: 0 | BJ77: 0 | BM77: 0 | BP77: 0 | BQ77: ARTEON | BR77: 6000050340 | BS77: ADITEC | BT77: 8375 | BU77: BIANCHI | BV77: 81.1112 | BX77: 0 | BY77: 19 | BZ77: 0 | CA77: 0 | CB77: 0
A78: 10001 | B78: LEVANCP7.5T-85 | C78: ANCRE A PIED 7.5T/ LG 100 MM SAC DE 25 | E78: U | F78: 1.45 | G78: 0 | H78: 1.45 | I78: 1.45 | J78: 1 | K78: 1.45 | L78: 1 | M78: 1.45 | N78: 1 | O78: 1 | P78: 0 | Q78: 42934 | S78: LEVAGE | T78: @HBjt | U78: ARTEON | AB78: 0 | AD78: 0 | AF78: 0 | AG78: 0 | AH78: 0 | AI78: 0 | AJ78: 0 | AK78: 0 | AM78: 0 | AN78: 1 | AO78: 1 | AP78: 0 | AQ78: 0 | AR78: 0 | AS78: 0 | AT78: 0 | AU78: 0 | AV78: 0 | BA78: 0 | BD78: 0 | BG78: 0 | BJ78: 0 | BM78: 0 | BP78: 0 | BQ78: ARTEON | BR78: 6000075085 | BS78: ADITEC | BT78: 8964 | BX78: 0 | BY78: 15 | BZ78: 0 | CA78: 0
A79: 10001 | B79: LEVANCPC1T3-227 | C79: ANCRE A PIED COUDEE 1T3 / LG 227 MM | E79: U | F79: 0 | G79: 0 | H79: 0 | I79: 0 | J79: 1 | K79: 0 | L79: 1 | M79: 0 | N79: 1 | O79: 1 | P79: 0 | Q79: 40954 | S79: LEVAGE | T79: @HBjt | U79: ADITEC | AB79: 0 | AD79: 0 | AF79: 0 | AG79: 0 | AH79: 0 | AI79: 0 | AJ79: 0 | AK79: 0 | AM79: 0 | AN79: 1 | AO79: 1 | AP79: 0 | AQ79: 0 | AR79: 0 | AS79: 0 | AT79: 0 | AU79: 0 | AV79: 0 | BA79: 0 | BD79: 0 | BG79: 0 | BJ79: 0 | BM79: 0 | BP79: 0 | BQ79: ADITEC | BR79: 9356 | BX79: 0 | BY79: 15 | BZ79: 0 | CA79: 0
A80: 10001 | B80: LEVANCP10T-120 | C80: ANCRE A PIED10T/ LG 120 MM SAC DE 25 | E80: U | F80: 1.97 | G80: 0 | H80: 1.97 | I80: 1.97 | J80: 1 | K80: 1.97 | L80: 1 | M80: 1.97 | N80: 1 | O80: 1 | P80: 0 | Q80: 42807 | R80: S | S80: LEVAGE | T80: @HBjt | U80: ADITEC | AB80: 0 | AD80: 0 | AF80: 0 | AG80: 0 | AH80: 0 | AI80: 0 | AJ80: 0 | AK80: 0 | AM80: 0 | AN80: 1 | AO80: 1 | AP80: 0 | AQ80: 0 | AR80: 0 | AS80: 0 | AT80: 0 | AU80: 0 | AV80: 0 | BA80: 0 | BD80: 0 | BG80: 0 | BJ80: 0 | BM80: 0 | BP80: 0 | BQ80: ARTEON | BR80: 60000100120 | BS80: ADITEC | BT80: 9111 | BU80: BIANCHI | BV80: 81.1660 | BX80: 0 | BY80: 19 | BZ80: 0 | CA80: 0 | CB80: 0
A81: 10001 | B81: LEVANCP10T-150 | C81: ANCRE A PIED10T/ LG 150 MM SAC DE 10 | E81: U | F81: 2.65 | G81: 0 | H81: 2.65 | I81: 2.65 | J81: 1 | K81: 2.65 | L81: 1 | M81: 2.65 | N81: 1 | O81: 1 | P81: 0 | Q81: 42494 | S81: LEVAGE | T81: @HBjt | U81: ARTEON | AB81: 0 | AD81: 0 | AF81: 0 | AG81: 0 | AH81: 0 | AI81: 0 | AJ81: 0 | AK81: 0 | AM81: 0 | AN81: 1 | AO81: 1 | AP81: 0 | AQ81: 0 | AR81: 0 | AS81: 0 | AT81: 0 | AU81: 0 | AV81: 0 | BA81: 0 | BD81: 0 | BG81: 0 | BJ81: 0 | BM81: 0 | BP81: 0 | BQ81: ARTEON | BR81: 60000100150 | BX81: 0 | BY81: 15 | BZ81: 0 | CA81: 0
A82: 10001 | B82: LEVANCP10T-170 | C82: ANCRE A PIED10T/ LG 170 MM SAC DE 10 | E82: U | F82: 2.4 | G82: 0 | H82: 2.4 | I82: 2.4 | J82: 1 | K82: 2.4 | L82: 1 | M82: 2.4 | N82: 1 | O82: 1 | P82: 0 | Q82: 42807 | R82: S | S82: LEVAGE | T82: @HBjt | U82: ARTEON | AB82: 0 | AD82: 0 | AF82: 0 | AG82: 0 | AH82: 0 | AI82: 0 | AJ82: 0 | AK82: 0 | AM82: 0 | AN82: 1 | AO82: 1 | AP82: 0 | AQ82: 0 | AR82: 0 | AS82: 0 | AT82: 0 | AU82: 0 | AV82: 0 | BA82: 0 | BD82: 0 | BG82: 0 | BJ82: 0 | BM82: 0 | BP82: 0 | BQ82: ARTEON | BR82: 60000100170 | BS82: ADITEC | BU82: BIANCHI | BV82: 81.1170 | BX82: 0 | BY82: 19 | BZ82: 0 | CA82: 0 | CB82: 0
A83: 10001 | B83: LEVANCP10T-200 | C83: ANCRE A PIED10T/ LG 200 MM SAC DE 10 | E83: U | F83: 3.91 | G83: 0 | H83: 3.91 | I83: 3.91 | J83: 1 | K83: 3.91 | L83: 1 | M83: 3.91 | N83: 1 | O83: 1 | P83: 0 | Q83: 42579 | S83: LEVAGE | T83: @HBjt | U83: ARTEON | AB83: 0 | AD83: 0 | AF83: 0 | AG83: 0 | AH83: 0 | AI83: 0 | AJ83: 0 | AK83: 0 | AM83: 0 | AN83: 1 | AO83: 1 | AP83: 0 | AQ83: 0 | AR83: 0 | AS83: 0 | AT83: 0 | AU83: 0 | AV83: 0 | BA83: 0 | BD83: 0 | BG83: 0 | BJ83: 0 | BM83: 0 | BP83: 0 | BQ83: ARTEON | BR83: 60000100200Z | BX83: 0 | BY83: 15 | BZ83: 0 | CA83: 0 | CB83: 0
A84: 10001 | B84: LEVANCP10T-340 | C84: ANCRE A PIED10T/ LG 340 MM SAC DE 10 | D84: VOIR DESC.TECHNIQUE | E84: U | F84: 3.55 | G84: 0 | H84: 3.55 | I84: 3.55 | J84: 1 | K84: 3.55 | L84: 1 | M84: 3.55 | N84: 1 | O84: 1 | P84: 0 | Q84: 42788 | R84: S | S84: LEVAGE | T84: @HBjt | U84: ARTEON | AB84: 0 | AD84: 0 | AF84: 0 | AG84: 0 | AH84: 0 | AI84: 0 | AJ84: 0 | AK84: 0 | AM84: 0 | AN84: 1 | AO84: 1 | AP84: 0 | AQ84: 0 | AR84: 0 | AS84: 0 | AT84: 0 | AU84: 0 | AV84: 0 | BA84: 0 | BD84: 0 | BG84: 0 | BJ84: 0 | BM84: 0 | BP84: 0 | BQ84: ARTEON | BR84: 60000100340 | BS84: PEIKKO | BT84: KK 10X340 | BU84: ADITEC | BX84: 0 | BY84: 19 | BZ84: 0 | CA84: 0
A85: 10001 | B85: LEVANCP15T-165 | C85: ANCRE A PIED15T/ LG 165 MM / UNITEE | E85: U | F85: 4.39 | G85: 0 | H85: 4.39 | I85: 4.39 | J85: 1 | K85: 4.39 | L85: 1 | M85: 4.39 | N85: 1 | O85: 1 | P85: 0 | Q85: 42537 | S85: LEVAGE | T85: @HBjt | U85: ARTEON | AB85: 0 | AD85: 0 | AF85: 0 | AG85: 0 | AH85: 0 | AI85: 0 | AJ85: 0 | AK85: 0 | AM85: 0 | AN85: 1 | AO85: 1 | AP85: 0 | AQ85: 0 | AR85: 0 | AS85: 0 | AT85: 0 | AU85: 0 | AV85: 0 | BA85: 0 | BD85: 0 | BG85: 0 | BJ85: 0 | BM85: 0 | BP85: 0 | BQ85: ARTEON | BR85: 60000150165 | BX85: 0 | BY85: 15 | BZ85: 0 | CA85: 0
A86: 10001 | B86: LEVANCP15T-210 | C86: ANCRE A PIED15T/ LG 200 MM / UNITEE | E86: U | F86: 4.09 | G86: 0 | H86: 4.09 | I86: 4.09 | J86: 1 | K86: 4.09 | L86: 1 | M86: 4.09 | N86: 1 | O86: 1 | P86: 0 | Q86: 42751 | S86: LEVAGE | T86: @HBjt | U86: ARTEON | AB86: 0 | AD86: 0 | AF86: 0 | AG86: 0 | AH86: 0 | AI86: 0 | AJ86: 0 | AK86: 0 | AM86: 0 | AN86: 1 | AO86: 1 | AP86: 0 | AQ86: 0 | AR86: 0 | AS86: 0 | AT86: 0 | AU86: 0 | AV86: 0 | BA86: 0 | BD86: 0 | BG86: 0 | BJ86: 0 | BM86: 0 | BP86: 0 | BQ86: ARTEON | BR86: 60000150210 | BX86: 0 | BY86: 15 | BZ86: 0 | CA86: 0
A87: 10001 | B87: LEVANCP15T-300 | C87: ANCRE A PIED15T/ LG 300 MM / UNITEE | D87: VOIR DESC.TECHNIQUE | E87: U | F87: 5.85 | G87: 0 | H87: 5.85 | I87: 5.85 | J87: 1 | K87: 5.85 | L87: 1 | M87: 5.85 | N87: 1 | O87: 1 | P87: 0 | Q87: 43077 | S87: LEVAGE | T87: @HBjt | U87: ARTEON | AB87: 0 | AD87: 0 | AF87: 0 | AG87: 0 | AH87: 0 | AI87: 0 | AJ87: 0 | AK87: 0 | AM87: 0 | AN87: 1 | AO87: 1 | AP87: 0 | AQ87: 0 | AR87: 0 | AS87: 0 | AT87: 0 | AU87: 0 | AV87: 0 | BA87: 0 | BD87: 0 | BG87: 0 | BJ87: 0 | BM87: 0 | BP87: 0 | BQ87: ARTEON | BR87: 60000150300 | BS87: ADITEC | BT87: 12108 | BX87: 0 | BY87: 15 | BZ87: 0 | CA87: 0 | CB87: 0
A88: 10001 | B88: LEVANCP15T-400 | C88: ANCRE A PIED15T/ LG 400 MM / UNITEE | E88: U | F88: 5.99 | G88: 0 | H88: 5.99 | I88: 5.99 | J88: 1 | K88: 5.99 | L88: 1 | M88: 5.99 | N88: 1 | O88: 1 | P88: 0 | Q88: 42094 | S88: LEVAGE | T88: @HBjt | U88: ARTEON | AB88: 0 | AD88: 0 | AF88: 0 | AG88: 0 | AH88: 0 | AI88: 0 | AJ88: 0 | AK88: 0 | AM88: 0 | AN88: 1 | AO88: 1 | AP88: 0 | AQ88: 0 | AR88: 0 | AS88: 0 | AT88: 0 | AU88: 0 | AV88: 0 | BA88: 0 | BD88: 0 | BG88: 0 | BJ88: 0 | BM88: 0 | BP88: 0 | BQ88: ARTEON | BR88: 60000150400 | BX88: 0 | BY88: 15 | BZ88: 0 | CA88: 0
A89: 10001 | B89: LEVANCPL10-115 | C89: ANCRE A SEMELLE 10T / LG 115 MM | E89: U | F89: 10.91 | G89: 0 | H89: 10.91 | I89: 10.91 | J89: 1 | K89: 10.91 | L89: 1.15 | M89: 12.55 | N89: 1 | O89: 1 | P89: 0 | Q89: 42514 | S89: LEVAGE | T89: @HBjt | U89: ADITEC | AB89: 0 | AD89: 0 | AF89: 0 | AG89: 0 | AH89: 0 | AI89: 0 | AJ89: 0 | AK89: 0 | AM89: 0 | AN89: 1 | AO89: 1 | AP89: 0 | AQ89: 0 | AR89: 0 | AS89: 0 | AT89: 0 | AU89: 0 | AV89: 0 | BA89: 0 | BD89: 0 | BG89: 0 | BJ89: 0 | BM89: 0 | BP89: 0 | BQ89: ADITEC | BR89: 8002 | BX89: 0 | BY89: 15 | BZ89: 0 | CA89: 0
A90: 10001 | B90: LEVANCPL5-65 | C90: ANCRE A SEMELLE 5T / LG 65 MM | E90: U | F90: 7.08 | G90: 0 | H90: 7.08 | I90: 7.08 | J90: 1 | K90: 7.08 | L90: 1.15 | M90: 8.14 | N90: 1 | O90: 1 | P90: 0 | Q90: 43014 | S90: LEVAGE | T90: @HBjt | U90: ADITEC | AB90: 0 | AD90: 0 | AF90: 0 | AG90: 0 | AH90: 0 | AI90: 0 | AJ90: 0 | AK90: 0 | AM90: 0 | AN90: 1 | AO90: 1 | AP90: 0 | AQ90: 0 | AR90: 0 | AS90: 0 | AT90: 0 | AU90: 0 | AV90: 0 | BA90: 0 | BD90: 0 | BG90: 0 | BJ90: 0 | BM90: 0 | BP90: 0 | BQ90: ADITEC | BX90: 0 | BY90: 15 | BZ90: 0 | CA90: 0 | CB90: 0
A91: 10001 | B91: LEVANCFRI01T4-200 | C91: ANCRE FRIMEDA 0675FF 01.4 T LG=200 | D91: ne plus recommande passer en 2.5 tonnes vu cedric | E91: U | F91: 1.97 | G91: 0 | H91: 1.97 | I91: 1.97 | J91: 1 | K91: 1.97 | L91: 1 | M91: 1.97 | N91: 1 | O91: 1 | P91: 0 | Q91: 42579 | R91: S | S91: LEVAGE | T91: @HBjt | U91: ADITEC | AB91: 0 | AD91: 0 | AF91: 0 | AG91: 0 | AH91: 0 | AI91: 0 | AJ91: 0 | AK91: 0 | AM91: 0 | AN91: 1 | AO91: 1 | AP91: 0 | AQ91: 0 | AR91: 1 | AS91: 0 | AT91: 0 | AU91: 0 | AV91: 0 | BA91: 0 | BD91: 0 | BG91: 0 | BJ91: 0 | BM91: 0 | BP91: 0 | BQ91: ADITEC | BR91: 8041 | BS91: HALFEN | BT91: 0070.030.00001 | BX91: 0 | BY91: 19 | BZ91: 0 | CA91: 0
A92: 10001 | B92: LEVANCFRI02T5-230 | C92: ANCRE FRIMEDA 0675FF 02.5 T LG=230 | E92: U | F92: 2.41 | G92: 0 | H92: 2.41 | I92: 2.41 | J92: 1 | K92: 2.41 | L92: 1 | M92: 2.41 | N92: 1 | O92: 1 | P92: 0 | Q92: 42849 | R92: S | S92: LEVAGE | T92: @HBjt | U92: ADITEC | AB92: 0 | AD92: 0 | AF92: 0 | AG92: 0 | AH92: 0 | AI92: 0 | AJ92: 0 | AK92: 0 | AM92: 0 | AN92: 1 | AO92: 1 | AP92: 0 | AQ92: 0 | AR92: 0 | AS92: 0 | AT92: 0 | AU92: 0 | AV92: 0 | BA92: 0 | BD92: 0 | BG92: 0 | BJ92: 0 | BM92: 0 | BP92: 0 | BQ92: ADITEC | BR92: 12091 | BS92: HALFEN | BT92: 0070.030.00002 | BU92: BIANCHI | BX92: 0 | BY92: 19 | BZ92: 0 | CA92: 0 | CB92: 0
A93: 10001 | B93: LEVANCFRI05T-290 | C93: ANCRE FRIMEDA 0675FF 05 T LG=290 | E93: U | F93: 6.12 | G93: 0 | H93: 6.12 | I93: 6.12 | J93: 1 | K93: 6.12 | L93: 1 | M93: 6.12 | N93: 1 | O93: 1 | P93: 0 | Q93: 42976 | R93: S | S93: LEVAGE | T93: @HBjt | U93: ADITEC | AB93: 0 | AD93: 0 | AF93: 0 | AG93: 0 | AH93: 0 | AI93: 0 | AJ93: 0 | AK93: 0 | AM93: 0 | AN93: 1 | AO93: 1 | AP93: 0 | AQ93: 0 | AR93: 0 | AS93: 0 | AT93: 0 | AU93: 0 | AV93: 0 | BA93: 0 | BD93: 0 | BG93: 0 | BJ93: 0 | BM93: 0 | BP93: 0 | BQ93: ADITEC | BR93: 12209 | BS93: HALFEN | BT93: 0070.030.00004 | BU93: BIANCHI | BX93: 0 | BY93: 19 | BZ93: 0 | CA93: 0 | CB93: 0
A94: 10001 | B94: LEVANCFRI07T5-230 | C94: ANCRE FRIMEDA 0675FF 07.5 T LG=320 | E94: U | F94: 9.32 | G94: 0 | H94: 9.32 | I94: 9.32 | J94: 1 | K94: 9.32 | L94: 1 | M94: 9.32 | N94: 1 | O94: 1 | P94: 0 | Q94: 42895 | R94: S | S94: LEVAGE | T94: @HBjt | U94: ADITEC | AB94: 0 | AD94: 0 | AF94: 0 | AG94: 0 | AH94: 0 | AI94: 0 | AJ94: 0 | AK94: 0 | AM94: 0 | AN94: 1 | AO94: 1 | AP94: 0 | AQ94: 0 | AR94: 0 | AS94: 0 | AT94: 0 | AU94: 0 | AV94: 0 | BA94: 0 | BD94: 0 | BG94: 0 | BJ94: 0 | BM94: 0 | BP94: 0 | BQ94: ADITEC | BR94: 8022 | BS94: BIANCHI | BX94: 0 | BY94: 19 | BZ94: 0 | CA94: 0
A95: 10001 | B95: LEVANCFRI10T-390 | C95: ANCRE FRIMEDA 0675FF 10 T LG=390 | E95: U | F95: 13.44 | G95: 0 | H95: 13.44 | I95: 13.44 | J95: 1 | K95: 13.44 | L95: 1 | M95: 13.44 | N95: 1 | O95: 1 | P95: 0 | Q95: 42794 | R95: S | S95: LEVAGE | T95: @HBjt | U95: ADITEC | AB95: 0 | AD95: 0 | AF95: 0 | AG95: 0 | AH95: 0 | AI95: 0 | AJ95: 0 | AK95: 0 | AM95: 0 | AN95: 1 | AO95: 1 | AP95: 0 | AQ95: 0 | AR95: 0 | AS95: 0 | AT95: 0 | AU95: 0 | AV95: 0 | BA95: 0 | BD95: 0 | BG95: 0 | BJ95: 0 | BM95: 0 | BP95: 0 | BQ95: ADITEC | BR95: 7550 | BS95: HALFEN | BT95: 0070.030.00006 | BU95: BIANCHI | BX95: 0 | BY95: 19 | BZ95: 0 | CA95: 0
A96: 10001 | B96: LEVANNEHDM245T | C96: ANNEAU LEVAGE HD RD 24 | E96: U | F96: 0 | G96: 0 | H96: 0 | I96: 0 | J96: 1 | K96: 0 | L96: 1.593 | M96: 75.09 | N96: 1 | O96: 1 | P96: 0 | Q96: 43066 | S96: ACCESSOIRE LEVAGE | T96: @HBVv | AB96: 0 | AD96: 0 | AF96: 0 | AG96: 0 | AH96: 0 | AI96: 1 | AJ96: 0 | AK96: 0 | AM96: 0 | AN96: 1 | AO96: 1 | AP96: 0 | AQ96: 0 | AR96: 0 | AS96: 0 | AT96: 0 | AU96: 0 | AV96: 0 | BA96: 0 | BD96: 0 | BG96: 0 | BJ96: 0 | BM96: 0 | BP96: 0 | BQ96: ADITEC | BR96: 6004 | BX96: 0 | BY96: 15 | BZ96: 0 | CA96: 0 | CB96: 0
A97: 10001 | B97: LEVANNEHDM307.5T | C97: ANNEAU LEVAGE HD RD 30 | E97: U | F97: 0 | G97: 0 | H97: 0 | I97: 0 | J97: 1 | K97: 0 | L97: 1.593 | M97: 0 | N97: 1 | O97: 1 | P97: 0 | Q97: 43089 | S97: ACCESSOIRE LEVAGE | T97: @HBVv | AB97: 0 | AD97: 0 | AF97: 0 | AG97: 0 | AH97: 0 | AI97: 1 | AJ97: 0 | AK97: 0 | AM97: 0 | AN97: 1 | AO97: 1 | AP97: 0 | AQ97: 0 | AR97: 0 | AS97: 0 | AT97: 0 | AU97: 0 | AV97: 0 | BA97: 0 | BD97: 0 | BG97: 0 | BJ97: 0 | BM97: 0 | BP97: 0 | BQ97: ADITEC | BR97: 10939 | BX97: 0 | BY97: 15 | BZ97: 0 | CA97: 0 | CB97: 0
A98: 10001 | B98: LEVANNEORIAN1.2T | C98: ANNEAU LEVAGE ORIENTABLE 1.2 TONNE RD 16 | E98: U | F98: 47.14 | G98: 0 | H98: 47.14 | I98: 47.14 | J98: 1 | K98: 47.14 | L98: 1.593 | M98: 75.09 | N98: 1 | O98: 1 | P98: 0 | Q98: 42892 | S98: ACCESSOIRE LEVAGE | T98: @HBVv | U98: BIANCHI | AB98: 0 | AD98: 0 | AF98: 0 | AG98: 0 | AH98: 0 | AI98: 1 | AJ98: 0 | AK98: 0 | AM98: 0 | AN98: 1 | AO98: 1 | AP98: 0 | AQ98: 0 | AR98: 0 | AS98: 0 | AT98: 0 | AU98: 0 | AV98: 0 | BA98: 0 | BD98: 0 | BG98: 0 | BJ98: 0 | BM98: 0 | BP98: 0 | BQ98: BIANCHI | BX98: 0 | BY98: 15 | BZ98: 0 | CA98: 0
A99: 10001 | B99: LEVANNEORIAN7.5T | C99: ANNEAU LEVAGE ORIENTABLE 7.5 TONNE RD 30 | E99: U | F99: 136.04 | G99: 0 | H99: 136.04 | I99: 136.04 | J99: 1 | K99: 136.04 | L99: 0.552 | M99: 75.05 | N99: 1 | O99: 1 | P99: 0 | Q99: 42892 | S99: ACCESSOIRE LEVAGE | T99: @HBVv | U99: ADITEC | AB99: 0 | AD99: 0 | AF99: 0 | AG99: 0 | AH99: 0 | AI99: 1 | AJ99: 0 | AK99: 0 | AM99: 0 | AN99: 1 | AO99: 1 | AP99: 0 | AQ99: 0 | AR99: 0 | AS99: 0 | AT99: 0 | AU99: 0 | AV99: 0 | BA99: 0 | BD99: 0 | BG99: 0 | BJ99: 0 | BM99: 0 | BP99: 0 | BQ99: ADITEC | BR99: 6004 | BX99: 0 | BY99: 15 | BZ99: 0 | CA99: 0
A100: 10001 | B100: LEVANNEORIAN8T | C100: ANNEAU LEVAGE ORIENTABLE 8 TONNE RD 42 | E100: U | F100: 172.4 | G100: 0 | H100: 172.4 | I100: 172.4 | J100: 1 | K100: 172.4 | L100: 0.435 | M100: 74.98 | N100: 1 | O100: 1 | P100: 0 | Q100: 42892 | S100: ACCESSOIRE LEVAGE | T100: @HBVv | U100: BIANCHI | AB100: 0 | AD100: 0 | AF100: 0 | AG100: 0 | AH100: 0 | AI100: 1 | AJ100: 0 | AK100: 0 | AM100: 0 | AN100: 1 | AO100: 1 | AP100: 0 | AQ100: 0 | AR100: 0 | AS100: 0 | AT100: 0 | AU100: 0 | AV100: 0 | BA100: 0 | BD100: 0 | BG100: 0 | BJ100: 0 | BM100: 0 | BP100: 0 | BQ100: ARTEON | BR100: 100484 | BS100: BIANCHI | BX100: 0 | BY100: 15 | BZ100: 0 | CA100: 0
...
